 Dungeon Crawl Stone Soup version 0.31-a0-229-g1fc7ce93e2 (webtiles) character file.

Game seed: 10731788448367917907

1213884 qw the Conqueror (level 27, -11/199 HPs)
             Began as a Gargoyle Fighter on July 5, 2023.
             Was a High Priest of the Shining One.
             Killed from afar by the Serpent of Hell (26 damage)
             ... with a crystal spear
             ... on level 7 of the Iron City of Dis on July 6, 2023.
             The game lasted 01:25:50 (101250 turns).

qw the Conqueror (Gargoyle Fighter)               Turns: 101250, Time: 01:25:50

Health: -11/199    AC: 72    Str: 44      XL:     27
Magic:  18/19      EV: 20    Int: 11 (12) God:    the Shining One [*****.]
Gold:   10801      SH: 30    Dex:  9      Spells: 26/26 levels left

rFire   + . .        m - +9 broad axe (holy)
rCold   . . .        R - +7 tower shield of Valour {rC+ Regen+ rCorr Str-2}
rNeg    + + +        L - +15 crystal plate armour of Xoczub {Stlth+}
rPois   inf          a - +2 helmet
rElec   +            u - +2 cloak of Orthodoxy {rF+++}
rCorr   +            N - +2 pair of gloves {Str+3}
SInv    .            z - +0 pair of boots of Midwinter {Will+++ MP-9 Str+2}
Will    +++++        c - amulet "Wuchij" {Faith Rampage Str+2} Stlth
                     t - ring "Bemnin" {EV+5 Str+5}
HPRegen 0.00/turn    o - ring "Maumod" {rPois AC+4 Str+3 Int+2}
MPRegen 0.16/turn

%: random rage (3%), rampage, faith
@: flying, inhibited regen, glowing, unable to read, corroded, unable to drink
A: sickness immunity, AC +20, big wings, negative energy resistance 1,
electricity resistance, torment resistance 1, petrification resistance,
iridescent scales 1, berserk 1, deformed body, deterioration 1, dopey 1, low MP
3, sense surroundings 1, screaming 1, inhibited regeneration, no potion heal 2,
cold vulnerability 1, heat vulnerability 2, subdued magic 1, inability to drink
after injury 1, inability to read after injury 2, noise suppression
}: 13/15 runes: decaying, serpentine, slimy, silver, golden, icy, bone, abyssal,
demonic, glowing, magical, fiery, dark
a: Renounce Religion, Divine Shield, Cleansing Flame, Summon Divine Warrior


You were on level 7 of the Iron City of Dis.
You worshipped the Shining One.
The Shining One was extremely pleased with you.
You visited 16 branches of the dungeon, and saw 77 of its levels.
You visited Pandemonium 3 times, and saw 17 of its levels.
You visited the Abyss 4 times.

You collected 14868 gold pieces.
You spent 4067 gold pieces at shops.


Innate Abilities, Weirdness & Mutations

You are immune to sickness and miasma.
Your stone body is resilient. (AC +20)
You are immune to poison.
Your large and strong wings let you fly.
You resist negative energy. (rN+)
You are resistant to electric shocks. (rElec)
You are resistant to unholy torment.
You are immune to petrification.
You are partially covered in iridescent scales. (AC +2)
You sometimes lose your temper in combat.
Armour fits poorly on your strangely shaped body.
Your body sometimes deteriorates upon taking damage.
You are dopey. (Int -2)
Your magical capacity is extremely low. (-30% MP)
You passively map a small area around you.
You occasionally shout uncontrollably at your foes.
You do not regenerate when monsters are visible.
Potions cannot restore your health.
You are vulnerable to cold. (rC-)
You are very vulnerable to heat. (rF--)
Your spells are a little easier to cast, but a little less powerful.
You occasionally lose the ability to drink potions when taking damage.
You sometimes lose the ability to read scrolls when taking damage.
You passively dampen the noise of your surroundings.


   Skills:
 O Level 27 Fighting
 - Level 10.7 Short Blades
 O Level 27 Axes
 - Level 18.6 Throwing
 O Level 27 Armour
 + Level 20.3 Dodging
 O Level 27 Shields
 O Level 27 Invocations


You had 26 spell levels left.
You didn't know any spells.
Your spell library was empty.

Inventory:

Hand Weapons
 f - a +3 vampiric war axe
 m - a +9 broad axe of holy wrath (weapon)
 w - the +8 war axe "Xoubir" {speed, rC+}
   (You took it off a balrug in Pandemonium)

   rC:        It protects you from cold.
 K - the +1 war axe of Oxurigor {vamp, Will+}
   (You found it on level 3 of the Snake Pit)

   Will:      It increases your willpower.
   The Shining One disapproves of the use of such an item.
Armour
 a - a +2 helmet (worn)
 j - a +2 pair of boots
 r - the +1 pair of boots of Vodo {Str+4 Int+4}
   (You found it on level 7 of Tartarus)

   Str:       It affects your strength (+4).
   Int:       It affects your intelligence (+4).
 u - the +2 cloak of Orthodoxy (worn) {rF+++}
   (Okawaru gifted it to you on level 1 of the Depths)

   rF:        It renders you almost immune to fire.
 z - the +0 pair of boots of Midwinter (worn) {Will+++ MP-9 Str+2}
   (Okawaru gifted it to you on level 13 of the Dungeon)

   Str:       It affects your strength (+2).
   MP:        It affects your magic capacity (-9).
   Will:      It greatly increases your willpower.
 L - the +15 crystal plate armour of Xoczub (worn) {Stlth+}
   (Okawaru gifted it to you on level 1 of the Vaults)

   Stlth:     It makes you more stealthy.
 N - a +2 pair of gloves of strength (worn)
 R - the +7 tower shield of Valour (worn) {rC+ Regen+ rCorr Str-2}
   (Okawaru gifted it to you on level 1 of the Realm of Zot)

   Str:       It affects your strength (-2).
   rC:        It protects you from cold.
   Regen:     It increases your rate of health regeneration.
   rCorr:     It protects you from acid and corrosion.
Jewellery
 c - the amulet "Wuchij" (around neck) {Faith Rampage Str+2}
   (You found it on level 5 of the Pits of Slime)

   [amulet of faith]

   It allows you to gain divine favour quickly.
   Str:       It affects your strength (+2).
   Rampage:   It bestows one free step when moving towards enemies.
 h - the amulet "Xocriwodov" {RegenMP rC- Will+++ Dex+5}
   (You found it on level 5 of the Pits of Slime)

   [amulet of magic regeneration]

   It increases your rate of magic regeneration.
   Dex:       It affects your dexterity (+5).
   rC:        It makes you vulnerable to cold.
   Will:      It greatly increases your willpower.
 l - an amulet of reflection
 o - the ring "Maumod" (right hand) {rPois AC+4 Str+3 Int+2}
   (You found it on level 1 of the Abyss)

   [ring of protection]

   AC:        It affects your AC (+4).
   Str:       It affects your strength (+3).
   Int:       It affects your intelligence (+2).
   rPois:     It protects you from poison.
 t - the ring "Bemnin" (left hand) {EV+5 Str+5}
   (You took it off an efreet in Pandemonium)

   [ring of evasion]

   EV:        It affects your evasion (+5).
   Str:       It affects your strength (+5).
 Y - the ring of Wieteif {rF+ rC+ rN+ Str+3}
   (You found it on level 3 of the Crypt)

   [ring of positive energy]

   Str:       It affects your strength (+3).
   rF:        It protects you from fire.
   rC:        It protects you from cold.
   rN:        It protects you from negative energy.
Wands
 H - a wand of digging (19)
Scrolls
 b - 28 scrolls of teleportation
 e - 16 scrolls of identify
 i - 7 scrolls of enchant weapon
 k - 6 scrolls of enchant armour
Potions
 d - 6 potions of might
 g - 29 potions of curing
 p - 14 potions of enlightenment
 q - 6 potions of resistance
 s - 2 potions of heal wounds
 v - 3 potions of cancellation

Dungeon Overview and Level Annotations

Branches:
Dungeon (15/15)            Temple (1/1) D:4            Lair (5/5) D:10
  Swamp (4/4) Lair:3        Snake (4/4) Lair:2        Slime (5/5) Lair:4
    Orc (2/2) D:9             Elf (0/3) Orc:2        Vaults (5/5) D:13
  Crypt (3/3) Vaults:3       Tomb (3/3) Crypt:3      Depths (4/4) D:15
   Hell (visited)             Dis (7/7) Hell            Geh (0/7) Hell
    Coc (7/7) Hell            Tar (7/7) Hell            Zot (4/5) Depths:4

Altars:
Ashenzari
Cheibriados
Dithmenos
Elyvilon
Fedhas
Gozag
Hepliaklqana
Kikubaaqudgha
Makhleb
Nemelex Xobeh
Okawaru
Qazlal
Ru
Sif Muna
Trog
Uskayaw
Vehumet
Wu Jian
Xom
Yredelemnul
Zin
The Shining One
Lugonu

Shops:
D:1 ?   D:4 =   D:11 =   D:12 (=:*?   D:15 *   Orc:2 *?(*   Snake:3 *
Vaults:2 *   Vaults:3 (:*::   Vaults:4 [   Depths:3 *

Portals:
Hell: Depths:1 Depths:2 Depths:3 Depths:4
Abyss: Lair:5 Depths:2 Depths:3
Pandemonium: Depths:2
Ziggurat: Depths:2
Trove: Vaults:4 (lose all piety)

Annotations:
D:3 exclusions: dart slug, 4 frilled lizards and hobgoblin
D:6 2 runed translucent doors, qw's ghost, amateur DEHu
D:14 1 runed translucent door
Lair:1 3 runed translucent doors, qw's ghost, journeyman GrFi
Depths:4 exclusion: moth of wrath
Dis:7 Serpent of Hell


Message History

You block the Serpent of Hell's attack.
You hit the Serpent of Hell.
The Serpent of Hell convulses.
The Serpent of Hell is almost dead.
Your angel hits the Serpent of Hell but does no damage. x2
The Serpent of Hell roars!
A dragon appears.
You slash the Serpent of Hell!
The Serpent of Hell convulses!
The Serpent of Hell is almost dead.
You slice the quicksilver dragon!!
Your angel hits the Serpent of Hell with a +2 whip of holy wrath.
The Serpent of Hell convulses!
Your angel hits the Serpent of Hell but does no damage.
You block the Serpent of Hell's attack. x2
The Serpent of Hell closely misses you.
The Serpent of Hell claws you but does no damage.
You block the Serpent of Hell's attack.
The Serpent of Hell completely misses you.
The quicksilver dragon breathes dispelling energy at you.
The bolt of dispelling energy hits you but does no damage.
You hit the Serpent of Hell but do no damage.
The Serpent of Hell is almost dead.
You slice the quicksilver dragon!!
Your angel hits the Serpent of Hell but does no damage.
Your angel completely misses the Serpent of Hell.
The Serpent of Hell roars!
A dragon appears.
You block the quicksilver dragon's attack. x2
You barely miss the Serpent of Hell.
The Serpent of Hell is almost dead.
You closely miss the quicksilver dragon.
Your angel barely misses the Serpent of Hell.
Your angel hits the Serpent of Hell but does no damage.
The Serpent of Hell breathes metal splinters at you.
The spray of metal splinters misses you.
The Serpent of Hell breathes dispelling energy at you.
The bolt of dispelling energy hits you but does no damage.
The Serpent of Hell spits crystal at you.
The crystal spear hits you!!
You feel threatened and lose the ability to drink potions!
You die...

................# * ,
................# ,
,...#####........# * ,
#...#........### ###
#..%)........... 8 ....##
#...#........... ,
......###...#...........
.......))...#...........
#.....A@##+##...........
,###....DD..###....).....
##...D....###.....#### ,
* #.........##.....#, , ,
##......8..##....# , , *
#.........##....# ,
,#.........##....#### ,
#.8....8..##........ , ,
#.........


You could see the Serpent of Hell (catching breath, ally target), an ice dragon
(summoned), a quicksilver dragon (summoned, catching breath) and a friendly
angel (summoned).

Vanquished Creatures
  Antaeus (Coc:7)
  Gloorx Vloq (Pan)
  the Royal Jelly (Slime:5)
  Ereshkigal (Tar:7)
  Lom Lobon (Pan)
  Mnoleg (Pan)
  3 ancient liches
  An orb of fire (Zot:3)
  5 dread liches
  Khufu (Crypt:2)
  Mennas (Vaults:5)
  2 juggernauts
  26 royal mummies
  the Lernaean hydra (Swamp:4)
  Bai Suzhen (Vaults:5)
  Margery (Vaults:2)
  2 Killer Klowns (Zot:4)
  14 shard shrikes
  14 golden dragons
  5 caustic shrikes
  2 curse toes
  Geryon (Hell)
  A profane servitor (Abyss:4)
  22 bone dragons
  3 pearl dragons
  16 doom hounds
  A hellephant (Abyss:2)
  11 Tzitzimimeh
  3 electric golems
  8 Brimstone Fiends (Pan)
  4 iron giants
  A spectral shard shrike (Tar:3)
  10 Hell Sentinels
  23 tentacled monstrosities
  23 Ice Fiends
  Rupert (D:13)
  8 deep elf blademasters
  9 liches
  9 tainted leviathans
  Grunn (Crypt:2)
  18 acid blobs
  A walking earthen tome (Depths:3)
  6 quicksilver dragons
  23 titans
  8 deep elf master archers
  17 sphinxes
  22 tentacled starspawn
  5 death cobs
  8 pandemonium lords (Pan)
  An eldritch tentacle (Pan)
  18 Executioners
  26 ancient champions
  Frances (D:13)
  11 storm dragons
  7 shadow dragons
  6 tengu reavers
  2 thorn hunters
  A fenstrider witch (Swamp:3)
  7 revenants
  4 draconian knights
  13 azure jellies
  5 draconian monks
  Donald (Crypt:2)
  7 nagarajas
  12 daevas
  8 narguns
  38 balrugs
  8 demonspawn warmongers (Pan)
  5 rockslimes (Slime:5)
  2 deep elf sorcerers (Vaults:5)
  23 frost giants
  5 quicksilver elementals
  Louise (Swamp:4)
  A juggernaut zombie (Tomb:1)
  22 vault wardens
  9 draconian scorchers
  18 fire giants
  9 iron dragons
  A spectral juggernaut (Tar:1)
  21 angels (Pan)
  8 shard shrike simulacra
  5 draconian shifters
  21 cacodemons
  13 ghost moths
  5 curse skulls
  4 orc warlords
  11 ghouls
  30 very ugly things
  6 formless jellyfish
  20 demonspawn blood saints (Pan)
  8 draconian annihilators
  2 quicksilver oozes (Slime:5)
  A spriggan defender (Depths:3)
  3 draconian stormcallers
  7 ophanim
  7 demonspawn corrupters (Pan)
  15 ironbound preservers
  9 ironbound thunderhulks
  19 war gargoyles
  21 reapers
  30 stone giants
  22 apis (Pan)
  19 green draconians
  7 putrid mouths
  15 elemental wellsprings
  14 lorocyprocas
  7 vampire knights
  15 yellow draconians
  2 deep elf demonologists
  6 dire elephants
  A deep elf annihilator (Vaults:5)
  4 eleionomae
  13 black draconians
  10 demonspawn black suns (Pan)
  21 white draconians
  11 bennus
  24 purple draconians
  A bunyip (Swamp:4)
  5 wendigos
  14 red draconians
  13 eidola
  8 spark wasps
  6 deep elf death magi
  An acid blob zombie (Crypt:2)
  19 mummy priests
  10 ettins
  19 blizzard demons
  12 green deaths
  A crystal guardian (Vaults:4)
  A spectral quicksilver dragon (Tar:2)
  6 fire dragons
  7 jiangshi
  10 iron golems
  2 entropy weavers
  A merfolk impaler (Depths:4)
  10 rakshasas
  2 spectral spriggans (Tar:1)
  A shambling mangrove (Swamp:3)
  A great orb of eyes (shapeshifter) (Depths:3)
  Josephine (Lair:3)
  A merfolk javelineer (Depths:4)
  3 deep elf high priests
  11 ice dragons
  A spriggan zombie (Hell)
  3 ghost crabs
  26 hydras
  3 ogre magi (Vaults:5)
  17 great orbs of eyes
  41 vault guards
  11 yaktaur captains
  2 peacekeepers (Vaults:4)
  2 caustic shrike simulacra (Coc:7)
  6 salamander tyrants
  24 centaur warriors
  7 hell beasts
  7 death knights
  3 catoblepae
  5 juggernaut simulacra
  A spectral draconian (Tar:1)
  A spectral stone giant (Tar:4)
  8 ironbound frosthearts
  12 anacondas
  4 two-headed ogres
  5 spriggan air magi
  11 boulder beetles
  2 dancing weapons (Pan)
  43 death scarabs
  7 alligators
  9 deep troll earth magi
  8 naga warriors
  9 deep troll shamans
  19 hell hogs
  13 thrashing horrors
  4 tengu warriors
  4 spriggan berserkers
  4 death yaks (Lair:4)
  An orc high priest (Orc:1)
  8 naga sharpshooters
  14 shock serpents
  36 demonic crawlers
  Sonja (D:11)
  85 sun demons
  3 crystal echidnas (Dis:7)
  51 soul eaters
  8 vampire magi
  22 hell knights
  3 deep elf knights
  23 sixfirhies
  A spectral dire elephant (Tar:3)
  A spectral orc (Tar:1)
  27 skeletal warriors
  A skyshark (Lair:5)
  Amaemon (D:8)
  A spectral bunyip (Tar:2)
  17 shadow wraiths
  3 spatial maelstroms (Abyss:4)
  A fire crab (shapeshifter) (D:13)
  17 iron trolls
  7 goliath frogs
  3 quicksilver dragon simulacra
  7 wretched stars
  7 salamander mystics (Snake:4)
  A deep troll (shapeshifter) (Vaults:5)
  9 flayed ghosts
  42 deep trolls
  6 glowing orange brains
  A sea snake (shapeshifter) (Abyss:4)
  4 spriggan druids
  A glowing orange brain (shapeshifter) (Vaults:2)
  9 naga ritualists
  A death drake (Abyss:4)
  A spectral catoblepas (Tar:1)
  15 wizards
  12 cherubim (Pan)
  6 deep elf archers
  A kraken simulacrum (Hell)
  5 swamp dragons (Swamp:4)
  12 bog bodies
  A spriggan simulacrum (Tomb:2)
  A wolf spider zombie (Crypt:1)
  25 ironbound convokers
  2 anaconda skeletons
  A jorogumo zombie (Crypt:1)
  26 lindwurms
  10 shadow demons (Pan)
  A shadow dragon zombie (Vaults:1)
  2 iron giant skeletons
  14 necromancers
  4 deep elf zephyrmancers
  An anaconda zombie (Hell)
  12 orc knights
  16 phantasmal warriors
  9 harpies
  A broodmother zombie (Crypt:3)
  An iron dragon zombie (Crypt:2)
  A wolf spider (D:15)
  7 deep elf pyromancers
  4 orc sorcerers (Orc:1)
  A harpy (shapeshifter) (Lair:5)
  A tengu zombie (Vaults:4)
  14 mana vipers
  81 large abominations
  8 manticores
  6 shining eyes
  27 moths of wrath
  35 ugly things
  A spectral ettin (Tar:1)
  A will-o-the-wisp (Abyss:4)
  2 tengu skeletons (Vaults:4)
  4 cyclopes
  5 worldbinders
  10 rust devils
  18 salamanders
  23 vault sentinels
  62 smoke demons
  43 black mambas
  A frost giant skeleton (Crypt:1)
  7 guardian serpents
  21 naga magi
  A black mamba (shapeshifter) (Abyss:1)
  A stone giant skeleton (Vaults:1)
  A dire elephant zombie (Hell)
  3 apocalypse crabs
  5 molten gargoyles (Hell)
  39 orange demons
  2 rime drakes
  23 hellions
  8 cane toads
  2 titan simulacra
  An eye of devastation (Slime:5)
  An eye of devastation (shapeshifter) (Vaults:5)
  A yaktaur zombie (Vaults:4)
  2 ice statues (Coc:5)
  3 dire elephant skeletons
  An elephant slug zombie (Crypt:3)
  An unseen horror (D:11)
  A sea snake zombie (Hell)
  A centaur skeleton (Pan)
  A grey draconian zombie (Crypt:3)
  10 komodo dragons
  A kobold demonologist (D:10)
  A human zombie (Vaults:1)
  10 freezing wraiths
  22 tormentors
  A minotaur zombie (Crypt:3)
  2 bunyip simulacra
  7 ice devils
  A tengu conjurer (D:15)
  16 efreet
  24 yaktaurs
  An elf skeleton (Vaults:4)
  2 anaconda simulacra
  A golden dragon simulacrum (Coc:5)
  6 ancient zymes
  An iron giant simulacrum (Coc:5)
  3 hydra zombies (Hell)
  8 trolls
  2 harpy zombies (Hell)
  A queen bee (shapeshifter) (D:15)
  2 spectral harpies
  8 catoblepas skeletons (Abyss:4)
  2 bloated husks (Swamp:1)
  69 guardian mummies
  10 hornets
  A harpy skeleton (Abyss:1)
  6 tyrant leeches
  10 red devils
  32 hellwings
  2 spectral guardian serpents (Crypt:2)
  A tarantella (Vaults:5)
  A hornet (shapeshifter) (D:13)
  32 blink frogs
  Prince Ribbit (D:5)
  4 dream sheep (Lair:5)
  A wolf spider simulacrum (D:15)
  2 tarantellas (shapeshifter)
  22 raiju
  A snapping turtle (shapeshifter) (Vaults:5)
  An iron dragon simulacrum (Coc:1)
  52 slime creatures
  An alligator zombie (Hell)
  A hydra skeleton (Pan)
  An ice dragon skeleton (Pan)
  33 flying skulls
  A centaur simulacrum (Coc:2)
  9 spriggans
  2 vampires
  A stone giant simulacrum (Coc:1)
  6 dire elephant simulacra
  A spriggan (shapeshifter) (Vaults:5)
  2 shadows (D:11)
  3 wyverns
  90 yaks
  93 ynoxinuls
  16 water elementals
  A naga simulacrum (Coc:1)
  2 tyrant leech zombies
  A golden eye (shapeshifter) (D:15)
  15 wraiths
  A hog (shapeshifter) (Vaults:5)
  A wyvern (shapeshifter) (Vaults:5)
  12 basilisks
  A black mamba skeleton (Pan)
  Eustachio (D:4)
  5 golden eyes
  2 steam dragons
  23 ushabtiu
  2 redbacks (Vaults:5)
  A redback (shapeshifter) (Vaults:5)
  31 neqoxecs
  23 vampire mosquitoes
  48 chaos spawn
  2 spatial vortices (Abyss:4)
  14 swamp worms
  46 nagas
  A warg (Orc:1)
  14 harpy simulacra
  A floating eye (shapeshifter) (D:14)
  20 water moccasins
  5 hell hounds (Abyss:2)
  5 acid dragons
  A demonspawn skeleton (Crypt:3)
  A floating eye (Depths:3)
  3 naga skeletons
  10 swamp drakes
  36 orc warriors
  2 ettin simulacra
  A sky beast (D:7)
  2 black bears
  5 ice beasts
  An ogre (shapeshifter) (D:15)
  9 wolves
  4 boggarts (Vaults:3)
  17 centaurs
  8 ogres
  A phantom (D:7)
  61 starcursed masses
  6 kobold brigands
  4 necrophages
  A vine stalker zombie (Crypt:3)
  12 bullfrogs
  A salamander skeleton (Crypt:3)
  6 earth elementals
  3 gnoll sergeants
  A scorpion (D:6)
  26 small abominations
  A warg zombie (Crypt:1)
  5 wights (D:9)
  A queen bee zombie (Crypt:1)
  8 killer bees
  4 howler monkeys
  A raiju skeleton (Crypt:1)
  A troll skeleton (Crypt:2)
  6 electric eels
  7 crimson imps (Pan)
  3 quasits
  3 hounds
  2 jellies
  An iron imp (Abyss:1)
  16 orc priests
  A gnoll bouda (D:9)
  20 hell rats
  4 iguanas
  27 orc wizards
  An ogre skeleton (Crypt:2)
  34 mummies
  Robin (D:2)
  19 gnolls
  4 adders
  A shadow imp (D:5)
  4 white imps
  4 ufetubi
  A lava snake skeleton (Crypt:2)
  3 worms
  5 dart slugs
  82 orcs
  5 bats
  A bat skeleton (Crypt:1)
  4 endoplasms
  5 giant cockroaches
  14 goblins
  8 hobgoblins
  6 jackals
  3 quokkas
  10 ball pythons
  3 frilled lizards
  A hobgoblin skeleton (Crypt:3)
  A jackal zombie (Crypt:3)
  7 kobolds
  2 rats
  A rat zombie (Crypt:2)
  7 ball lightnings (Pan)
  8 fire vortices (Pan)
  6 lurking horrors
  17 starspawn tentacles
  A tentacle (Hell)
4168 creatures vanquished.

Vanquished Creatures (collateral kills)
  An ancient lich (Tar:7)
  3 pandemonium lords (Pan)
  15 royal mummies
  Boris (Tomb:2)
  2 shard shrikes (Coc:7)
  A caustic shrike (Dis:5)
  8 bone dragons (Tar:7)
  8 Tzitzimimeh
  4 doom hounds
  4 Brimstone Fiends (Pan)
  4 Ice Fiends
  A spectral shard shrike (Tar:5)
  An iron giant (Dis:7)
  2 Hell Sentinels (Dis:7)
  5 tainted leviathans
  2 liches
  A tentacled starspawn (Abyss:2)
  3 titans
  11 Executioners (Pan)
  3 ancient champions
  2 demonspawn warmongers (Pan)
  A revenant (Crypt:3)
  A fire giant (Tomb:2)
  A nargun (Coc:3)
  2 quicksilver elementals
  2 balrugs (Pan)
  3 frost giants (Tomb:2)
  A caustic shrike zombie (Tomb:2)
  3 cacodemons
  2 shard shrike simulacra
  A spectral juggernaut (Tar:5)
  2 demonspawn corrupters (Pan)
  2 demonspawn blood saints (Pan)
  3 reapers
  2 stone giants
  A war gargoyle (Dis:2)
  A green draconian (Tomb:2)
  5 elemental wellsprings
  A vampire knight (Crypt:3)
  A purple draconian (Tomb:2)
  4 putrid mouths
  7 bennus
  A white draconian (Tomb:2)
  2 demonspawn black suns (Pan)
  4 lorocyprocas (Pan)
  A red draconian (Tomb:2)
  3 blizzard demons (Pan)
  An iron golem (Dis:6)
  3 eidola
  6 mummy priests
  2 green deaths (Pan)
  A spectral spriggan (Tar:5)
  A caustic shrike simulacrum (Coc:6)
  A juggernaut simulacrum (Coc:7)
  A dancing weapon (Pan)
  A spectral stone giant (Tar:7)
  5 death scarabs (Tomb:3)
  3 demonic crawlers (Pan)
  A spectral dire elephant (Tar:5)
  4 sun demons (Pan)
  5 soul eaters (Pan)
  3 skeletal warriors
  10 shadow wraiths
  A sixfirhy (Pan)
  2 quicksilver dragon simulacra (Coc:7)
  3 shadow demons (Pan)
  4 spriggan simulacra
  11 large abominations (Pan)
  3 deep elf archers
  3 bog bodies (Crypt:3)
  A deep elf pyromancer (Crypt:3)
  2 orange demons (Pan)
  A spectral centaur (Tar:2)
  An eye of devastation (Pan)
  8 smoke demons (Pan)
  2 ice statues (Coc:5)
  An unseen horror (Pan)
  2 hellions
  An efreet (Pan)
  An anaconda simulacrum (Coc:4)
  2 tormentors
  17 guardian mummies
  2 iron giant simulacra (Coc:7)
  3 hellwings (Pan)
  An iron dragon simulacrum (Coc:5)
  5 ushabtiu
  8 ynoxinuls (Pan)
  2 flying skulls (Tomb:3)
  2 naga simulacra (Coc:7)
  A fire dragon skeleton (Pan)
  A dire elephant simulacrum (Coc:7)
  12 chaos spawn (Pan)
  4 neqoxecs (Pan)
  4 harpy simulacra (Coc:7)
  An ettin simulacrum (Coc:3)
  19 mummies
  2 fire vortices (Pan)
  A starspawn tentacle (Abyss:2)
321 creatures vanquished.

Vanquished Creatures (others)
  Cerebov (Pan)
  A bone dragon (Abyss:4)
  An Executioner (Pan)
  A tengu reaver (Vaults:5)
  A draconian knight (Zot:1)
  2 frost giants
  A balrug (Pan)
  2 shard shrike simulacra
  A draconian annihilator (Pan)
  An eleionoma (Swamp:1)
  A deep elf annihilator (Pan)
  A deep elf death mage (Vaults:5)
  An iron golem (Dis:7)
  A caustic shrike simulacrum (Coc:5)
  A rakshasa (Pan)
  A wretched star (Abyss:4)
  A flayed ghost (Depths:4)
  A naga ritualist (Snake:4)
  A spriggan simulacrum (Abyss:1)
  A wizard (Pan)
  A swamp dragon (Swamp:4)
  A titan simulacrum (Coc:5)
  An iron giant simulacrum (Coc:5)
  An ancient zyme (Abyss:4)
  A bloated husk (Swamp:1)
  2 blink frogs (Abyss:4)
  A ynoxinul (Pan)
  A golden eye (Abyss:4)
  A naga (Snake:4)
  A neqoxec (Abyss:4)
  A harpy simulacrum (Coc:7)
  A swamp worm (Swamp:4)
  An orc warrior (Orc:2)
  A small abomination (Abyss:1)
  A crimson imp (Pan)
  14 ball lightnings (Pan)
  9 foxfires (Abyss:4)
  A lurking horror (Abyss:4)
  56 starspawn tentacles
  3 tentacles (Hell)
121 creatures vanquished.

Grand Total: 4610 creatures vanquished

Notes
Turn   | Place    | Note
-------+----------+-------------------------------------------
     0 | D:1      | qw the Gargoyle Fighter began the quest for the Orb.
     0 | D:1      | Reached XP level 1. HP: 14/14 MP: 1/1
     0 | D:1      | 0 ||| qw: Version: 0.3-a-46-gb1f654a
     0 | D:1      | 0 ||| qw: Game counter: 1081
     0 | D:1      | 0 ||| qw: Melee chars always use a shield: true
     0 | D:1      | 0 ||| qw: God list: Okawaru
     0 | D:1      | 0 ||| qw: Allow faded altars: false
     0 | D:1      | 0 ||| qw: Do Orc after clearing Dungeon:15 true
     0 | D:1      | 0 ||| qw: Do second Lair branch before Depths: true
     0 | D:1      | 0 ||| qw: Lair rune preference: random
     0 | D:1      | 0 ||| qw: Goals: Normal, Zot:1-4, Slime:5, God:TSO, Crypt,
                  | Tomb, Abyss, Pan, Hells, Win
     0 | D:1      | 0 ||| PLANNING D:1-11
   213 | D:1      | Reached XP level 2. HP: 19/19 MP: 2/2
   283 | D:1      | 283 ||| DROPPING +0 club.
   321 | D:1      | 321 ||| Stepping ~*~*~tactically~*~*~ (hiding).
   492 | D:1      | Found Jyiplaso's Magic Scroll Emporium.
   497 | D:1      | 497 ||| SHOPLISTING scroll of enchant armour (97 gold, have
                  | 30).
   497 | D:1      | 497 ||| SHOPLISTING scroll of enchant weapon (97 gold, have
                  | 30).
   497 | D:1      | 497 ||| BUYING scroll of identify (26 gold).
   497 | D:1      | Bought a scroll of identify for 26 gold pieces
   497 | D:1      | 497 ||| SHOPLISTING scroll of identify (26 gold, have 4).
   497 | D:1      | 497 ||| SHOPLISTING scroll of teleportation (39 gold, have
                  | 4).
   618 | D:1      | Reached skill level 3 in Axes
   650 | D:1      | Reached XP level 3. HP: 23/23 MP: 3/3
   903 | D:1      | 903 ||| READING scroll labelled LYNIZE DYIMP.
   928 | D:2      | Noticed Robin
   948 | D:2      | HP: 3/23 [something (4)]
   949 | D:2      | Killed Robin
  1096 | D:2      | Reached XP level 4. HP: 21/28 MP: 4/4
  1137 | D:2      | 1137 ||| DROPPING +0 whip.
  1482 | D:2      | Found a blossoming altar of Fedhas.
  1637 | D:2      | 1637 ||| UPGRADING to +0 helmet.
  1642 | D:2      | 1642 ||| UPGRADING to +0 pair of boots.
  1647 | D:2      | 1647 ||| UPGRADING to amulet of reflection.
  1652 | D:2      | 1652 ||| READING scroll labelled NIPSER QOD.
  1653 | D:2      | 1653 ||| READING scroll labelled YFUOTE JOPOUL.
  1654 | D:2      | 1654 ||| READING scroll labelled FUZXAFUGORE.
  1655 | D:2      | 1655 ||| READING scroll labelled ROSHRO MOSE.
  1656 | D:2      | 1656 ||| READING scroll labelled NYJUWAJUNNU.
  1657 | D:2      | 1657 ||| READING 3 scrolls of identify.
  1657 | D:2      | 1657 ||| IDENTIFYING coppery potion
  1658 | D:2      | 1658 ||| READING 2 scrolls of identify.
  1658 | D:2      | 1658 ||| IDENTIFYING fuming brown potion
  1696 | D:3      | 1696 ||| Stepping ~*~*~tactically~*~*~ (stealth).
  1779 | D:3      | Found a broken altar of Ashenzari.
  1828 | D:3      | Reached XP level 5. HP: 26/32 MP: 5/5
  1956 | D:3      | 1956 ||| Stepping ~*~*~tactically~*~*~ (stealth).
  2000 | D:3      | 2000 ||| Stepping ~*~*~tactically~*~*~ (stealth).
  2225 | D:3      | Found a shimmering blue altar of Sif Muna.
  2227 | D:3      | Found a burning altar of Makhleb.
  2227 | D:3      | Found an opulent altar of Gozag.
  2229 | D:3      | Found a shimmering altar of Xom.
  2229 | D:3      | Found an ancient bone altar of Kikubaaqudgha.
  2229 | D:3      | Found a glowing silver altar of Zin.
  2376 | D:3      | 2376 ||| UPGRADING to ring of willpower.
  2377 | D:3      | 2377 ||| READING scroll labelled ENAMEALYOPN.
  2675 | D:4      | Noticed Eustachio
  2684 | D:4      | Killed Eustachio
  2685 | D:4      | Reached XP level 6. HP: 36/40 MP: 6/6
  2721 | D:4      | Found a staircase to the Ecumenical Temple.
  2722 | D:4      | 2722 ||| PLANNING TEMPLE
  2722 | D:4      | 2722 ||| DRINKING 2 bubbling brown potions.
  2723 | D:4      | 2723 ||| READING 2 scrolls of identify.
  2723 | D:4      | 2723 ||| IDENTIFYING bubbling ruby potion
  2735 | Temple   | Entered the Ecumenical Temple
  2747 | Temple   | 2747 ||| PLANNING OKAWARU WORSHIP
  2847 | Temple   | Became a worshipper of Warmaster Okawaru
  2848 | Temple   | 2848 ||| PLANNING D:1-11
  2905 | D:4      | Reached skill level 1 in Dodging
  3000 | D:4      | Found Weihemox's Jewellery Emporium.
  3010 | D:4      | 3010 ||| SHOPLISTING +6 ring of dexterity (360 gold, have
                  | 145).
  3010 | D:4      | 3010 ||| SHOPLISTING ring of positive energy (200 gold,
                  | have 145).
  3010 | D:4      | 3010 ||| SHOPLISTING ring of protection from cold (250
                  | gold, have 145).
  3150 | D:4      | Reached XP level 7. HP: 43/44 MP: 7/7
  3442 | D:4      | 3442 ||| UPGRADING to +0 cloak.
  3447 | D:4      | 3447 ||| DROPPING scarf of harm.
  3448 | D:4      | 3448 ||| READING scroll labelled VOWUXZOARCH.
  3451 | D:4      | 3451 ||| READING scroll labelled USTUCE FIAZA.
  3485 | D:5      | Entered Level 5 of the Dungeon
  3504 | D:5      | Noticed Prince Ribbit
  3505 | D:5      | 3505 ||| Stepping ~*~*~tactically~*~*~ (stealth).
  3515 | D:5      | Killed Prince Ribbit
  3516 | D:5      | Reached skill level 6 in Axes
  3630 | D:5      | 3630 ||| READING scroll of enchant weapon.
  3630 | D:5      | 3630 ||| ENCHANTING +1 war axe.
  3646 | D:5      | 3646 ||| READING scroll of enchant weapon.
  3646 | D:5      | 3646 ||| ENCHANTING +2 war axe.
  3797 | D:5      | Reached * piety under Okawaru
  4066 | D:5      | 4066 ||| DROPPING +1 leather armour of fire resistance.
  4067 | D:5      | 4067 ||| UPGRADING to +0 plate armour.
  4077 | D:5      | 4077 ||| DROPPING +0 scale mail.
  4098 | D:6      | Reached skill level 1 in Invocations
  4134 | D:6      | 4134 ||| INVOKING Heroism.
  4146 | D:6      | Reached XP level 8. HP: 26/49 MP: 6/9
  4147 | D:6      | 4147 ||| INVOKING Heroism.
  4150 | D:6      | Reached skill level 3 in Invocations
  4237 | D:6      | Found a large runed translucent door.
  4238 | D:6      | Found a large runed translucent door.
  4768 | D:6      | Noticed qw's ghost (amateur DEHu)
  4886 | D:6      | 4886 ||| READING 2 scrolls of identify.
  4886 | D:6      | 4886 ||| IDENTIFYING white potion
  4887 | D:6      | 4887 ||| DROPPING potion of brilliance.
  4900 | D:7      | Found a sacrificial altar of Ru.
  4907 | D:7      | 4907 ||| Stepping ~*~*~tactically~*~*~ (stealth).
  4909 | D:7      | 4909 ||| Stepping ~*~*~tactically~*~*~ (hiding).
  4910 | D:7      | 4910 ||| Stepping ~*~*~tactically~*~*~ (hiding).
  5012 | D:7      | 5012 ||| DROPPING +0 flail.
  5124 | D:7      | 5124 ||| INVOKING Heroism.
  5131 | D:7      | Reached skill level 1 in Throwing
  5169 | D:7      | 5169 ||| INVOKING Heroism.
  5222 | D:7      | 5222 ||| Stepping ~*~*~tactically~*~*~ (stealth).
  5224 | D:7      | 5224 ||| Stepping ~*~*~tactically~*~*~ (hiding).
  5235 | D:7      | 5235 ||| INVOKING Heroism.
  5277 | D:7      | Reached XP level 9. HP: 54/54 MP: 12/12
  5434 | D:7      | Reached skill level 6 in Fighting
  5584 | D:8      | 5584 ||| INVOKING Heroism.
  5616 | D:8      | 5616 ||| Stepping ~*~*~tactically~*~*~ (stealth).
  5619 | D:8      | 5619 ||| Stepping ~*~*~tactically~*~*~ (hiding).
  5639 | D:8      | 5639 ||| Stepping ~*~*~tactically~*~*~ (stealth).
  5643 | D:8      | 5643 ||| Stepping ~*~*~tactically~*~*~ (stealth).
  5649 | D:8      | 5649 ||| Stepping ~*~*~tactically~*~*~ (stealth).
  5652 | D:8      | 5652 ||| Stepping ~*~*~tactically~*~*~ (hiding).
  5653 | D:8      | 5653 ||| Stepping ~*~*~tactically~*~*~ (hiding).
  5657 | D:8      | 5657 ||| INVOKING Heroism.
  5693 | D:8      | 5693 ||| Stepping ~*~*~tactically~*~*~ (hiding).
  5695 | D:8      | 5695 ||| INVOKING Heroism.
  5703 | D:8      | Reached skill level 9 in Axes
  5797 | D:8      | 5797 ||| Stepping ~*~*~tactically~*~*~ (stealth).
  5798 | D:8      | 5798 ||| Stepping ~*~*~tactically~*~*~ (stealth).
  5816 | D:8      | 5816 ||| INVOKING Heroism.
  5820 | D:8      | Reached skill level 6 in Armour
  5838 | D:8      | 5838 ||| Stepping ~*~*~tactically~*~*~ (stealth).
  5840 | D:8      | 5840 ||| INVOKING Heroism.
  5854 | D:8      | Reached ** piety under Okawaru
  5861 | D:8      | Reached XP level 10. HP: 26/63 MP: 13/13
  5867 | D:8      | 5867 ||| INVOKING Heroism.
  6109 | D:8      | Noticed Amaemon
  6111 | D:8      | Noticed an orange demon
  6112 | D:8      | 6112 ||| Stepping ~*~*~tactically~*~*~ (hiding).
  6114 | D:8      | 6114 ||| INVOKING Heroism.
  6124 | D:8      | Killed Amaemon
  6124 | D:8      | Reached *** piety under Okawaru
  6132 | D:8      | Killed an orange demon
  6225 | D:8      | 6225 ||| Stepping ~*~*~tactically~*~*~ (stealth).
  6246 | D:8      | 6246 ||| READING scroll of enchant weapon.
  6246 | D:8      | 6246 ||| ENCHANTING +3 war axe.
  6421 | D:8      | 6421 ||| READING scroll labelled BOJIOF ENUIB.
  6422 | D:8      | 6422 ||| READING 2 scrolls of identify.
  6422 | D:8      | 6422 ||| IDENTIFYING smoky ruby potion
  6455 | D:9      | Found an ancient bone altar of Kikubaaqudgha.
  6484 | D:9      | Found a staircase to the Orcish Mines.
  6485 | D:9      | 6485 ||| INVOKING Heroism.
  6519 | D:9      | 6519 ||| INVOKING Heroism.
  6735 | D:9      | 6735 ||| INVOKING Heroism.
  6793 | D:9      | 6793 ||| INVOKING Heroism.
  6961 | D:9      | 6961 ||| INVOKING Heroism.
  6970 | D:9      | Reached XP level 11. HP: 65/68 MP: 12/14
  7048 | D:9      | Reached **** piety under Okawaru
  7060 | D:9      | 7060 ||| INVOKING Heroism.
  7120 | D:9      | 7120 ||| Stepping ~*~*~tactically~*~*~ (stealth).
  7121 | D:9      | 7121 ||| Stepping ~*~*~tactically~*~*~ (stealth).
  7137 | D:9      | 7137 ||| Stepping ~*~*~tactically~*~*~ (stealth).
  7139 | D:9      | 7139 ||| Stepping ~*~*~tactically~*~*~ (stealth).
  7144 | D:9      | Reached skill level 9 in Fighting
  7211 | D:9      | 7211 ||| INVOKING Heroism.
  7400 | D:9      | Found a basalt altar of Yredelemnul.
  7475 | D:9      | Found a bloodstained altar of Trog.
  7484 | D:9      | Found a blossoming altar of Fedhas.
  7584 | D:9      | 7584 ||| INVOKING Heroism.
  7846 | D:10     | Entered Level 10 of the Dungeon
  7928 | D:10     | Noticed a two-headed ogre
  7930 | D:10     | 7930 ||| INVOKING Heroism.
  7946 | D:10     | Killed a two-headed ogre
  7947 | D:10     | Reached skill level 6 in Invocations
  8066 | D:10     | 8066 ||| Stepping ~*~*~tactically~*~*~ (hiding).
  8135 | D:10     | Noticed a two-headed ogre
  8136 | D:10     | 8136 ||| INVOKING Heroism.
  8146 | D:10     | Killed a two-headed ogre
  8146 | D:10     | Reached ***** piety under Okawaru
  8147 | D:10     | Reached skill level 12 in Axes
  8152 | D:10     | 8152 ||| FLEEEEING.
  8153 | D:10     | 8153 ||| INVOKING Heroism.
  8174 | D:10     | 8174 ||| Stepping ~*~*~tactically~*~*~ (hiding).
  8183 | D:10     | 8183 ||| Stepping ~*~*~tactically~*~*~ (stealth).
  8186 | D:10     | 8186 ||| SWAPPING to +2 heavy war axe.
  8224 | D:10     | 8224 ||| INVOKING Heroism.
  8240 | D:10     | 8240 ||| INVOKING Heroism.
  8338 | D:10     | 8338 ||| Stepping ~*~*~tactically~*~*~ (hiding).
  8340 | D:10     | 8340 ||| Stepping ~*~*~tactically~*~*~ (hiding).
  8341 | D:10     | 8341 ||| Stepping ~*~*~tactically~*~*~ (hiding).
  8483 | D:10     | 8483 ||| Stepping ~*~*~tactically~*~*~ (stealth).
  8484 | D:10     | 8484 ||| INVOKING Heroism.
  8487 | D:10     | 8487 ||| Stepping ~*~*~tactically~*~*~ (cloud).
  8865 | D:10     | 8865 ||| Stepping ~*~*~tactically~*~*~ (stealth).
  8867 | D:10     | 8867 ||| Stepping ~*~*~tactically~*~*~ (hiding).
  8870 | D:10     | 8870 ||| Stepping ~*~*~tactically~*~*~ (hiding).
  8979 | D:10     | Found a staircase to the Lair.
  9183 | D:10     | 9183 ||| PLANNING LAIR
  9183 | D:10     | 9183 ||| READING scroll labelled PEOTAI DIAHOE.
  9218 | Lair:1   | Entered Level 1 of the Lair of Beasts
  9224 | Lair:1   | 9224 ||| STAIRDANCE
  9227 | D:10     | Received a gift from Okawaru
  9228 | D:10     | Reached skill level 9 in Armour
  9284 | Lair:1   | 9284 ||| INVOKING Heroism.
  9288 | Lair:1   | Reached XP level 12. HP: 76/76 MP: 14/17
  9335 | Lair:1   | 9335 ||| INVOKING Heroism.
  9367 | Lair:1   | 9367 ||| Stepping ~*~*~tactically~*~*~ (stealth).
  9383 | Lair:1   | Reached skill level 6 in Shields
  9443 | Lair:1   | Identified the +11 lajatang of Hakhlaov {protect, SInv}
  9564 | Lair:1   | Found a runed translucent gate.
  9564 | Lair:1   | Found a runed translucent gate.
  9564 | Lair:1   | Found a runed translucent gate.
  9581 | Lair:1   | 9581 ||| INVOKING Heroism.
  9588 | Lair:1   | Reached skill level 9 in Invocations
  9601 | Lair:1   | 9601 ||| Stepping ~*~*~tactically~*~*~ (stealth).
  9606 | Lair:1   | Received a gift from Okawaru
  9691 | Lair:1   | 9691 ||| Stepping ~*~*~tactically~*~*~ (stealth).
  9693 | Lair:1   | 9693 ||| Stepping ~*~*~tactically~*~*~ (stealth).
  9704 | Lair:1   | 9704 ||| INVOKING Heroism.
  9857 | Lair:1   | 9857 ||| Stepping ~*~*~tactically~*~*~ (stealth).
  9860 | Lair:1   | 9860 ||| Stepping ~*~*~tactically~*~*~ (stealth).
  9994 | Lair:1   | Noticed qw's ghost (journeyman GrFi)
 10051 | Lair:1   | 10051 ||| Stepping ~*~*~tactically~*~*~ (stealth).
 10443 | Lair:1   | 10443 ||| UPGRADING to +0 pair of gloves.
 10448 | Lair:1   | 10448 ||| DROPPING +6 ring of intelligence.
 10470 | Lair:2   | Noticed a four-headed hydra
 10471 | Lair:2   | 10471 ||| INVOKING Heroism.
 10472 | Lair:2   | 10472 ||| INVOKING Finesse.
 10474 | Lair:2   | 10474 ||| Stepping ~*~*~tactically~*~*~ (stealth).
 10475 | Lair:2   | 10475 ||| Stepping ~*~*~tactically~*~*~ (stealth).
 10476 | Lair:2   | 10476 ||| Stepping ~*~*~tactically~*~*~ (stealth).
 10478 | Lair:2   | 10478 ||| Stepping ~*~*~tactically~*~*~ (stealth).
 10479 | Lair:2   | 10479 ||| SWAPPING to +2 hand axe of flaming.
 10481 | Lair:2   | Killed a two-headed hydra
 10481 | Lair:2   | Identified the +0 cloak of Boasm {*Slow rF+++ Stlth+}
                  | (Okawaru gifted it to you on level 2 of the Lair of Beasts)
 10481 | Lair:2   | Received a gift from Okawaru
 10482 | Lair:2   | Reached skill level 3 in Throwing
 10482 | Lair:2   | 10482 ||| SWAPPING to +2 heavy war axe.
 10526 | Lair:2   | 10526 ||| INVOKING Heroism.
 10564 | Lair:2   | Found a basalt altar of Yredelemnul.
 10645 | Lair:2   | 10645 ||| INVOKING Heroism.
 10661 | Lair:2   | 10661 ||| INVOKING Heroism.
 10817 | Lair:2   | 10817 ||| Stepping ~*~*~tactically~*~*~ (stealth).
 10819 | Lair:2   | 10819 ||| Stepping ~*~*~tactically~*~*~ (stealth).
 10833 | Lair:2   | 10833 ||| INVOKING Heroism.
 10836 | Lair:2   | Reached XP level 13. HP: 29/82 MP: 17/20
 10846 | Lair:2   | 10846 ||| Stepping ~*~*~tactically~*~*~ (stealth).
 10861 | Lair:2   | 10861 ||| Stepping ~*~*~tactically~*~*~ (stealth).
 10994 | Lair:2   | 10994 ||| INVOKING Heroism.
 11106 | Lair:2   | Found a staircase to the Snake Pit.
 11209 | Lair:2   | 11209 ||| INVOKING Heroism.
 11210 | Lair:2   | 11210 ||| Stepping ~*~*~tactically~*~*~ (stealth).
 11212 | Lair:2   | 11212 ||| Stepping ~*~*~tactically~*~*~ (stealth).
 11219 | Lair:2   | 11219 ||| Stepping ~*~*~tactically~*~*~ (stealth).
 11222 | Lair:2   | 11222 ||| Stepping ~*~*~tactically~*~*~ (stealth).
 11225 | Lair:2   | 11225 ||| Stepping ~*~*~tactically~*~*~ (stealth).
 11226 | Lair:2   | 11226 ||| Stepping ~*~*~tactically~*~*~ (stealth).
 11228 | Lair:2   | 11228 ||| Stepping ~*~*~tactically~*~*~ (stealth).
 11231 | Lair:2   | 11231 ||| Stepping ~*~*~tactically~*~*~ (stealth).
 11284 | Lair:2   | 11284 ||| Stepping ~*~*~tactically~*~*~ (stealth).
 11532 | Lair:2   | 11532 ||| UPGRADING to +0 cloak of Boasm {*Slow rF+++
                  | Stlth+}.
 11542 | Lair:2   | 11542 ||| UPGRADING to ring of ice.
 11574 | Lair:3   | 11574 ||| INVOKING Heroism.
 11770 | Lair:3   | 11770 ||| Stepping ~*~*~tactically~*~*~ (hiding).
 11888 | Lair:3   | Noticed Josephine
 11895 | Lair:3   | Killed Josephine
 11907 | Lair:3   | 11907 ||| INVOKING Heroism.
 12200 | Lair:3   | 12200 ||| INVOKING Heroism.
 12286 | Lair:3   | Found a staircase to the Swamp.
 12296 | Lair:3   | 12296 ||| INVOKING Heroism.
 12810 | Lair:3   | 12810 ||| READING scroll labelled ZEDIAMIPLI.
 12811 | Lair:3   | 12811 ||| READING 3 scrolls of identify.
 12811 | Lair:3   | 12811 ||| IDENTIFYING fizzy purple potion
 12812 | Lair:3   | 12812 ||| READING 2 scrolls of identify.
 12812 | Lair:3   | 12812 ||| IDENTIFYING viscous emerald potion
 12813 | Lair:3   | 12813 ||| DROPPING potion of degeneration.
 12836 | Lair:4   | 12836 ||| INVOKING Heroism.
 12843 | Lair:4   | 12843 ||| Stepping ~*~*~tactically~*~*~ (stealth).
 12850 | Lair:4   | 12850 ||| SWAPPING to +2 hand axe of flaming.
 12861 | Lair:4   | 12861 ||| SWAPPING to +2 heavy war axe.
 12862 | Lair:4   | 12862 ||| Stepping ~*~*~tactically~*~*~ (stealth).
 12865 | Lair:4   | 12865 ||| INVOKING Finesse.
 12869 | Lair:4   | Received a gift from Okawaru
 12896 | Lair:4   | 12896 ||| INVOKING Heroism.
 12978 | Lair:4   | Gained mutation: Your large and strong wings let you fly.
                  | [Gargoyle growth]
 12978 | Lair:4   | Reached XP level 14. HP: 90/90 MP: 21/21
 13331 | Lair:4   | Found a staircase to the Slime Pits.
 13533 | Lair:4   | 13533 ||| DRINKING 2 bubbling yellow potions.
 13534 | Lair:4   | 13534 ||| DRINKING 8 potions of curing.
 13534 | Lair:4   | 13534 ||| (to cure confusion)
 13535 | Lair:4   | 13535 ||| DROPPING potion of ambrosia.
 13542 | Lair:5   | Entered Level 5 of the Lair of Beasts
 13574 | Lair:5   | 13574 ||| INVOKING Heroism.
 13743 | Lair:5   | 13743 ||| INVOKING Heroism.
 13754 | Lair:5   | Received a gift from Okawaru
 14025 | Lair:5   | 14025 ||| Stepping ~*~*~tactically~*~*~ (stealth).
 14026 | Lair:5   | 14026 ||| Stepping ~*~*~tactically~*~*~ (stealth).
 14043 | Lair:5   | Reached skill level 6 in Throwing
 14127 | Lair:5   | 14127 ||| Stepping ~*~*~tactically~*~*~ (hiding).
 14137 | Lair:5   | 14137 ||| Stepping ~*~*~tactically~*~*~ (stealth).
 14156 | Lair:5   | 14156 ||| FLEEEEING.
 14157 | Lair:5   | 14157 ||| FLEEEEING.
 14175 | Lair:5   | 14175 ||| Stepping ~*~*~tactically~*~*~ (stealth).
 14191 | Lair:5   | 14191 ||| Stepping ~*~*~tactically~*~*~ (stealth).
 14211 | Lair:5   | 14211 ||| Stepping ~*~*~tactically~*~*~ (stealth).
 14221 | Lair:5   | 14221 ||| Stepping ~*~*~tactically~*~*~ (stealth).
 14266 | Lair:5   | 14266 ||| Stepping ~*~*~tactically~*~*~ (stealth).
 14267 | Lair:5   | 14267 ||| Stepping ~*~*~tactically~*~*~ (stealth).
 14452 | Lair:5   | 14452 ||| Stepping ~*~*~tactically~*~*~ (hiding).
 14532 | Lair:5   | 14532 ||| INVOKING Heroism.
 14535 | Lair:5   | Reached skill level 15 in Axes
 14617 | Lair:5   | 14617 ||| Stepping ~*~*~tactically~*~*~ (stealth).
 14621 | Lair:5   | 14621 ||| Stepping ~*~*~tactically~*~*~ (stealth).
 14655 | Lair:5   | 14655 ||| Stepping ~*~*~tactically~*~*~ (stealth).
 14657 | Lair:5   | 14657 ||| Stepping ~*~*~tactically~*~*~ (hiding).
 14669 | Lair:5   | 14669 ||| INVOKING Heroism.
 14795 | Lair:5   | 14795 ||| Stepping ~*~*~tactically~*~*~ (stealth).
 14795 | Lair:5   | Found a corrupted altar of Lugonu.
 14796 | Lair:5   | 14796 ||| Stepping ~*~*~tactically~*~*~ (stealth).
 14797 | Lair:5   | Found a one-way gate to the infinite horrors of the Abyss.
 14834 | Lair:5   | 14834 ||| READING scroll of enchant weapon.
 14834 | Lair:5   | 14834 ||| ENCHANTING +2 heavy war axe.
 14841 | Lair:5   | Identified the +5 long sword "Faoherch" {flame, rElec rCorr
                  | Int+3 Stlth+}
 14952 | Lair:5   | 14952 ||| INVOKING Heroism.
 14953 | Lair:5   | 14953 ||| INVOKING Finesse.
 14957 | Lair:5   | 14957 ||| SWAPPING to +2 hand axe of flaming.
 14960 | Lair:5   | Reached skill level 12 in Fighting
 14960 | Lair:5   | 14960 ||| SWAPPING to +3 heavy war axe.
 15018 | Lair:5   | Received a gift from Okawaru
 15123 | Lair:5   | Received a gift from Okawaru
 15472 | Lair:5   | 15472 ||| PLANNING D:1-11
 15472 | Lair:5   | 15472 ||| DROPPING +3 chain mail.
 15473 | Lair:5   | 15473 ||| DROPPING amulet of regeneration.
 15620 | D:11     | Found a basalt altar of Yredelemnul.
 15677 | D:11     | Found Ylicor's Jewellery Shop.
 15681 | D:11     | Noticed Sonja
 15682 | D:11     | 15682 ||| INVOKING Finesse.
 15687 | D:11     | Killed Sonja
 15778 | D:11     | Reached skill level 12 in Armour
 15778 | D:11     | 15778 ||| FLEEEEING.
 15779 | D:11     | 15779 ||| FLEEEEING.
 15790 | D:11     | 15790 ||| FLEEEEING.
 15800 | D:11     | 15800 ||| INVOKING Heroism.
 15919 | D:11     | 15919 ||| Stepping ~*~*~tactically~*~*~ (stealth).
 15922 | D:11     | 15922 ||| Stepping ~*~*~tactically~*~*~ (stealth).
 15993 | D:11     | 15993 ||| Stepping ~*~*~tactically~*~*~ (hiding).
 15996 | D:11     | 15996 ||| Stepping ~*~*~tactically~*~*~ (hiding).
 16001 | D:11     | 16001 ||| Stepping ~*~*~tactically~*~*~ (stealth).
 16004 | D:11     | Received a gift from Okawaru
 16058 | D:11     | 16058 ||| Stepping ~*~*~tactically~*~*~ (hiding).
 16060 | D:11     | 16060 ||| INVOKING Heroism.
 16496 | D:11     | 16496 ||| READING scroll of enchant weapon.
 16496 | D:11     | 16496 ||| ENCHANTING +3 heavy war axe.
 16497 | D:11     | 16497 ||| DROPPING +4 war axe.
 16685 | D:11     | 16685 ||| BUYING +5 ring of evasion (360 gold).
 16685 | D:11     | Bought a +5 ring of evasion for 360 gold pieces
 16685 | D:11     | 16685 ||| BUYING +5 ring of evasion (360 gold).
 16685 | D:11     | Bought a +5 ring of evasion for 360 gold pieces
 16822 | D:11     | 16822 ||| PLANNING D
 16822 | D:11     | 16822 ||| UPGRADING to +5 ring of evasion.
 16824 | D:11     | 16824 ||| UPGRADING to +5 ring of evasion.
 16826 | D:11     | 16826 ||| DROPPING ring of willpower.
 16827 | D:11     | 16827 ||| READING scroll labelled UXTI FEOGU.
 16827 | D:11     | Identified a scroll of acquirement
 16827 | D:11     | 16827 ||| ACQUIRING 917 gold pieces
 16827 | D:11     | Acquired 917 gold pieces
 16829 | D:11     | 16829 ||| READING 4 scrolls of identify.
 16829 | D:11     | 16829 ||| IDENTIFYING orange potion
 16839 | D:12     | 16839 ||| STAIRDANCE
 16844 | D:11     | 16844 ||| INVOKING Heroism.
 16845 | D:11     | Received a gift from Okawaru
 17073 | D:12     | Found Saniqisu's Jewellery Emporium.
 17078 | D:12     | 17078 ||| BUYING amulet of faith (640 gold).
 17078 | D:12     | Bought an amulet of faith for 640 gold pieces
 17100 | D:12     | Found Hiyvih's Antique Weapon Boutique.
 17110 | D:12     | 17110 ||| UPGRADING to amulet of faith.
 17144 | D:12     | Found Ygip Dihe's Book Boutique.
 17211 | D:12     | Found Etimm's Assorted Antiques.
 17216 | D:12     | 17216 ||| BUYING potion of heal wounds (165 gold).
 17216 | D:12     | Bought a potion of heal wounds for 165 gold pieces
 17216 | D:12     | 17216 ||| BUYING scroll of enchant armour (247 gold).
 17216 | D:12     | Bought a scroll of enchant armour for 247 gold pieces
 17216 | D:12     | 17216 ||| BUYING scroll of identify (66 gold).
 17216 | D:12     | Bought a scroll of identify for 66 gold pieces
 17216 | D:12     | 17216 ||| READING scroll of enchant armour.
 17216 | D:12     | 17216 ||| ENCHANTING +0 pair of gloves.
 17260 | D:12     | Found Rumoj's Magic Scroll Emporium.
 17275 | D:12     | 17275 ||| SHOPLISTING scroll of enchant armour (112 gold,
                  | have 56).
 17275 | D:12     | 17275 ||| SHOPLISTING scroll of enchant weapon (112 gold,
                  | have 56).
 17275 | D:12     | 17275 ||| BUYING scroll of identify (30 gold).
 17275 | D:12     | Bought a scroll of identify for 30 gold pieces
 17275 | D:12     | 17275 ||| SHOPLISTING scroll of identify (30 gold, have
                  | 26).
 17275 | D:12     | 17275 ||| SHOPLISTING scroll of teleportation (45 gold,
                  | have 26).
 17661 | D:12     | 17661 ||| READING 5 scrolls of identify.
 17661 | D:12     | 17661 ||| IDENTIFYING golden potion
 17805 | D:13     | 17805 ||| Stepping ~*~*~tactically~*~*~ (hiding).
 17819 | D:13     | 17819 ||| INVOKING Heroism.
 17968 | D:13     | 17968 ||| Stepping ~*~*~tactically~*~*~ (stealth).
 18120 | D:13     | 18120 ||| FLEEEEING.
 18121 | D:13     | 18121 ||| FLEEEEING.
 18130 | D:13     | 18130 ||| FLEEEEING.
 18131 | D:13     | 18131 ||| FLEEEEING.
 18138 | D:13     | 18138 ||| FLEEEEING.
 18139 | D:13     | 18139 ||| FLEEEEING.
 18140 | D:13     | 18140 ||| FLEEEEING.
 18141 | D:13     | 18141 ||| FLEEEEING.
 18142 | D:13     | 18142 ||| FLEEEEING.
 18143 | D:13     | 18143 ||| FLEEEEING.
 18150 | D:13     | 18150 ||| FLEEEEING.
 18151 | D:13     | 18151 ||| STAIRDANCE
 18183 | D:13     | 18183 ||| STAIRDANCE
 18256 | D:13     | Noticed Rupert
 18257 | D:13     | 18257 ||| SWAPPING to +2 hand axe of flaming.
 18258 | D:13     | 18258 ||| INVOKING Heroism.
 18259 | D:13     | 18259 ||| INVOKING Finesse.
 18285 | D:13     | Killed Rupert
 18286 | D:13     | Reached XP level 15. HP: 56/96 MP: 15/22
 18295 | D:13     | Received a gift from Okawaru
 18296 | D:13     | Reached skill level 3 in Dodging
 18307 | D:13     | 18307 ||| SWAPPING to +4 heavy war axe.
 18498 | D:13     | 18498 ||| SWAPPING to +4 broad axe of electrocution.
 18499 | D:13     | 18499 ||| DROPPING +4 heavy war axe.
 18502 | D:13     | Identified the +4 falchion "Lankiur" {flame, rPois}
 18506 | D:13     | Identified the +8 long sword "Moiru" {heavy, +Blink Str-2
                  | Int+3}
 18514 | D:13     | Identified the amulet "Favamide" {Acrobat Fragile Int+6}
 18533 | D:13     | 18533 ||| Stepping ~*~*~tactically~*~*~ (hiding).
 18534 | D:13     | 18534 ||| Stepping ~*~*~tactically~*~*~ (hiding).
 18555 | D:13     | 18555 ||| INVOKING Heroism.
 18768 | D:13     | 18768 ||| Stepping ~*~*~tactically~*~*~ (hiding).
 18810 | D:13     | 18810 ||| Stepping ~*~*~tactically~*~*~ (hiding).
 18852 | D:13     | 18852 ||| Stepping ~*~*~tactically~*~*~ (stealth).
 18854 | D:13     | 18854 ||| Stepping ~*~*~tactically~*~*~ (stealth).
 18906 | D:13     | 18906 ||| READING scroll of acquirement.
 18906 | D:13     | 18906 ||| ACQUIRING 725 gold pieces
 18906 | D:13     | Acquired 725 gold pieces
 18988 | D:13     | Noticed Frances
 18989 | D:13     | 18989 ||| Stepping ~*~*~tactically~*~*~ (hiding).
 18990 | D:13     | 18990 ||| Stepping ~*~*~tactically~*~*~ (hiding).
 18991 | D:13     | 18991 ||| Stepping ~*~*~tactically~*~*~ (hiding).
 18992 | D:13     | 18992 ||| Stepping ~*~*~tactically~*~*~ (hiding).
 18993 | D:13     | 18993 ||| INVOKING Heroism.
 18994 | D:13     | 18994 ||| INVOKING Finesse.
 19004 | D:13     | Killed Frances
 19207 | D:13     | Found a gate to the Vaults.
 19208 | D:13     | 19208 ||| Stepping ~*~*~tactically~*~*~ (hiding).
 19222 | D:13     | Received a gift from Okawaru
 19229 | D:13     | 19229 ||| INVOKING Heroism.
 19253 | D:13     | Identified the +0 pair of boots of Midwinter {Will+++ MP-9
                  | Str+2} (Okawaru gifted it to you on level 13 of the
                  | Dungeon)
 19253 | D:13     | Received a gift from Okawaru
 19674 | D:13     | 19674 ||| INVOKING Heroism.
 19934 | D:13     | 19934 ||| UPGRADING to +0 pair of boots of Midwinter
                  | {Will+++ MP-9 Str+2}.
 19944 | D:13     | 19944 ||| DROPPING +0 pair of boots.
 19945 | D:13     | 19945 ||| DROPPING +1 pair of boots.
 19946 | D:13     | 19946 ||| DROPPING amulet "Favamide" {Acrobat Fragile
                  | Int+6}.
 20021 | D:13     | 20021 ||| Stepping ~*~*~tactically~*~*~ (cloud).
 20184 | D:14     | 20184 ||| Stepping ~*~*~tactically~*~*~ (hiding).
 20225 | D:14     | 20225 ||| Stepping ~*~*~tactically~*~*~ (stealth).
 20227 | D:14     | 20227 ||| Stepping ~*~*~tactically~*~*~ (stealth).
 20229 | D:14     | 20229 ||| Stepping ~*~*~tactically~*~*~ (stealth).
 20241 | D:14     | 20241 ||| INVOKING Heroism.
 20402 | D:14     | Found a runed translucent door.
 20741 | D:14     | 20741 ||| Stepping ~*~*~tactically~*~*~ (hiding).
 20742 | D:14     | 20742 ||| Stepping ~*~*~tactically~*~*~ (hiding).
 20752 | D:14     | 20752 ||| INVOKING Heroism.
 20753 | D:14     | 20753 ||| INVOKING Finesse.
 20756 | D:14     | 20756 ||| SWAPPING to +2 hand axe of flaming.
 20763 | D:14     | 20763 ||| SWAPPING to +4 broad axe of electrocution.
 20920 | D:14     | 20920 ||| Stepping ~*~*~tactically~*~*~ (hiding).
 20921 | D:14     | 20921 ||| Stepping ~*~*~tactically~*~*~ (hiding).
 20922 | D:14     | 20922 ||| Stepping ~*~*~tactically~*~*~ (hiding).
 21130 | D:14     | 21130 ||| DROPPING ring of wizardry.
 21157 | D:14     | 21157 ||| INVOKING Heroism.
 21159 | D:14     | 21159 ||| Stepping ~*~*~tactically~*~*~ (hiding).
 21186 | D:14     | Reached XP level 16. HP: 44/104 MP: 14/23
 21384 | D:15     | Entered Level 15 of the Dungeon
 21437 | D:15     | 21437 ||| Stepping ~*~*~tactically~*~*~ (hiding).
 21440 | D:15     | 21440 ||| Stepping ~*~*~tactically~*~*~ (hiding).
 21548 | D:15     | 21548 ||| Stepping ~*~*~tactically~*~*~ (stealth).
 21552 | D:15     | 21552 ||| Stepping ~*~*~tactically~*~*~ (stealth).
 21554 | D:15     | 21554 ||| INVOKING Heroism.
 21603 | D:15     | 21603 ||| INVOKING Finesse.
 21611 | D:15     | 21611 ||| SWAPPING to +2 hand axe of flaming.
 21612 | D:15     | 21612 ||| INVOKING Heroism.
 21613 | D:15     | 21613 ||| SWAPPING to +4 broad axe of electrocution.
 21739 | D:15     | 21739 ||| SWAPPING to +3 vampiric war axe.
 21776 | D:15     | Received a gift from Okawaru
 22027 | D:15     | Found a glowing golden altar of the Shining One.
 22070 | D:15     | 22070 ||| Stepping ~*~*~tactically~*~*~ (stealth).
 22072 | D:15     | 22072 ||| Stepping ~*~*~tactically~*~*~ (hiding).
 22223 | D:15     | 22223 ||| Stepping ~*~*~tactically~*~*~ (hiding).
 22224 | D:15     | 22224 ||| Stepping ~*~*~tactically~*~*~ (hiding).
 22240 | D:15     | 22240 ||| Stepping ~*~*~tactically~*~*~ (hiding).
 22260 | D:15     | 22260 ||| INVOKING Heroism.
 22268 | D:15     | Reached skill level 9 in Shields
 22279 | D:15     | Found a staircase to the Depths.
 22304 | D:15     | 22304 ||| Stepping ~*~*~tactically~*~*~ (hiding).
 22518 | D:15     | Found Lihucw's General Store.
 22623 | D:15     | 22623 ||| BUYING scroll of teleportation (42 gold).
 22623 | D:15     | Bought a scroll of teleportation for 42 gold pieces
 22623 | D:15     | 22623 ||| PLANNING ORC
 22623 | D:15     | 22623 ||| READING scroll labelled UMNUSO FUSURU.
 22876 | Orc:1    | Entered Level 1 of the Orcish Mines
 23006 | Orc:2    | Entered Level 2 of the Orcish Mines
 23080 | Orc:1    | 23080 ||| SWAPPING to +3 war axe of flaming.
 23081 | Orc:1    | 23081 ||| DROPPING +2 hand axe of flaming.
 23161 | Orc:1    | Found the +8 autumn katana {manifold assault}
 23162 | Orc:1    | 23162 ||| INVOKING Heroism.
 23167 | Orc:1    | 23167 ||| INVOKING Finesse.
 23335 | Orc:1    | 23335 ||| READING 2 scrolls of enchant weapon.
 23335 | Orc:1    | 23335 ||| ENCHANTING +3 war axe of flaming.
 23336 | Orc:1    | 23336 ||| READING scroll of enchant weapon.
 23336 | Orc:1    | 23336 ||| ENCHANTING +4 war axe of flaming.
 23538 | Orc:2    | 23538 ||| Stepping ~*~*~tactically~*~*~ (hiding).
 23539 | Orc:2    | 23539 ||| Stepping ~*~*~tactically~*~*~ (hiding).
 23599 | Orc:2    | 23599 ||| Stepping ~*~*~tactically~*~*~ (stealth).
 23600 | Orc:2    | 23600 ||| Stepping ~*~*~tactically~*~*~ (stealth).
 23601 | Orc:2    | 23601 ||| Stepping ~*~*~tactically~*~*~ (stealth).
 23660 | Orc:2    | Received a gift from Okawaru
 23671 | Orc:1    | 23671 ||| INVOKING Heroism.
 23819 | Orc:2    | Found a staircase to the Elven Halls.
 23952 | Orc:2    | 23952 ||| Stepping ~*~*~tactically~*~*~ (hiding).
 23953 | Orc:2    | 23953 ||| Stepping ~*~*~tactically~*~*~ (hiding).
 23954 | Orc:2    | 23954 ||| Stepping ~*~*~tactically~*~*~ (hiding).
 23956 | Orc:2    | 23956 ||| INVOKING Heroism.
 23989 | Orc:2    | HP: 25/106 [orc knight/bolt (4)]
 23990 | Orc:2    | 23990 ||| READING 11 scrolls of teleportation.
 23991 | Orc:2    | 23991 ||| DRINKING 8 potions of heal wounds.
 23997 | Orc:2    | 23997 ||| FLEEEEING.
 24004 | Orc:2    | 24004 ||| STAIRDANCE
 24194 | Orc:2    | 24194 ||| Stepping ~*~*~tactically~*~*~ (hiding).
 24211 | Orc:2    | 24211 ||| Stepping ~*~*~tactically~*~*~ (hiding).
 24224 | Orc:2    | 24224 ||| Stepping ~*~*~tactically~*~*~ (stealth).
 24225 | Orc:2    | 24225 ||| Stepping ~*~*~tactically~*~*~ (hiding).
 24226 | Orc:2    | 24226 ||| Stepping ~*~*~tactically~*~*~ (hiding).
 24233 | Orc:2    | Received a gift from Okawaru
 24237 | Orc:2    | 24237 ||| INVOKING Heroism.
 24406 | Orc:2    | 24406 ||| Stepping ~*~*~tactically~*~*~ (hiding).
 24407 | Orc:2    | 24407 ||| Stepping ~*~*~tactically~*~*~ (hiding).
 24426 | Orc:2    | 24426 ||| Stepping ~*~*~tactically~*~*~ (stealth).
 24427 | Orc:2    | 24427 ||| INVOKING Heroism.
 24450 | Orc:2    | 24450 ||| SWAPPING to +0 vampiric broad axe.
 24481 | Orc:2    | Found Soot's General Store.
 24487 | Orc:2    | 24487 ||| Stepping ~*~*~tactically~*~*~ (hiding).
 24488 | Orc:2    | 24488 ||| INVOKING Heroism.
 24505 | Orc:2    | 24505 ||| Stepping ~*~*~tactically~*~*~ (hiding).
 24506 | Orc:2    | 24506 ||| Stepping ~*~*~tactically~*~*~ (hiding).
 24507 | Orc:2    | 24507 ||| Stepping ~*~*~tactically~*~*~ (hiding).
 24512 | Orc:2    | 24512 ||| Stepping ~*~*~tactically~*~*~ (hiding).
 24514 | Orc:2    | 24514 ||| Stepping ~*~*~tactically~*~*~ (hiding).
 24593 | Orc:2    | Found Ojesydoo's Antique Weapon Emporium.
 24593 | Orc:2    | Found Feafopeoh's Magic Scroll Boutique.
 24593 | Orc:2    | Found Rifrisag's General Store.
 24600 | Orc:2    | 24600 ||| BUYING +2 pair of boots of stealth (258 gold).
 24600 | Orc:2    | Bought a +2 pair of boots of stealth for 258 gold pieces
 24603 | Orc:2    | 24603 ||| BUYING scroll of teleportation (39 gold).
 24603 | Orc:2    | Bought a scroll of teleportation for 39 gold pieces
 24603 | Orc:2    | 24603 ||| BUYING scroll of teleportation (39 gold).
 24603 | Orc:2    | Bought a scroll of teleportation for 39 gold pieces
 24605 | Orc:2    | 24605 ||| BUYING potion of haste (170 gold).
 24605 | Orc:2    | Bought a potion of haste for 170 gold pieces
 24605 | Orc:2    | 24605 ||| BUYING potion of heal wounds (85 gold).
 24605 | Orc:2    | Bought a potion of heal wounds for 85 gold pieces
 24667 | Orc:2    | 24667 ||| PLANNING SNAKE:1-3
 24882 | Snake:1  | Entered Level 1 of the Snake Pit
 25011 | Snake:1  | 25011 ||| Stepping ~*~*~tactically~*~*~ (hiding).
 25012 | Snake:1  | 25012 ||| Stepping ~*~*~tactically~*~*~ (hiding).
 25116 | Snake:1  | 25116 ||| READING scroll of enchant weapon.
 25116 | Snake:1  | 25116 ||| ENCHANTING +0 vampiric broad axe.
 25229 | Snake:1  | 25229 ||| READING scroll of enchant armour.
 25229 | Snake:1  | 25229 ||| ENCHANTING +1 pair of gloves.
 25344 | Snake:1  | 25344 ||| Stepping ~*~*~tactically~*~*~ (hiding).
 25347 | Snake:1  | Noticed a nagaraja
 25348 | Snake:1  | 25348 ||| INVOKING Heroism.
 25381 | Snake:1  | Killed a nagaraja
 25390 | Snake:1  | Noticed a nagaraja
 25393 | Snake:1  | 25393 ||| Stepping ~*~*~tactically~*~*~ (hiding).
 25394 | Snake:1  | 25394 ||| Stepping ~*~*~tactically~*~*~ (hiding).
 25402 | Snake:1  | 25402 ||| INVOKING Heroism.
 25422 | Snake:1  | Killed a nagaraja
 25423 | Snake:1  | Reached skill level 18 in Axes
 25477 | Snake:1  | 25477 ||| Stepping ~*~*~tactically~*~*~ (hiding).
 25535 | Snake:1  | 25535 ||| READING scroll of enchant weapon.
 25535 | Snake:1  | 25535 ||| ENCHANTING +1 vampiric broad axe.
 25591 | Snake:1  | 25591 ||| Stepping ~*~*~tactically~*~*~ (hiding).
 25594 | Snake:1  | 25594 ||| Stepping ~*~*~tactically~*~*~ (hiding).
 25785 | Snake:1  | 25785 ||| Stepping ~*~*~tactically~*~*~ (hiding).
 25787 | Snake:1  | 25787 ||| Stepping ~*~*~tactically~*~*~ (hiding).
 25790 | Snake:1  | 25790 ||| INVOKING Heroism.
 26125 | Snake:1  | 26125 ||| DROPPING +2 pair of boots of stealth.
 26126 | Snake:1  | 26126 ||| UPGRADING to +1 kite shield of reflection.
 26136 | Snake:1  | 26136 ||| DROPPING +0 buckler.
 26160 | Snake:2  | 26160 ||| Stepping ~*~*~tactically~*~*~ (hiding).
 26214 | Snake:2  | Received a gift from Okawaru
 26226 | Snake:2  | 26226 ||| INVOKING Heroism.
 26263 | Snake:2  | 26263 ||| Stepping ~*~*~tactically~*~*~ (stealth).
 26264 | Snake:2  | 26264 ||| Stepping ~*~*~tactically~*~*~ (stealth).
 26268 | Snake:2  | 26268 ||| Stepping ~*~*~tactically~*~*~ (stealth).
 26281 | Snake:2  | 26281 ||| Stepping ~*~*~tactically~*~*~ (stealth).
 26284 | Snake:2  | 26284 ||| Stepping ~*~*~tactically~*~*~ (stealth).
 26298 | Snake:2  | 26298 ||| Stepping ~*~*~tactically~*~*~ (stealth).
 26299 | Snake:2  | 26299 ||| Stepping ~*~*~tactically~*~*~ (stealth).
 26300 | Snake:2  | 26300 ||| DROPPING +2 broad axe of electrocution.
 26313 | Snake:2  | 26313 ||| READING scroll of enchant armour.
 26313 | Snake:2  | 26313 ||| ENCHANTING +0 helmet.
 26372 | Snake:2  | 26372 ||| Stepping ~*~*~tactically~*~*~ (hiding).
 26373 | Snake:2  | 26373 ||| Stepping ~*~*~tactically~*~*~ (hiding).
 26374 | Snake:2  | 26374 ||| Stepping ~*~*~tactically~*~*~ (hiding).
 26376 | Snake:2  | 26376 ||| Stepping ~*~*~tactically~*~*~ (hiding).
 26470 | Snake:2  | 26470 ||| Stepping ~*~*~tactically~*~*~ (hiding).
 26471 | Snake:2  | 26471 ||| Stepping ~*~*~tactically~*~*~ (hiding).
 26472 | Snake:2  | 26472 ||| Stepping ~*~*~tactically~*~*~ (hiding).
 26504 | Snake:2  | 26504 ||| INVOKING Heroism.
 26513 | Snake:2  | Reached XP level 17. HP: 70/111 MP: 13/24
 26608 | Snake:2  | 26608 ||| Stepping ~*~*~tactically~*~*~ (hiding).
 26609 | Snake:2  | 26609 ||| Stepping ~*~*~tactically~*~*~ (hiding).
 26610 | Snake:2  | 26610 ||| INVOKING Heroism.
 26612 | Snake:2  | 26612 ||| Stepping ~*~*~tactically~*~*~ (hiding).
 26613 | Snake:2  | 26613 ||| Stepping ~*~*~tactically~*~*~ (hiding).
 26648 | Snake:2  | Identified the +2 robe of Foolhardiness {Will+}
 26690 | Snake:2  | 26690 ||| Stepping ~*~*~tactically~*~*~ (hiding).
 26691 | Snake:2  | 26691 ||| Stepping ~*~*~tactically~*~*~ (hiding).
 26848 | Snake:2  | 26848 ||| READING 9 scrolls of identify.
 26848 | Snake:2  | 26848 ||| IDENTIFYING grey potion
 26896 | Snake:3  | Received a gift from Okawaru
 26944 | Snake:3  | Identified the +1 war axe of Oxurigor {vamp, Will+}
 26951 | Snake:3  | 26951 ||| Stepping ~*~*~tactically~*~*~ (stealth).
 26960 | Snake:3  | Reached skill level 12 in Shields
 26987 | Snake:3  | 26987 ||| Stepping ~*~*~tactically~*~*~ (hiding).
 26990 | Snake:3  | 26990 ||| Stepping ~*~*~tactically~*~*~ (hiding).
 26997 | Snake:3  | 26997 ||| INVOKING Heroism.
 27476 | Snake:3  | 27476 ||| READING scroll of enchant armour.
 27476 | Snake:3  | 27476 ||| ENCHANTING +1 helmet.
 27575 | Snake:3  | 27575 ||| Stepping ~*~*~tactically~*~*~ (hiding).
 27720 | Snake:3  | Found Aroemp's Assorted Antiques.
 27728 | Snake:3  | 27728 ||| BUYING potion of curing (126 gold).
 27728 | Snake:3  | Bought a potion of curing for 126 gold pieces
 27728 | Snake:3  | 27728 ||| BUYING scroll labelled NETWO AXIOMOFEUPO (42
                  | gold).
 27728 | Snake:3  | Bought a scroll labelled NETWO AXIOMOFEUPO for 42 gold
                  | pieces
 27728 | Snake:3  | 27728 ||| BUYING scroll of enchant armour (315 gold).
 27728 | Snake:3  | Bought a scroll of enchant armour for 315 gold pieces
 27728 | Snake:3  | 27728 ||| READING scroll of enchant armour.
 27728 | Snake:3  | 27728 ||| ENCHANTING +0 plate armour.
 27736 | Snake:3  | 27736 ||| Stepping ~*~*~tactically~*~*~ (hiding).
 27737 | Snake:3  | 27737 ||| Stepping ~*~*~tactically~*~*~ (hiding).
 27752 | Snake:3  | 27752 ||| FLEEEEING.
 27753 | Snake:3  | 27753 ||| FLEEEEING.
 27766 | Snake:3  | 27766 ||| FLEEEEING.
 27767 | Snake:3  | 27767 ||| FLEEEEING.
 27768 | Snake:3  | 27768 ||| FLEEEEING.
 27780 | Snake:3  | 27780 ||| INVOKING Heroism.
 27995 | Snake:3  | 27995 ||| INVOKING Heroism.
 28057 | Snake:3  | 28057 ||| Stepping ~*~*~tactically~*~*~ (hiding).
 28058 | Snake:3  | 28058 ||| Stepping ~*~*~tactically~*~*~ (hiding).
 28266 | Snake:3  | 28266 ||| PLANNING SWAMP:1-3
 28266 | Snake:3  | 28266 ||| UPGRADING to +2 kite shield of protection.
 28276 | Snake:3  | 28276 ||| DROPPING +1 kite shield of reflection.
 28277 | Snake:3  | 28277 ||| READING scroll labelled NETWO AXIOMOFEUPO.
 28485 | Swamp:1  | Entered Level 1 of the Swamp
 28486 | Swamp:1  | 28486 ||| INVOKING Heroism.
 28503 | Swamp:1  | Received a gift from Okawaru
 28530 | Swamp:1  | 28530 ||| SWAPPING to +5 war axe of flaming.
 28534 | Swamp:1  | 28534 ||| SWAPPING to +2 vampiric broad axe.
 28549 | Swamp:1  | 28549 ||| Stepping ~*~*~tactically~*~*~ (stealth).
 28552 | Swamp:1  | 28552 ||| INVOKING Heroism.
 28554 | Swamp:1  | 28554 ||| SWAPPING to +5 war axe of flaming.
 28556 | Swamp:1  | 28556 ||| Stepping ~*~*~tactically~*~*~ (hiding).
 28557 | Swamp:1  | 28557 ||| SWAPPING to +2 vampiric broad axe.
 28566 | Swamp:1  | 28566 ||| SWAPPING to +5 war axe of flaming.
 28573 | Swamp:1  | Received a gift from Okawaru
 28574 | Swamp:1  | 28574 ||| SWAPPING to +2 vampiric broad axe.
 28685 | Swamp:1  | 28685 ||| INVOKING Heroism.
 28692 | Swamp:1  | 28692 ||| SWAPPING to +5 war axe of flaming.
 28699 | Swamp:1  | 28699 ||| SWAPPING to +2 vampiric broad axe.
 28709 | Swamp:1  | 28709 ||| Stepping ~*~*~tactically~*~*~ (stealth).
 28710 | Swamp:1  | 28710 ||| SWAPPING to +5 war axe of flaming.
 28714 | Swamp:1  | 28714 ||| SWAPPING to +2 vampiric broad axe.
 28807 | Swamp:1  | 28807 ||| INVOKING Heroism.
 28808 | Swamp:1  | 28808 ||| INVOKING Finesse.
 28822 | Swamp:1  | Received a gift from Okawaru
 29108 | Swamp:1  | 29108 ||| Stepping ~*~*~tactically~*~*~ (cloud).
 29179 | Swamp:2  | 29179 ||| INVOKING Heroism.
 29201 | Swamp:2  | 29201 ||| STAIRDANCE
 29264 | Swamp:2  | 29264 ||| STAIRDANCE
 29410 | Swamp:2  | Received a gift from Okawaru
 29436 | Swamp:2  | 29436 ||| Stepping ~*~*~tactically~*~*~ (hiding).
 29440 | Swamp:2  | 29440 ||| INVOKING Heroism.
 29448 | Swamp:2  | Reached skill level 15 in Fighting
 29464 | Swamp:2  | Noticed a tentacled monstrosity
 29469 | Swamp:2  | 29469 ||| SWAPPING to +5 war axe of flaming.
 29470 | Swamp:2  | 29470 ||| SWAPPING to +2 vampiric broad axe.
 29472 | Swamp:2  | 29472 ||| SWAPPING to +5 war axe of flaming.
 29479 | Swamp:2  | 29479 ||| SWAPPING to +2 vampiric broad axe.
 29484 | Swamp:2  | Killed a tentacled monstrosity
 29568 | Swamp:2  | 29568 ||| INVOKING Heroism.
 29629 | Swamp:2  | 29629 ||| Stepping ~*~*~tactically~*~*~ (hiding).
 29656 | Swamp:2  | You are sucked into a shaft and drop 1 floor!
 29671 | Swamp:3  | Received a gift from Okawaru
 29672 | Swamp:3  | Reached XP level 18. HP: 119/119 MP: 16/25
 29672 | Swamp:3  | 29672 ||| DROPPING +5 war axe of flaming.
 29674 | Swamp:3  | 29674 ||| DROPPING +0 broad axe of flaming.
 29711 | Swamp:3  | 29711 ||| Stepping ~*~*~tactically~*~*~ (stealth).
 29713 | Swamp:3  | 29713 ||| INVOKING Heroism.
 29765 | Swamp:3  | 29765 ||| Stepping ~*~*~tactically~*~*~ (hiding).
 29777 | Swamp:3  | 29777 ||| INVOKING Heroism.
 29857 | Swamp:2  | 29857 ||| Stepping ~*~*~tactically~*~*~ (hiding).
 29977 | Swamp:2  | 29977 ||| INVOKING Heroism.
 29985 | Swamp:2  | Reached skill level 15 in Armour
 30307 | Swamp:3  | 30307 ||| INVOKING Heroism.
 30347 | Swamp:3  | 30347 ||| INVOKING Heroism.
 30351 | Swamp:3  | 30351 ||| Stepping ~*~*~tactically~*~*~ (stealth).
 30481 | Swamp:3  | 30481 ||| PLANNING SNAKE:4
 30650 | Snake:4  | Entered Level 4 of the Snake Pit
 30652 | Snake:4  | 30652 ||| INVOKING Heroism.
 30690 | Snake:4  | 30690 ||| INVOKING Heroism.
 30724 | Snake:4  | 30724 ||| Stepping ~*~*~tactically~*~*~ (hiding).
 30801 | Snake:4  | 30801 ||| Stepping ~*~*~tactically~*~*~ (hiding).
 30805 | Snake:4  | 30805 ||| Stepping ~*~*~tactically~*~*~ (hiding).
 30833 | Snake:4  | Reached skill level 15 in Shields
 30937 | Snake:4  | 30937 ||| Stepping ~*~*~tactically~*~*~ (stealth).
 31140 | Snake:4  | 31140 ||| Stepping ~*~*~tactically~*~*~ (hiding).
 31141 | Snake:4  | 31141 ||| Stepping ~*~*~tactically~*~*~ (hiding).
 31142 | Snake:4  | 31142 ||| Stepping ~*~*~tactically~*~*~ (hiding).
 31144 | Snake:4  | 31144 ||| Stepping ~*~*~tactically~*~*~ (hiding).
 31350 | Snake:4  | 31350 ||| Stepping ~*~*~tactically~*~*~ (hiding).
 31446 | Snake:4  | 31446 ||| INVOKING Heroism.
 31509 | Snake:4  | 31509 ||| INVOKING Heroism.
 31511 | Snake:4  | 31511 ||| Stepping ~*~*~tactically~*~*~ (hiding).
 31541 | Snake:4  | Received a gift from Okawaru
 31741 | Snake:4  | 31741 ||| INVOKING Heroism.
 31797 | Snake:4  | 31797 ||| Stepping ~*~*~tactically~*~*~ (stealth).
 31798 | Snake:4  | 31798 ||| Stepping ~*~*~tactically~*~*~ (stealth).
 31800 | Snake:4  | 31800 ||| Stepping ~*~*~tactically~*~*~ (stealth).
 31805 | Snake:4  | Received a gift from Okawaru
 32014 | Snake:4  | 32014 ||| Stepping ~*~*~tactically~*~*~ (hiding).
 32015 | Snake:4  | 32015 ||| Stepping ~*~*~tactically~*~*~ (hiding).
 32016 | Snake:4  | 32016 ||| Stepping ~*~*~tactically~*~*~ (hiding).
 32017 | Snake:4  | 32017 ||| INVOKING Heroism.
 32049 | Snake:4  | 32049 ||| INVOKING Heroism.
 32050 | Snake:4  | 32050 ||| Stepping ~*~*~tactically~*~*~ (hiding).
 32210 | Snake:4  | 32210 ||| INVOKING Heroism.
 32235 | Snake:4  | Reached skill level 9 in Throwing
 32274 | Snake:4  | Received a gift from Okawaru
 32302 | Snake:4  | Got a serpentine rune of Zot
 32309 | Snake:4  | 32309 ||| PLANNING VAULTS:1-4
 32687 | Vaults:1 | Entered Level 1 of the Vaults
 32708 | Vaults:1 | 32708 ||| Stepping ~*~*~tactically~*~*~ (stealth).
 32720 | Vaults:1 | Received a gift from Okawaru
 32759 | Vaults:1 | 32759 ||| INVOKING Heroism.
 32768 | Vaults:1 | 32768 ||| INVOKING Finesse.
 32771 | Vaults:1 | Reached XP level 19. HP: 120/127 MP: 11/26
 33039 | Vaults:1 | 33039 ||| Stepping ~*~*~tactically~*~*~ (hiding).
 33144 | Vaults:1 | 33144 ||| Stepping ~*~*~tactically~*~*~ (hiding).
 33173 | Vaults:1 | 33173 ||| Stepping ~*~*~tactically~*~*~ (hiding).
 33184 | Vaults:1 | 33184 ||| Stepping ~*~*~tactically~*~*~ (stealth).
 33257 | Vaults:1 | 33257 ||| Stepping ~*~*~tactically~*~*~ (hiding).
 33518 | Vaults:1 | Identified the +15 crystal plate armour of Xoczub {Stlth+}
                  | (Okawaru gifted it to you on level 1 of the Vaults)
 33518 | Vaults:1 | Received a gift from Okawaru
 33565 | Vaults:1 | 33565 ||| READING scroll of enchant armour.
 33565 | Vaults:1 | 33565 ||| ENCHANTING +1 plate armour.
 33635 | Vaults:1 | Identified the +0 chain mail "Noowi" {Drain Will+ Str+2
                  | SInv}
 34132 | Vaults:1 | 34132 ||| DROPPING +0 cloak.
 34133 | Vaults:1 | 34133 ||| UPGRADING to +15 crystal plate armour of Xoczub
                  | {Stlth+}.
 34143 | Vaults:1 | 34143 ||| DROPPING +2 plate armour.
 34144 | Vaults:1 | 34144 ||| DROPPING +0 chain mail of poison resistance.
 34227 | Vaults:2 | 34227 ||| INVOKING Heroism.
 34228 | Vaults:2 | 34228 ||| INVOKING Finesse.
 34347 | Vaults:2 | 34347 ||| INVOKING Heroism.
 34348 | Vaults:2 | 34348 ||| INVOKING Finesse.
 34631 | Vaults:2 | 34631 ||| INVOKING Finesse.
 34646 | Vaults:2 | Reached skill level 18 in Armour
 34652 | Vaults:2 | 34652 ||| INVOKING Heroism.
 34718 | Vaults:2 | 34718 ||| Stepping ~*~*~tactically~*~*~ (hiding).
 34747 | Vaults:2 | Found Olaimnum's General Store.
 34755 | Vaults:2 | 34755 ||| BUYING potion of heal wounds (100 gold).
 34755 | Vaults:2 | Bought a potion of heal wounds for 100 gold pieces
 34999 | Vaults:2 | 34999 ||| INVOKING Heroism.
 35000 | Vaults:2 | 35000 ||| INVOKING Finesse.
 35032 | Vaults:2 | Received a gift from Okawaru
 35096 | Vaults:2 | 35096 ||| READING scroll of enchant weapon.
 35096 | Vaults:2 | 35096 ||| ENCHANTING +2 vampiric broad axe.
 35212 | Vaults:2 | Noticed Margery
 35253 | Vaults:2 | Killed Margery
 35378 | Vaults:2 | 35378 ||| INVOKING Heroism.
 35379 | Vaults:2 | 35379 ||| INVOKING Finesse.
 35899 | Vaults:2 | 35899 ||| UPGRADING to +0 tower shield.
 35909 | Vaults:2 | 35909 ||| DROPPING +2 kite shield of protection.
 35910 | Vaults:2 | 35910 ||| READING scroll labelled MEZYAG ENWAUFIDGH.
 36019 | Vaults:3 | Found Anwefyegh's Book Shop.
 36019 | Vaults:3 | Found Cyek's Weapon Shop.
 36035 | Vaults:3 | 36035 ||| Stepping ~*~*~tactically~*~*~ (stealth).
 36036 | Vaults:3 | 36036 ||| INVOKING Heroism.
 36037 | Vaults:3 | 36037 ||| INVOKING Finesse.
 36075 | Vaults:3 | Received a gift from Okawaru
 36076 | Vaults:3 | Reached XP level 20. HP: 134/134 MP: 12/27
 36104 | Vaults:3 | Received a gift from Okawaru
 36239 | Vaults:3 | Found a staircase to the Crypt.
 36313 | Vaults:3 | 36313 ||| Stepping ~*~*~tactically~*~*~ (stealth).
 36315 | Vaults:3 | 36315 ||| Stepping ~*~*~tactically~*~*~ (stealth).
 36317 | Vaults:3 | 36317 ||| Stepping ~*~*~tactically~*~*~ (stealth).
 36360 | Vaults:3 | 36360 ||| Stepping ~*~*~tactically~*~*~ (hiding).
 36361 | Vaults:3 | 36361 ||| Stepping ~*~*~tactically~*~*~ (hiding).
 36362 | Vaults:3 | 36362 ||| Stepping ~*~*~tactically~*~*~ (hiding).
 36379 | Vaults:3 | Received a gift from Okawaru
 36515 | Vaults:3 | 36515 ||| Stepping ~*~*~tactically~*~*~ (hiding).
 36825 | Vaults:3 | Found Pautsent's General Store.
 36826 | Vaults:3 | 36826 ||| Stepping ~*~*~tactically~*~*~ (hiding).
 36849 | Vaults:3 | Found Ducranen's Book Emporium.
 36860 | Vaults:3 | 36860 ||| BUYING scroll of teleportation (54 gold).
 36860 | Vaults:3 | Bought a scroll of teleportation for 54 gold pieces
 36901 | Vaults:3 | 36901 ||| Stepping ~*~*~tactically~*~*~ (hiding).
 37008 | Vaults:3 | Reached skill level 18 in Shields
 37086 | Vaults:3 | 37086 ||| Stepping ~*~*~tactically~*~*~ (hiding).
 37098 | Vaults:3 | 37098 ||| INVOKING Heroism.
 37098 | Vaults:3 | HP: 31/134 [vault warden/+0 war axe (11)]
 37099 | Vaults:3 | 37099 ||| READING 16 scrolls of teleportation.
 37099 | Vaults:3 | HP: 10/134 [vault warden/+2 great sword of freezing (6)]
 37100 | Vaults:3 | 37100 ||| DRINKING 11 potions of heal wounds.
 37364 | Vaults:3 | Received a gift from Okawaru
 37377 | Vaults:3 | 37377 ||| Stepping ~*~*~tactically~*~*~ (stealth).
 37467 | Vaults:3 | 37467 ||| Stepping ~*~*~tactically~*~*~ (hiding).
 37468 | Vaults:3 | 37468 ||| Stepping ~*~*~tactically~*~*~ (hiding).
 37569 | Vaults:3 | 37569 ||| Stepping ~*~*~tactically~*~*~ (stealth).
 37658 | Vaults:3 | Found Oschagasa's Book Boutique.
 37698 | Vaults:3 | 37698 ||| INVOKING Heroism.
 37699 | Vaults:3 | 37699 ||| INVOKING Finesse.
 37842 | Vaults:4 | 37842 ||| INVOKING Heroism.
 37870 | Vaults:4 | Received a gift from Okawaru
 37924 | Vaults:4 | 37924 ||| READING scroll of enchant weapon.
 37924 | Vaults:4 | 37924 ||| ENCHANTING +3 vampiric broad axe.
 37985 | Vaults:4 | Received a gift from Okawaru
 38050 | Vaults:4 | 38050 ||| INVOKING Heroism.
 38126 | Vaults:4 | 38126 ||| Stepping ~*~*~tactically~*~*~ (hiding).
 38128 | Vaults:4 | 38128 ||| Stepping ~*~*~tactically~*~*~ (hiding).
 38132 | Vaults:4 | 38132 ||| INVOKING Heroism.
 38156 | Vaults:4 | 38156 ||| INVOKING Heroism.
 38179 | Vaults:4 | Received a gift from Okawaru
 38261 | Vaults:4 | 38261 ||| DROPPING +3 heavy broad axe.
 38464 | Vaults:4 | Reached XP level 21. HP: 139/139 MP: 19/28
 38523 | Vaults:4 | 38523 ||| Stepping ~*~*~tactically~*~*~ (stealth).
 38524 | Vaults:4 | 38524 ||| Stepping ~*~*~tactically~*~*~ (stealth).
 38595 | Vaults:4 | Identified the +1 ring mail of Tempters {rC+ Dex+4}
 38634 | Vaults:4 | Reached ****** piety under Okawaru
 38634 | Vaults:4 | Received a gift from Okawaru
 38636 | Vaults:4 | 38636 ||| DROPPING +1 broad axe of freezing.
 38689 | Vaults:4 | Found a portal to a secret trove of treasure.
 38809 | Vaults:4 | 38809 ||| Stepping ~*~*~tactically~*~*~ (hiding).
 38812 | Vaults:4 | 38812 ||| Stepping ~*~*~tactically~*~*~ (hiding).
 38890 | Vaults:4 | 38890 ||| READING scroll of enchant weapon.
 38890 | Vaults:4 | 38890 ||| ENCHANTING +4 vampiric broad axe.
 38895 | Vaults:4 | 38895 ||| Stepping ~*~*~tactically~*~*~ (hiding).
 38952 | Vaults:4 | 38952 ||| Stepping ~*~*~tactically~*~*~ (hiding).
 38953 | Vaults:4 | 38953 ||| Stepping ~*~*~tactically~*~*~ (hiding).
 38956 | Vaults:4 | 38956 ||| Stepping ~*~*~tactically~*~*~ (hiding).
 39075 | Vaults:4 | Found Nosak's Armour Boutique.
 39253 | Vaults:4 | 39253 ||| PLANNING SWAMP:4
 39253 | Vaults:4 | 39253 ||| DROPPING ring of fire.
 39607 | Swamp:4  | Entered Level 4 of the Swamp
 39608 | Swamp:4  | 39608 ||| Stepping ~*~*~tactically~*~*~ (hiding).
 39693 | Swamp:4  | 39693 ||| Stepping ~*~*~tactically~*~*~ (hiding).
 39694 | Swamp:4  | 39694 ||| Stepping ~*~*~tactically~*~*~ (hiding).
 39742 | Swamp:4  | 39742 ||| Stepping ~*~*~tactically~*~*~ (hiding).
 39753 | Swamp:4  | 39753 ||| Stepping ~*~*~tactically~*~*~ (stealth).
 39755 | Swamp:4  | 39755 ||| Stepping ~*~*~tactically~*~*~ (stealth).
 39756 | Swamp:4  | 39756 ||| Stepping ~*~*~tactically~*~*~ (stealth).
 39773 | Swamp:4  | Received a gift from Okawaru
 39777 | Swamp:4  | Reached skill level 21 in Armour
 39784 | Swamp:4  | 39784 ||| Stepping ~*~*~tactically~*~*~ (stealth).
 39785 | Swamp:4  | 39785 ||| Stepping ~*~*~tactically~*~*~ (stealth).
 39807 | Swamp:4  | 39807 ||| Stepping ~*~*~tactically~*~*~ (stealth).
 39821 | Swamp:4  | 39821 ||| Stepping ~*~*~tactically~*~*~ (hiding).
 39827 | Swamp:4  | 39827 ||| Stepping ~*~*~tactically~*~*~ (stealth).
 39828 | Swamp:4  | 39828 ||| Stepping ~*~*~tactically~*~*~ (stealth).
 39830 | Swamp:4  | 39830 ||| Stepping ~*~*~tactically~*~*~ (stealth).
 39831 | Swamp:4  | 39831 ||| Stepping ~*~*~tactically~*~*~ (stealth).
 39845 | Swamp:4  | Noticed Louise
 39851 | Swamp:4  | Noticed the 27-headed Lernaean hydra
 39852 | Swamp:4  | 39852 ||| INVOKING Heroism.
 39859 | Swamp:4  | HP: 27/139 [the 27-headed Lernaean hydra (9)]
 39860 | Swamp:4  | 39860 ||| READING 15 scrolls of teleportation.
 39860 | Swamp:4  | HP: 9/139 [the 27-headed Lernaean hydra (10)]
 39861 | Swamp:4  | 39861 ||| DRINKING 10 potions of heal wounds.
 39862 | Swamp:4  | 39862 ||| DRINKING 9 potions of heal wounds.
 39863 | Swamp:4  | 39863 ||| DRINKING 8 potions of heal wounds.
 39866 | Swamp:4  | HP: 30/139 [seven-headed hydra (8)]
 39867 | Swamp:4  | 39867 ||| READING 14 scrolls of teleportation.
 39868 | Swamp:4  | 39868 ||| DRINKING 7 potions of heal wounds.
 39953 | Swamp:4  | 39953 ||| Stepping ~*~*~tactically~*~*~ (stealth).
 40062 | Swamp:4  | 40062 ||| READING scroll of enchant weapon.
 40062 | Swamp:4  | 40062 ||| ENCHANTING +5 vampiric broad axe.
 40066 | Swamp:4  | 40066 ||| Stepping ~*~*~tactically~*~*~ (stealth).
 40078 | Swamp:4  | 40078 ||| Stepping ~*~*~tactically~*~*~ (hiding).
 40096 | Swamp:4  | Killed Louise
 40114 | Swamp:4  | 40114 ||| INVOKING Heroism.
 40134 | Swamp:4  | Killed the 26-headed Lernaean hydra
 40284 | Swamp:4  | Got a decaying rune of Zot
 40339 | Swamp:4  | 40339 ||| PLANNING DEPTHS
 40615 | Depths:1 | Entered Level 1 of the Depths
 40653 | Depths:1 | 40653 ||| Stepping ~*~*~tactically~*~*~ (stealth).
 40655 | Depths:1 | 40655 ||| INVOKING Finesse.
 40672 | Depths:1 | Identified the +2 cloak of Orthodoxy {rF+++} (Okawaru
                  | gifted it to you on level 1 of the Depths)
 40672 | Depths:1 | Received a gift from Okawaru
 40673 | Depths:1 | Reached skill level 18 in Fighting
 40701 | Depths:1 | 40701 ||| INVOKING Finesse.
 40989 | Depths:1 | 40989 ||| INVOKING Heroism.
 40990 | Depths:1 | 40990 ||| INVOKING Finesse.
 41084 | Depths:1 | 41084 ||| INVOKING Heroism.
 41203 | Depths:1 | 41203 ||| Stepping ~*~*~tactically~*~*~ (stealth).
 41205 | Depths:1 | 41205 ||| Stepping ~*~*~tactically~*~*~ (stealth).
 41207 | Depths:1 | 41207 ||| Stepping ~*~*~tactically~*~*~ (stealth).
 41212 | Depths:1 | 41212 ||| INVOKING Finesse.
 41277 | Depths:1 | 41277 ||| Stepping ~*~*~tactically~*~*~ (stealth).
 41279 | Depths:1 | 41279 ||| INVOKING Finesse.
 41334 | Depths:1 | Found a gateway to Hell.
 41443 | Depths:1 | Found an iron altar of Okawaru.
 41472 | Depths:1 | 41472 ||| Stepping ~*~*~tactically~*~*~ (hiding).
 41476 | Depths:1 | 41476 ||| INVOKING Heroism.
 41477 | Depths:1 | 41477 ||| INVOKING Finesse.
 41575 | Depths:1 | 41575 ||| INVOKING Heroism.
 41589 | Depths:1 | 41589 ||| Stepping ~*~*~tactically~*~*~ (stealth).
 41895 | Depths:1 | 41895 ||| UPGRADING to +2 cloak of Orthodoxy {rF+++}.
 41905 | Depths:1 | 41905 ||| DROPPING +0 cloak of Boasm {*Slow rF+++ Stlth+}.
 41906 | Depths:1 | 41906 ||| DROPPING +0 cloak of stealth.
 42084 | Depths:2 | 42084 ||| Stepping ~*~*~tactically~*~*~ (hiding).
 42235 | Depths:2 | 42235 ||| Stepping ~*~*~tactically~*~*~ (hiding).
 42289 | Depths:2 | 42289 ||| INVOKING Heroism.
 42375 | Depths:2 | Found a one-way gateway to a ziggurat.
 42429 | Depths:2 | Reached XP level 22. HP: 139/147 MP: 20/29
 42467 | Depths:2 | 42467 ||| INVOKING Heroism.
 42593 | Depths:2 | 42593 ||| Stepping ~*~*~tactically~*~*~ (hiding).
 42594 | Depths:2 | 42594 ||| Stepping ~*~*~tactically~*~*~ (hiding).
 42595 | Depths:2 | 42595 ||| Stepping ~*~*~tactically~*~*~ (hiding).
 42803 | Depths:2 | Found a one-way gate leading to the halls of Pandemonium.
 42804 | Depths:2 | 42804 ||| DROPPING amulet of the acrobat.
 42859 | Depths:2 | 42859 ||| INVOKING Heroism.
 43228 | Depths:3 | 43228 ||| Stepping ~*~*~tactically~*~*~ (stealth).
 43231 | Depths:3 | 43231 ||| Stepping ~*~*~tactically~*~*~ (hiding).
 43235 | Depths:3 | 43235 ||| INVOKING Heroism.
 43280 | Depths:3 | Received a gift from Okawaru
 43295 | Depths:3 | 43295 ||| Stepping ~*~*~tactically~*~*~ (hiding).
 43381 | Depths:3 | Noticed a golden dragon
 43381 | Depths:3 | 43381 ||| INVOKING Heroism.
 43382 | Depths:3 | 43382 ||| INVOKING Finesse.
 43396 | Depths:3 | Killed a golden dragon
 43440 | Depths:3 | 43440 ||| INVOKING Heroism.
 43467 | Depths:3 | 43467 ||| Stepping ~*~*~tactically~*~*~ (hiding).
 43564 | Depths:3 | Noticed a juggernaut
 43564 | Depths:3 | 43564 ||| INVOKING Heroism.
 43565 | Depths:3 | 43565 ||| Stepping ~*~*~tactically~*~*~ (hiding).
 43582 | Depths:3 | Killed a juggernaut
 43583 | Depths:3 | 43583 ||| INVOKING Finesse.
 43636 | Depths:3 | 43636 ||| Stepping ~*~*~tactically~*~*~ (hiding).
 43638 | Depths:3 | 43638 ||| Stepping ~*~*~tactically~*~*~ (hiding).
 43679 | Depths:3 | 43679 ||| Stepping ~*~*~tactically~*~*~ (hiding).
 43737 | Depths:3 | 43737 ||| INVOKING Heroism.
 43754 | Depths:3 | Received a gift from Okawaru
 43755 | Depths:3 | Noticed a golden dragon
 43762 | Depths:3 | 43762 ||| INVOKING Finesse.
 43785 | Depths:3 | Killed a golden dragon
 43870 | Depths:3 | Received a gift from Okawaru
 43900 | Depths:3 | 43900 ||| Stepping ~*~*~tactically~*~*~ (stealth).
 43923 | Depths:3 | 43923 ||| INVOKING Heroism.
 43924 | Depths:3 | 43924 ||| INVOKING Finesse.
 44032 | Depths:3 | Found Jeih Ucs's General Store.
 44038 | Depths:3 | 44038 ||| BUYING potion of curing (69 gold).
 44038 | Depths:3 | Bought a potion of curing for 69 gold pieces
 44038 | Depths:3 | 44038 ||| BUYING potion of lignification (69 gold).
 44038 | Depths:3 | Bought a potion of lignification for 69 gold pieces
 44038 | Depths:3 | 44038 ||| BUYING scroll of brand weapon (218 gold).
 44038 | Depths:3 | Bought a scroll of brand weapon for 218 gold pieces
 44284 | Depths:3 | Identified the +3 glaive of Itzoimm {elec, rElec rC+ rCorr}
 44320 | Depths:4 | Entered Level 4 of the Depths
 44321 | Depths:4 | 44321 ||| INVOKING Heroism.
 44326 | Depths:4 | 44326 ||| Stepping ~*~*~tactically~*~*~ (cloud).
 44347 | Depths:4 | 44347 ||| Stepping ~*~*~tactically~*~*~ (cloud).
 44362 | Depths:4 | 44362 ||| INVOKING Finesse.
 44387 | Depths:4 | 44387 ||| INVOKING Heroism.
 44438 | Depths:4 | Received a gift from Okawaru
 44457 | Depths:4 | Reached XP level 23. HP: 156/156 MP: 19/30
 44459 | Depths:4 | Received a gift from Okawaru
 44483 | Depths:4 | Received a gift from Okawaru
 44484 | Depths:4 | Reached skill level 21 in Shields
 44485 | Depths:4 | 44485 ||| INVOKING Finesse.
 44505 | Depths:4 | 44505 ||| INVOKING Heroism.
 44540 | Depths:4 | 44540 ||| Stepping ~*~*~tactically~*~*~ (cloud).
 44549 | Depths:4 | Reached skill level 21 in Fighting
 44620 | Depths:4 | 44620 ||| INVOKING Heroism.
 44864 | Depths:4 | Found an iron altar of Okawaru.
 44913 | Depths:4 | 44913 ||| UPGRADING to +0 pair of gloves of strength.
 44923 | Depths:4 | 44923 ||| DROPPING +2 pair of gloves.
 44924 | Depths:4 | 44924 ||| READING 2 scrolls of enchant armour.
 44924 | Depths:4 | 44924 ||| ENCHANTING +0 pair of gloves of strength.
 44925 | Depths:4 | 44925 ||| READING scroll of enchant armour.
 44925 | Depths:4 | 44925 ||| ENCHANTING +1 pair of gloves of strength.
 45008 | Depths:4 | Found a gate to the Realm of Zot.
 45119 | Depths:4 | 45119 ||| PLANNING VAULTS:5
 45375 | Vaults:5 | Entered Level 5 of the Vaults
 45387 | Vaults:5 | 45387 ||| INVOKING Heroism.
 45388 | Vaults:5 | 45388 ||| INVOKING Finesse.
 45409 | Vaults:5 | Reached skill level 12 in Throwing
 45427 | Vaults:5 | Received a gift from Okawaru
 45437 | Vaults:5 | Reached skill level 6 in Dodging
 45464 | Vaults:5 | Received a gift from Okawaru
 45465 | Vaults:5 | 45465 ||| Stepping ~*~*~tactically~*~*~ (hiding).
 45468 | Vaults:5 | 45468 ||| Stepping ~*~*~tactically~*~*~ (hiding).
 45469 | Vaults:5 | 45469 ||| Stepping ~*~*~tactically~*~*~ (hiding).
 45489 | Vaults:5 | Noticed a golden dragon
 45490 | Vaults:5 | 45490 ||| INVOKING Heroism.
 45491 | Vaults:5 | 45491 ||| Stepping ~*~*~tactically~*~*~ (hiding).
 45493 | Vaults:5 | 45493 ||| INVOKING Finesse.
 45510 | Vaults:5 | Killed a golden dragon
 45522 | Vaults:5 | 45522 ||| INVOKING Heroism.
 45553 | Vaults:5 | Noticed Bai Suzhen
 45558 | Vaults:5 | Noticed a golden dragon
 45565 | Vaults:5 | 45565 ||| INVOKING Finesse.
 45571 | Vaults:5 | Killed a golden dragon
 45573 | Vaults:5 | Noticed a dread lich
 45577 | Vaults:5 | Received a gift from Okawaru
 45600 | Vaults:5 | Identified the +0 tower shield of Creativity {rF+}
 45600 | Vaults:5 | Noticed Mennas
 45601 | Vaults:5 | Killed Bai Suzhen
 45602 | Vaults:5 | Received a gift from Okawaru
 45638 | Vaults:5 | Killed a dread lich
 45648 | Vaults:5 | 45648 ||| INVOKING Heroism.
 45678 | Vaults:5 | 45678 ||| INVOKING Finesse.
 45679 | Vaults:5 | Killed Mennas
 45680 | Vaults:5 | Reached XP level 24. HP: 168/168 MP: 14/30
 45683 | Vaults:5 | 45683 ||| Stepping ~*~*~tactically~*~*~ (cloud).
 45691 | Vaults:5 | 45691 ||| Stepping ~*~*~tactically~*~*~ (cloud).
 45695 | Vaults:5 | 45695 ||| Stepping ~*~*~tactically~*~*~ (cloud).
 45696 | Vaults:5 | 45696 ||| Stepping ~*~*~tactically~*~*~ (cloud).
 45697 | Vaults:5 | 45697 ||| INVOKING Heroism.
 45705 | Vaults:5 | Received a gift from Okawaru
 45708 | Vaults:5 | 45708 ||| Stepping ~*~*~tactically~*~*~ (hiding).
 45711 | Vaults:5 | 45711 ||| Stepping ~*~*~tactically~*~*~ (hiding).
 45743 | Vaults:5 | 45743 ||| INVOKING Heroism.
 45898 | Vaults:5 | 45898 ||| INVOKING Heroism.
 45974 | Vaults:5 | 45974 ||| Stepping ~*~*~tactically~*~*~ (hiding).
 45985 | Vaults:5 | Identified the +11 rapier of Memnetut {freeze, *Slow Int+5}
 45985 | Vaults:5 | Identified the ring of Ibusch {rPois Str+6}
 46168 | Vaults:5 | 46168 ||| Stepping ~*~*~tactically~*~*~ (hiding).
 46173 | Vaults:5 | 46173 ||| INVOKING Heroism.
 46186 | Vaults:5 | Received a gift from Okawaru
 46197 | Vaults:5 | Identified the +2 robe of the Trilobite {Drain rF- rC+
                  | Str+4}
 46199 | Vaults:5 | 46199 ||| Stepping ~*~*~tactically~*~*~ (stealth).
 46201 | Vaults:5 | 46201 ||| Stepping ~*~*~tactically~*~*~ (hiding).
 46231 | Vaults:5 | Identified the +3 scale mail of the New World {Contam rC++
                  | Str+3 Stlth+}
 46340 | Vaults:5 | Noticed a dread lich
 46341 | Vaults:5 | 46341 ||| INVOKING Heroism.
 46342 | Vaults:5 | 46342 ||| INVOKING Finesse.
 46357 | Vaults:5 | Killed a dread lich
 46465 | Vaults:5 | 46465 ||| FLEEEEING.
 46467 | Vaults:5 | 46467 ||| FLEEEEING.
 46468 | Vaults:5 | 46468 ||| INVOKING Heroism.
 46483 | Vaults:5 | Received a gift from Okawaru
 46521 | Vaults:5 | 46521 ||| DROPPING +2 broad axe of venom.
 46606 | Vaults:5 | Identified the +9 great sword "Muckuc" {venom, Int+4 Dex-4
                  | SInv}
 46607 | Vaults:5 | 46607 ||| INVOKING Heroism.
 46741 | Vaults:5 | 46741 ||| READING 2 scrolls of enchant weapon.
 46741 | Vaults:5 | 46741 ||| ENCHANTING +6 vampiric broad axe.
 46742 | Vaults:5 | 46742 ||| READING scroll of enchant weapon.
 46742 | Vaults:5 | 46742 ||| ENCHANTING +7 vampiric broad axe.
 46776 | Vaults:5 | 46776 ||| Stepping ~*~*~tactically~*~*~ (hiding).
 46780 | Vaults:5 | 46780 ||| INVOKING Heroism.
 46820 | Vaults:5 | Identified the +8 rapier of Salt {venom, *Rage rElec rC+
                  | rN+}
 46904 | Vaults:5 | Identified the staff "Vaet" {rPois Int+4 Poison}
 47032 | Vaults:5 | Got a silver rune of Zot
 47035 | Vaults:5 | Identified the staff "Gelot" {Fragile rF+ rC+ rCorr Str+3
                  | Ice}
 47180 | Vaults:5 | 47180 ||| PLANNING SHOPPING SPREE
 47180 | Vaults:5 | 47180 ||| UPGRADING to +2 tower shield.
 47190 | Vaults:5 | 47190 ||| DROPPING +0 tower shield.
 47191 | Vaults:5 | 47191 ||| DROPPING ring of ice.
 47605 | D:1      | 47605 ||| BUYING scroll of enchant armour (97 gold).
 47605 | D:1      | Bought a scroll of enchant armour for 97 gold pieces
 47605 | D:1      | 47605 ||| BUYING scroll of enchant weapon (97 gold).
 47605 | D:1      | Bought a scroll of enchant weapon for 97 gold pieces
 47605 | D:1      | 47605 ||| BUYING scroll of teleportation (39 gold).
 47605 | D:1      | Bought a scroll of teleportation for 39 gold pieces
 47605 | D:1      | 47605 ||| READING scroll of enchant weapon.
 47605 | D:1      | 47605 ||| ENCHANTING +8 vampiric broad axe.
 47812 | D:12     | 47812 ||| BUYING scroll of enchant armour (112 gold).
 47812 | D:12     | Bought a scroll of enchant armour for 112 gold pieces
 47812 | D:12     | 47812 ||| BUYING scroll of enchant weapon (112 gold).
 47812 | D:12     | Bought a scroll of enchant weapon for 112 gold pieces
 47812 | D:12     | 47812 ||| BUYING scroll of teleportation (45 gold).
 47812 | D:12     | Bought a scroll of teleportation for 45 gold pieces
 47812 | D:12     | 47812 ||| BUYING scroll of teleportation (45 gold).
 47812 | D:12     | Bought a scroll of teleportation for 45 gold pieces
 47984 | D:4      | 47984 ||| PLANNING ZOT:1-4
 48331 | Zot:1    | Entered Level 1 of the Realm of Zot
 48343 | Zot:1    | 48343 ||| Stepping ~*~*~tactically~*~*~ (stealth).
 48345 | Zot:1    | 48345 ||| Stepping ~*~*~tactically~*~*~ (hiding).
 48348 | Zot:1    | 48348 ||| Stepping ~*~*~tactically~*~*~ (hiding).
 48351 | Zot:1    | 48351 ||| Stepping ~*~*~tactically~*~*~ (hiding).
 48352 | Zot:1    | 48352 ||| Stepping ~*~*~tactically~*~*~ (hiding).
 48373 | Zot:1    | 48373 ||| INVOKING Heroism.
 48458 | Zot:1    | Received a gift from Okawaru
 48469 | Zot:1    | 48469 ||| INVOKING Heroism.
 48519 | Zot:1    | 48519 ||| INVOKING Heroism.
 48532 | Zot:1    | Received a gift from Okawaru
 48551 | Zot:1    | HP: 36/172 [white draconian stormcaller/divine providence
                  | (14)]
 48552 | Zot:1    | 48552 ||| READING 20 scrolls of teleportation.
 48552 | Zot:1    | HP: 17/172 [green draconian monk[a yellow draconian
                  | annihilator] (4)]
 48553 | Zot:1    | 48553 ||| DRINKING 6 potions of heal wounds.
 48554 | Zot:1    | 48554 ||| DRINKING 5 potions of heal wounds.
 48555 | Zot:1    | 48555 ||| DRINKING 4 potions of heal wounds.
 48570 | Zot:1    | 48570 ||| Stepping ~*~*~tactically~*~*~ (stealth).
 48581 | Zot:1    | 48581 ||| Stepping ~*~*~tactically~*~*~ (stealth).
 48582 | Zot:1    | 48582 ||| Stepping ~*~*~tactically~*~*~ (stealth).
 48583 | Zot:1    | 48583 ||| Stepping ~*~*~tactically~*~*~ (stealth).
 48585 | Zot:1    | 48585 ||| Stepping ~*~*~tactically~*~*~ (stealth).
 48586 | Zot:1    | 48586 ||| Stepping ~*~*~tactically~*~*~ (stealth).
 48591 | Zot:1    | 48591 ||| Stepping ~*~*~tactically~*~*~ (stealth).
 48627 | Zot:1    | 48627 ||| Stepping ~*~*~tactically~*~*~ (hiding).
 48651 | Zot:1    | 48651 ||| Stepping ~*~*~tactically~*~*~ (stealth).
 48660 | Zot:1    | 48660 ||| Stepping ~*~*~tactically~*~*~ (hiding).
 48690 | Zot:1    | Identified the +7 tower shield of Valour {rC+ Regen+ rCorr
                  | Str-2} (Okawaru gifted it to you on level 1 of the Realm of
                  | Zot)
 48690 | Zot:1    | Received a gift from Okawaru
 48720 | Zot:1    | Reached skill level 24 in Fighting
 48790 | Zot:1    | 48790 ||| Stepping ~*~*~tactically~*~*~ (stealth).
 48793 | Zot:1    | 48793 ||| Stepping ~*~*~tactically~*~*~ (hiding).
 48794 | Zot:1    | 48794 ||| Stepping ~*~*~tactically~*~*~ (hiding).
 48796 | Zot:1    | 48796 ||| Stepping ~*~*~tactically~*~*~ (hiding).
 49005 | Zot:1    | 49005 ||| DROPPING +0 tower shield of Creativity {rF+}.
 49006 | Zot:1    | 49006 ||| UPGRADING to +7 tower shield of Valour {rC+
                  | Regen+ rCorr Str-2}.
 49016 | Zot:1    | 49016 ||| DROPPING +2 tower shield.
 49017 | Zot:1    | 49017 ||| DROPPING ring of fire.
 49034 | Zot:2    | 49034 ||| INVOKING Heroism.
 49046 | Zot:2    | Reached XP level 25. HP: 178/178 MP: 20/30
 49090 | Zot:2    | 49090 ||| INVOKING Heroism.
 49091 | Zot:2    | HP: 38/178 [deathcap[a curse toe] (11)]
 49092 | Zot:2    | 49092 ||| READING 19 scrolls of teleportation.
 49093 | Zot:2    | 49093 ||| DRINKING 3 potions of heal wounds.
 49094 | Zot:2    | HP: 18/178 [tentacled monstrosity (7)]
 49095 | Zot:2    | 49095 ||| DRINKING 2 potions of heal wounds.
 49096 | Zot:2    | 49096 ||| DRINKING potion of heal wounds.
 49103 | Zot:2    | HP: 40/178 [white draconian stormcaller/divine providence[a
                  | white draconian stormcaller] (11)]
 49106 | Zot:2    | 49106 ||| READING 18 scrolls of teleportation.
 49265 | Zot:2    | 49265 ||| INVOKING Heroism.
 49286 | Zot:2    | Received a gift from Okawaru
 49341 | Zot:2    | 49341 ||| INVOKING Heroism.
 49368 | Zot:2    | Identified the +3 sling of Dim Light {antimagic, +Blink rC+
                  | rN+ Will+ Int+3} (Okawaru gifted it to you on level 2 of
                  | the Realm of Zot)
 49368 | Zot:2    | Received a gift from Okawaru
 49379 | Zot:2    | 49379 ||| Stepping ~*~*~tactically~*~*~ (hiding).
 49397 | Zot:2    | 49397 ||| STAIRDANCE
 49824 | Zot:2    | 49824 ||| Stepping ~*~*~tactically~*~*~ (hiding).
 49825 | Zot:2    | 49825 ||| Stepping ~*~*~tactically~*~*~ (hiding).
 49829 | Zot:2    | 49829 ||| INVOKING Heroism.
 50085 | Zot:3    | Reached skill level 15 in Throwing
 50102 | Zot:3    | 50102 ||| INVOKING Heroism.
 50114 | Zot:3    | Identified the +8 chain mail of Benevolence {Drain Will+
                  | Dex+4} (Okawaru gifted it to you on level 3 of the Realm of
                  | Zot)
 50114 | Zot:3    | Received a gift from Okawaru
 50255 | Zot:3    | Noticed an orb of fire
 50256 | Zot:3    | 50256 ||| INVOKING Heroism.
 50257 | Zot:3    | 50257 ||| INVOKING Finesse.
 50263 | Zot:3    | Gained mutation: Your spells are a little easier to cast,
                  | but a little less powerful. [an orb of fire]
 50271 | Zot:3    | Killed an orb of fire
 50361 | Zot:3    | 50361 ||| Stepping ~*~*~tactically~*~*~ (hiding).
 50579 | Zot:3    | 50579 ||| DROPPING ring of magical power.
 50608 | Zot:4    | 50608 ||| INVOKING Heroism.
 50615 | Zot:4    | Noticed a Killer Klown
 50616 | Zot:4    | 50616 ||| INVOKING Finesse.
 50648 | Zot:4    | Killed a Killer Klown
 50774 | Zot:4    | 50774 ||| INVOKING Heroism.
 50780 | Zot:4    | Reached XP level 26. HP: 190/190 MP: 19/30
 50782 | Zot:4    | 50782 ||| Stepping ~*~*~tactically~*~*~ (stealth).
 50783 | Zot:4    | 50783 ||| Stepping ~*~*~tactically~*~*~ (stealth).
 50813 | Zot:4    | 50813 ||| INVOKING Heroism.
 50829 | Zot:4    | 50829 ||| Stepping ~*~*~tactically~*~*~ (hiding).
 50853 | Zot:4    | Identified the scarf of Tagok {harm, +Blink} (Okawaru
                  | gifted it to you on level 4 of the Realm of Zot)
 50853 | Zot:4    | Received a gift from Okawaru
 50920 | Zot:4    | 50920 ||| Stepping ~*~*~tactically~*~*~ (hiding).
 50981 | Zot:4    | 50981 ||| INVOKING Heroism.
 50983 | Zot:4    | Noticed a Killer Klown
 50984 | Zot:4    | 50984 ||| INVOKING Finesse.
 50992 | Zot:4    | Killed a Killer Klown
 51039 | Zot:4    | Found a snail-covered altar of Cheibriados.
 51060 | Zot:4    | 51060 ||| INVOKING Heroism.
 51170 | Zot:4    | 51170 ||| PLANNING SLIME:5
 51170 | Zot:4    | 51170 ||| DROPPING scarf of Tagok {harm, +Blink}.
 51171 | Zot:4    | 51171 ||| DROPPING scarf of shadows.
 51172 | Zot:4    | 51172 ||| UPGRADING to +2 pair of boots.
 51576 | Slime:1  | Entered Level 1 of the Pits of Slime
 51578 | Slime:1  | 51578 ||| DRINKING 19 potions of curing.
 51578 | Slime:1  | 51578 ||| (to cure confusion)
 51580 | Slime:1  | 51580 ||| DRINKING 18 potions of curing.
 51580 | Slime:1  | 51580 ||| (to cure confusion)
 51581 | Slime:1  | 51581 ||| DRINKING 17 potions of curing.
 51581 | Slime:1  | 51581 ||| (to cure confusion)
 51582 | Slime:1  | 51582 ||| DRINKING 16 potions of curing.
 51582 | Slime:1  | 51582 ||| (to cure confusion)
 51711 | Slime:2  | Paralysed by a great orb of eyes for 2 turns
 51736 | Slime:3  | Gained mutation: You have hidden genetic defects. [a
                  | shining eye]
 51752 | Slime:4  | Gained mutation: Armour fits poorly on your strangely
                  | shaped body. [a shining eye]
 51754 | Slime:4  | Gained mutation: You sometimes lose your temper in combat.
                  | [a shining eye]
 51756 | Slime:4  | Gained mutation: Your magical capacity is low. (-10% MP) [a
                  | shining eye]
 51759 | Slime:4  | 51759 ||| DRINKING 2 potions of mutation.
 51759 | Slime:4  | Lost mutation: Armour fits poorly on your strangely shaped
                  | body. [potion of mutation]
 51759 | Slime:4  | Lost mutation: Your spells are a little easier to cast, but
                  | a little less powerful. [potion of mutation]
 51759 | Slime:4  | Gained mutation: You have sharp toenails. [potion of
                  | mutation]
 51759 | Slime:4  | Gained mutation: Your mind is acute. (Int +4, Str/Dex -1)
                  | [potion of mutation]
 51760 | Slime:4  | 51760 ||| DRINKING potion of mutation.
 51760 | Slime:4  | Lost mutation: You have sharp toenails. [potion of
                  | mutation]
 51760 | Slime:4  | Lost mutation: You sometimes lose your temper in combat.
                  | [potion of mutation]
 51760 | Slime:4  | Gained mutation: You occasionally shout uncontrollably at
                  | your foes. [potion of mutation]
 51792 | Slime:5  | Entered Level 5 of the Pits of Slime
 51851 | Slime:5  | Noticed the Royal Jelly
 51853 | Slime:5  | 51853 ||| INVOKING Heroism.
 51854 | Slime:5  | 51854 ||| INVOKING Finesse.
 51876 | Slime:5  | Killed the Royal Jelly
 51885 | Slime:5  | 51885 ||| DRINKING potion of cancellation.
 52005 | Slime:5  | Paralysed by a great orb of eyes for 2 turns
 52025 | Slime:5  | 52025 ||| DRINKING 15 potions of curing.
 52025 | Slime:5  | 52025 ||| (to cure confusion)
 52049 | Slime:5  | Gained mutation: You are weak. (Str -2) [a shining eye]
 52055 | Slime:5  | Gained mutation: You frequently scream uncontrollably at
                  | your foes. [a shining eye]
 52072 | Slime:5  | Identified the +1 glaive of Megalomania {freeze, rPois
                  | Dex+3}
 52082 | Slime:5  | Identified the +3 battleaxe of the Hidden Mystics {holy,
                  | rF- Will+++ Int+3 Dex+4}
 52090 | Slime:5  | Identified the amulet "Wuchij" {Faith Rampage Str+2}
 52094 | Slime:5  | Identified the +7 lajatang "Rits" {pain, rF+}
 52124 | Slime:5  | Gained mutation: Your body sometimes deteriorates upon
                  | taking damage. [a shining eye]
 52127 | Slime:5  | 52127 ||| Stepping ~*~*~tactically~*~*~ (stealth).
 52145 | Slime:5  | Reached skill level 27 in Fighting
 52220 | Slime:5  | Paralysed by a great orb of eyes for 3 turns
 52249 | Slime:5  | Found the +5 scythe "Finisher" {speed, execute}
 52263 | Slime:5  | Identified the ring of Sloth {*Corrode Will+ Str+3 SInv}
 52271 | Slime:5  | Got a slimy rune of Zot
 52272 | Slime:5  | Identified the +5 battleaxe of Greed {chaos, rPois rF- rC+}
 52300 | Slime:5  | 52300 ||| Stepping ~*~*~tactically~*~*~ (hiding).
 52311 | Slime:5  | 52311 ||| FLEEEEING.
 52312 | Slime:5  | 52312 ||| FLEEEEING.
 52313 | Slime:5  | 52313 ||| FLEEEEING.
 52314 | Slime:5  | 52314 ||| FLEEEEING.
 52315 | Slime:5  | 52315 ||| FLEEEEING.
 52316 | Slime:5  | 52316 ||| FLEEEEING.
 52317 | Slime:5  | 52317 ||| FLEEEEING.
 52318 | Slime:5  | 52318 ||| FLEEEEING.
 52319 | Slime:5  | 52319 ||| FLEEEEING.
 52319 | Slime:5  | Gained mutation: You are occasionally teleported next to
                  | monsters. [hidden defects]
 52320 | Slime:5  | 52320 ||| FLEEEEING.
 52321 | Slime:5  | 52321 ||| FLEEEEING.
 52322 | Slime:5  | 52322 ||| FLEEEEING.
 52323 | Slime:5  | 52323 ||| FLEEEEING.
 52324 | Slime:5  | 52324 ||| FLEEEEING.
 52334 | Slime:5  | 52334 ||| DRINKING potion of mutation.
 52334 | Slime:5  | Lost mutation: You are occasionally teleported next to
                  | monsters. [potion of mutation]
 52334 | Slime:5  | Lost mutation: You are weak. (Str -2) [potion of mutation]
 52334 | Slime:5  | Gained mutation: You occasionally lose the ability to drink
                  | potions when taking damage. [potion of mutation]
 52334 | Slime:5  | Gained mutation: Your mind is very acute. (Int +8, Str/Dex
                  | -2) [potion of mutation]
 52334 | Slime:5  | Gained mutation: You are partially covered in iridescent
                  | scales. (AC +2) [potion of mutation]
 52356 | Slime:5  | Identified the amulet "Xocriwodov" {RegenMP rC- Will+++
                  | Dex+5}
 52365 | Slime:5  | 52365 ||| DRINKING potion of mutation.
 52365 | Slime:5  | Lost mutation: You are partially covered in iridescent
                  | scales. (AC +2) [potion of mutation]
 52365 | Slime:5  | Lost mutation: Your mind is very acute. (Int +8, Str/Dex
                  | -2) [potion of mutation]
 52365 | Slime:5  | Lost mutation: Your body sometimes deteriorates upon taking
                  | damage. [potion of mutation]
 52365 | Slime:5  | Gained mutation: Your spells are a little easier to cast,
                  | but a little less powerful. [potion of mutation]
 52365 | Slime:5  | Gained mutation: You have sharp toenails. [potion of
                  | mutation]
 52374 | Slime:5  | Identified the staff "Qeqisiy" {+Blink rF+ rC+ Earth}
 52376 | Slime:5  | Identified the ring "Loets" {+Blink rN+++ Will+ Int+4 SInv}
 52406 | Slime:5  | 52406 ||| Stepping ~*~*~tactically~*~*~ (stealth).
 52408 | Slime:5  | 52408 ||| Stepping ~*~*~tactically~*~*~ (stealth).
 52410 | Slime:5  | 52410 ||| Stepping ~*~*~tactically~*~*~ (stealth).
 52413 | Slime:5  | 52413 ||| Stepping ~*~*~tactically~*~*~ (stealth).
 52427 | Slime:5  | 52427 ||| INVOKING Heroism.
 52721 | Slime:5  | 52721 ||| PLANNING THE SHINING ONE WORSHIP
 52721 | Slime:5  | 52721 ||| UPGRADING to +0 pair of boots of Midwinter
                  | {Will+++ MP-9 Str+2}.
 52731 | Slime:5  | 52731 ||| UPGRADING to amulet "Wuchij" {Faith Rampage
                  | Str+2}.
 52741 | Slime:5  | 52741 ||| DROPPING amulet of faith.
 53031 | D:15     | 53031 ||| SWAPPING to +4 broad axe of electrocution.
 53032 | D:15     | 53032 ||| READING 2 scrolls of enchant weapon.
 53032 | D:15     | 53032 ||| ENCHANTING +4 broad axe of electrocution.
 53033 | D:15     | 53033 ||| DROPPING +5 broad axe of draining.
 53034 | D:15     | 53034 ||| READING scroll of enchant weapon.
 53034 | D:15     | 53034 ||| ENCHANTING +5 broad axe of electrocution.
 53035 | D:15     | 53035 ||| READING scroll of brand weapon.
 53035 | D:15     | 53035 ||| BRANDING +6 broad axe of electrocution.
 53036 | D:15     | Fell from the grace of Okawaru
 53036 | D:15     | Became a worshipper of the Shining One
 53037 | D:15     | 53037 ||| PLANNING CRYPT
 53209 | Crypt:1  | Entered Level 1 of the Crypt
 53305 | Crypt:1  | Reached * piety under the Shining One
 53406 | Crypt:1  | Reached skill level 12 in Invocations
 53420 | Crypt:1  | Reached ** piety under the Shining One
 53434 | Crypt:1  | 53434 ||| FLEEEEING.
 53435 | Crypt:1  | 53435 ||| FLEEEEING.
 53436 | Crypt:1  | 53436 ||| FLEEEEING.
 53437 | Crypt:1  | 53437 ||| FLEEEEING.
 53472 | Crypt:1  | 53472 ||| Stepping ~*~*~tactically~*~*~ (stealth).
 53530 | Crypt:1  | 53530 ||| Stepping ~*~*~tactically~*~*~ (stealth).
 53535 | Crypt:1  | 53535 ||| Stepping ~*~*~tactically~*~*~ (hiding).
 53538 | Crypt:1  | 53538 ||| Stepping ~*~*~tactically~*~*~ (hiding).
 53578 | Crypt:1  | Reached *** piety under the Shining One
 53582 | Crypt:1  | 53582 ||| Stepping ~*~*~tactically~*~*~ (hiding).
 53960 | Crypt:1  | 53960 ||| Stepping ~*~*~tactically~*~*~ (hiding).
 54295 | Crypt:1  | 54295 ||| DROPPING scarf of harm.
 54296 | Crypt:1  | 54296 ||| DROPPING ring of Sloth {*Corrode Will+ Str+3
                  | SInv}.
 54297 | Crypt:1  | 54297 ||| DROPPING ring "Loets" {+Blink rN+++ Will+ Int+4
                  | SInv}.
 54337 | Crypt:2  | Reached **** piety under the Shining One
 54385 | Crypt:2  | 54385 ||| Stepping ~*~*~tactically~*~*~ (cloud).
 54409 | Crypt:2  | Noticed Grunn
 54410 | Crypt:2  | 54410 ||| Stepping ~*~*~tactically~*~*~ (hiding).
 54414 | Crypt:2  | 54414 ||| INVOKING Cleansing Flame.
 54418 | Crypt:2  | 54418 ||| INVOKING Cleansing Flame.
 54420 | Crypt:2  | 54420 ||| INVOKING Cleansing Flame.
 54421 | Crypt:2  | 54421 ||| INVOKING Cleansing Flame.
 54422 | Crypt:2  | 54422 ||| DRINKING 3 potions of magic.
 54423 | Crypt:2  | 54423 ||| INVOKING Cleansing Flame.
 54424 | Crypt:2  | 54424 ||| INVOKING Cleansing Flame.
 54425 | Crypt:2  | 54425 ||| INVOKING Cleansing Flame.
 54425 | Crypt:2  | Killed Grunn
 54448 | Crypt:2  | Gained mutation: You are weak. (Str -2) [hidden defects]
 54448 | Crypt:2  | Lost mutation: You have hidden genetic defects. [hidden
                  | defects expressed]
 54474 | Crypt:2  | 54474 ||| READING scroll of brand weapon.
 54474 | Crypt:2  | 54474 ||| BRANDING +6 broad axe of flaming.
 54532 | Crypt:2  | 54532 ||| INVOKING Cleansing Flame.
 54541 | Crypt:2  | 54541 ||| FLEEEEING.
 54542 | Crypt:2  | 54542 ||| FLEEEEING.
 54543 | Crypt:2  | 54543 ||| FLEEEEING.
 54545 | Crypt:2  | Noticed Donald
 54547 | Crypt:2  | Reached ***** piety under the Shining One
 54554 | Crypt:2  | Killed Donald
 54601 | Crypt:2  | 54601 ||| Stepping ~*~*~tactically~*~*~ (cloud).
 54895 | Crypt:2  | 54895 ||| Stepping ~*~*~tactically~*~*~ (stealth).
 54904 | Crypt:2  | Reached ****** piety under the Shining One
 54905 | Crypt:2  | 54905 ||| INVOKING Cleansing Flame.
 54906 | Crypt:2  | 54906 ||| INVOKING Cleansing Flame.
 54907 | Crypt:2  | 54907 ||| INVOKING Cleansing Flame.
 54937 | Crypt:2  | 54937 ||| FLEEEEING.
 54944 | Crypt:2  | 54944 ||| FLEEEEING.
 54945 | Crypt:2  | 54945 ||| FLEEEEING.
 54946 | Crypt:2  | 54946 ||| FLEEEEING.
 54947 | Crypt:2  | 54947 ||| FLEEEEING.
 54948 | Crypt:2  | 54948 ||| FLEEEEING.
 54949 | Crypt:2  | 54949 ||| FLEEEEING.
 54950 | Crypt:2  | 54950 ||| STAIRDANCE
 55039 | Crypt:2  | Noticed Khufu
 55040 | Crypt:2  | 55040 ||| Stepping ~*~*~tactically~*~*~ (hiding).
 55044 | Crypt:2  | 55044 ||| Stepping ~*~*~tactically~*~*~ (hiding).
 55048 | Crypt:2  | 55048 ||| INVOKING Summon Divine Warrior.
 55049 | Crypt:2  | 55049 ||| INVOKING Cleansing Flame.
 55050 | Crypt:2  | 55050 ||| INVOKING Cleansing Flame.
 55051 | Crypt:2  | 55051 ||| DRINKING 2 potions of magic.
 55052 | Crypt:2  | 55052 ||| INVOKING Cleansing Flame.
 55052 | Crypt:2  | Killed Khufu
 55053 | Crypt:2  | Reached skill level 15 in Invocations
 55232 | Crypt:3  | Entered Level 3 of the Crypt
 55245 | Crypt:3  | 55245 ||| Stepping ~*~*~tactically~*~*~ (hiding).
 55246 | Crypt:3  | 55246 ||| Stepping ~*~*~tactically~*~*~ (hiding).
 55247 | Crypt:3  | 55247 ||| Stepping ~*~*~tactically~*~*~ (hiding).
 55278 | Crypt:3  | 55278 ||| FLEEEEING.
 55279 | Crypt:3  | 55279 ||| FLEEEEING.
 55280 | Crypt:3  | 55280 ||| FLEEEEING.
 55281 | Crypt:3  | 55281 ||| STAIRDANCE
 55305 | Crypt:2  | 55305 ||| INVOKING Brand Weapon With Holy Wrath.
 55305 | Crypt:2  | Identified a +9 broad axe of holy wrath (a +9 vampiric
                  | broad axe blessed by the Shining One)
 55305 | Crypt:2  | Received a gift from the Shining One
 55306 | Crypt:2  | 55306 ||| SWAPPING to +9 broad axe of holy wrath.
 55307 | Crypt:2  | 55307 ||| DROPPING +6 broad axe of venom.
 55316 | Crypt:3  | Reached XP level 27. HP: 199/199 MP: 22/31
 55336 | Crypt:3  | 55336 ||| Stepping ~*~*~tactically~*~*~ (hiding).
 55395 | Crypt:3  | 55395 ||| Stepping ~*~*~tactically~*~*~ (hiding).
 55397 | Crypt:3  | 55397 ||| Stepping ~*~*~tactically~*~*~ (hiding).
 55415 | Crypt:3  | 55415 ||| Stepping ~*~*~tactically~*~*~ (hiding).
 55416 | Crypt:3  | 55416 ||| Stepping ~*~*~tactically~*~*~ (hiding).
 55439 | Crypt:3  | 55439 ||| Stepping ~*~*~tactically~*~*~ (hiding).
 55450 | Crypt:3  | 55450 ||| INVOKING Cleansing Flame.
 55451 | Crypt:3  | 55451 ||| INVOKING Cleansing Flame.
 55452 | Crypt:3  | 55452 ||| INVOKING Cleansing Flame.
 55521 | Crypt:3  | Found a basalt altar of Yredelemnul.
 55605 | Crypt:3  | 55605 ||| FLEEEEING.
 55607 | Crypt:3  | 55607 ||| FLEEEEING.
 55608 | Crypt:3  | 55608 ||| FLEEEEING.
 55624 | Crypt:3  | 55624 ||| FLEEEEING.
 55659 | Crypt:3  | 55659 ||| FLEEEEING.
 55660 | Crypt:3  | 55660 ||| FLEEEEING.
 55661 | Crypt:3  | 55661 ||| FLEEEEING.
 55662 | Crypt:3  | 55662 ||| FLEEEEING.
 55663 | Crypt:3  | 55663 ||| FLEEEEING.
 55664 | Crypt:3  | 55664 ||| FLEEEEING.
 55665 | Crypt:3  | 55665 ||| FLEEEEING.
 55666 | Crypt:3  | 55666 ||| FLEEEEING.
 55667 | Crypt:3  | 55667 ||| FLEEEEING.
 55668 | Crypt:3  | 55668 ||| FLEEEEING.
 55669 | Crypt:3  | 55669 ||| FLEEEEING.
 55678 | Crypt:3  | 55678 ||| STAIRDANCE
 55736 | Crypt:3  | 55736 ||| FLEEEEING.
 55740 | Crypt:3  | 55740 ||| FLEEEEING.
 55741 | Crypt:3  | 55741 ||| FLEEEEING.
 55742 | Crypt:3  | 55742 ||| FLEEEEING.
 55743 | Crypt:3  | 55743 ||| FLEEEEING.
 55744 | Crypt:3  | 55744 ||| FLEEEEING.
 55745 | Crypt:3  | 55745 ||| FLEEEEING.
 55746 | Crypt:3  | 55746 ||| FLEEEEING.
 55831 | Crypt:3  | 55831 ||| Stepping ~*~*~tactically~*~*~ (hiding).
 55835 | Crypt:3  | 55835 ||| INVOKING Cleansing Flame.
 55836 | Crypt:3  | 55836 ||| INVOKING Cleansing Flame.
 55898 | Crypt:3  | 55898 ||| INVOKING Cleansing Flame.
 55995 | Crypt:3  | 55995 ||| Stepping ~*~*~tactically~*~*~ (hiding).
 56018 | Crypt:3  | 56018 ||| Stepping ~*~*~tactically~*~*~ (hiding).
 56021 | Crypt:3  | 56021 ||| Stepping ~*~*~tactically~*~*~ (hiding).
 56029 | Crypt:3  | 56029 ||| Stepping ~*~*~tactically~*~*~ (hiding).
 56031 | Crypt:3  | 56031 ||| Stepping ~*~*~tactically~*~*~ (hiding).
 56043 | Crypt:3  | 56043 ||| FLEEEEING.
 56047 | Crypt:3  | 56047 ||| FLEEEEING.
 56049 | Crypt:3  | 56049 ||| FLEEEEING.
 56050 | Crypt:3  | 56050 ||| FLEEEEING.
 56051 | Crypt:3  | 56051 ||| FLEEEEING.
 56052 | Crypt:3  | 56052 ||| FLEEEEING.
 56096 | Crypt:3  | 56096 ||| FLEEEEING.
 56097 | Crypt:3  | 56097 ||| FLEEEEING.
 56099 | Crypt:3  | 56099 ||| FLEEEEING.
 56100 | Crypt:3  | 56100 ||| FLEEEEING.
 56101 | Crypt:3  | 56101 ||| FLEEEEING.
 56102 | Crypt:3  | 56102 ||| FLEEEEING.
 56103 | Crypt:3  | 56103 ||| FLEEEEING.
 56192 | Crypt:3  | 56192 ||| Stepping ~*~*~tactically~*~*~ (stealth).
 56217 | Crypt:3  | Noticed a royal mummy
 56218 | Crypt:3  | 56218 ||| INVOKING Cleansing Flame.
 56220 | Crypt:3  | 56220 ||| INVOKING Summon Divine Warrior.
 56228 | Crypt:3  | Killed a royal mummy
 56244 | Crypt:3  | Identified the ring of the Burning Fool {Fly rElec Will-
                  | Int+9 SInv}
 56371 | Crypt:3  | Found a staircase to the Tomb.
 56454 | Crypt:3  | 56454 ||| READING scroll of acquirement.
 56454 | Crypt:3  | 56454 ||| ACQUIRING 687 gold pieces
 56454 | Crypt:3  | Acquired 687 gold pieces
 56563 | Crypt:3  | 56563 ||| INVOKING Cleansing Flame.
 56564 | Crypt:3  | 56564 ||| INVOKING Cleansing Flame.
 56648 | Crypt:3  | Identified the ring of Wieteif {rF+ rC+ rN+ Str+3}
 56648 | Crypt:3  | Identified the ring "Buidor" {rN+ Str+2 Dex+2 Slay+3}
 56652 | Crypt:3  | Identified the +1 mace "Jilow" {heavy, Will+}
 56823 | Crypt:3  | 56823 ||| PLANNING TOMB
 56823 | Crypt:3  | 56823 ||| DROPPING scarf of repulsion.
 56824 | Crypt:3  | 56824 ||| DROPPING ring of protection from fire.
 56825 | Crypt:3  | 56825 ||| DROPPING ring "Buidor" {rN+ Str+2 Dex+2 Slay+3}.
 56826 | Crypt:3  | 56826 ||| DROPPING ring of protection from cold.
 56827 | Crypt:3  | 56827 ||| DROPPING +6 ring of strength.
 56891 | Tomb:1   | Entered Level 1 of the Tomb of the Ancients
 57054 | Tomb:1   | 57054 ||| INVOKING Cleansing Flame.
 57057 | Tomb:1   | Reached skill level 18 in Invocations
 57081 | Tomb:1   | 57081 ||| FLEEEEING.
 57082 | Tomb:1   | 57082 ||| FLEEEEING.
 57083 | Tomb:1   | 57083 ||| FLEEEEING.
 57084 | Tomb:1   | 57084 ||| FLEEEEING.
 57085 | Tomb:1   | 57085 ||| FLEEEEING.
 57086 | Tomb:1   | 57086 ||| FLEEEEING.
 57087 | Tomb:1   | 57087 ||| FLEEEEING.
 57088 | Tomb:1   | 57088 ||| FLEEEEING.
 57089 | Tomb:1   | 57089 ||| FLEEEEING.
 57090 | Tomb:1   | 57090 ||| FLEEEEING.
 57094 | Tomb:1   | 57094 ||| FLEEEEING.
 57095 | Tomb:1   | 57095 ||| FLEEEEING.
 57096 | Tomb:1   | 57096 ||| FLEEEEING.
 57097 | Tomb:1   | 57097 ||| FLEEEEING.
 57154 | Tomb:1   | Noticed a royal mummy
 57155 | Tomb:1   | 57155 ||| INVOKING Summon Divine Warrior.
 57162 | Tomb:1   | Killed a royal mummy
 57169 | Tomb:1   | 57169 ||| INVOKING Cleansing Flame.
 57173 | Tomb:1   | Noticed a royal mummy
 57175 | Tomb:1   | 57175 ||| INVOKING Cleansing Flame.
 57177 | Tomb:1   | Killed a royal mummy
 57180 | Tomb:1   | 57180 ||| FLEEEEING.
 57181 | Tomb:1   | 57181 ||| FLEEEEING.
 57343 | Tomb:1   | 57343 ||| INVOKING Cleansing Flame.
 57356 | Tomb:1   | 57356 ||| FLEEEEING.
 57480 | Tomb:1   | 57480 ||| FLEEEEING.
 57481 | Tomb:1   | 57481 ||| FLEEEEING.
 57482 | Tomb:1   | 57482 ||| FLEEEEING.
 57495 | Tomb:1   | 57495 ||| FLEEEEING.
 57500 | Tomb:1   | 57500 ||| Stepping ~*~*~tactically~*~*~ (stealth).
 57501 | Tomb:1   | 57501 ||| Stepping ~*~*~tactically~*~*~ (stealth).
 57508 | Tomb:1   | 57508 ||| INVOKING Cleansing Flame.
 57509 | Tomb:1   | 57509 ||| INVOKING Cleansing Flame.
 57882 | Tomb:1   | 57882 ||| Stepping ~*~*~tactically~*~*~ (hiding).
 57884 | Tomb:1   | 57884 ||| Stepping ~*~*~tactically~*~*~ (hiding).
 57885 | Tomb:1   | 57885 ||| Stepping ~*~*~tactically~*~*~ (hiding).
 57889 | Tomb:1   | 57889 ||| Stepping ~*~*~tactically~*~*~ (hiding).
 57890 | Tomb:1   | 57890 ||| Stepping ~*~*~tactically~*~*~ (hiding).
 57891 | Tomb:1   | 57891 ||| Stepping ~*~*~tactically~*~*~ (hiding).
 57893 | Tomb:1   | 57893 ||| Stepping ~*~*~tactically~*~*~ (hiding).
 57894 | Tomb:1   | 57894 ||| Stepping ~*~*~tactically~*~*~ (hiding).
 57937 | Tomb:2   | 57937 ||| DRINKING 5 potions of haste.
 57938 | Tomb:2   | 57938 ||| DRINKING 8 potions of attraction.
 57938 | Tomb:2   | Noticed a royal mummy
 57939 | Tomb:2   | 57939 ||| INVOKING Summon Divine Warrior.
 57940 | Tomb:2   | 57940 ||| INVOKING Cleansing Flame.
 57942 | Tomb:2   | 57942 ||| INVOKING Summon Divine Warrior.
 57946 | Tomb:2   | 57946 ||| INVOKING Cleansing Flame.
 57948 | Tomb:2   | Noticed a royal mummy
 57948 | Tomb:2   | Noticed a royal mummy
 57949 | Tomb:2   | Noticed a royal mummy
 57953 | Tomb:2   | 57953 ||| INVOKING Cleansing Flame.
 57957 | Tomb:2   | 57957 ||| INVOKING Summon Divine Warrior.
 57958 | Tomb:2   | 57958 ||| DRINKING potion of magic.
 57959 | Tomb:2   | 57959 ||| INVOKING Cleansing Flame.
 57962 | Tomb:2   | Killed a royal mummy
 57967 | Tomb:2   | 57967 ||| INVOKING Cleansing Flame.
 57968 | Tomb:2   | Killed a royal mummy
 57969 | Tomb:2   | 57969 ||| INVOKING Cleansing Flame.
 57972 | Tomb:2   | Killed a royal mummy
 57973 | Tomb:2   | Noticed Boris
 57980 | Tomb:2   | Killed Boris
 57982 | Tomb:2   | Killed a royal mummy
 57988 | Tomb:2   | 57988 ||| INVOKING Cleansing Flame.
 58069 | Tomb:2   | Identified the +10 chain mail of Waudo {Rampage SInv}
 58310 | Tomb:2   | Paralysed by a Zot trap for 3 turns
 58415 | Tomb:1   | Noticed a royal mummy
 58416 | Tomb:1   | 58416 ||| INVOKING Summon Divine Warrior.
 58418 | Tomb:1   | 58418 ||| INVOKING Cleansing Flame.
 58419 | Tomb:1   | 58419 ||| INVOKING Cleansing Flame.
 58420 | Tomb:1   | 58420 ||| INVOKING Cleansing Flame.
 58420 | Tomb:1   | Killed a royal mummy
 58421 | Tomb:1   | Noticed a royal mummy
 58422 | Tomb:1   | 58422 ||| INVOKING Cleansing Flame.
 58423 | Tomb:1   | 58423 ||| DRINKING potion of magic.
 58423 | Tomb:1   | Killed a royal mummy
 58423 | Tomb:1   | Noticed a royal mummy
 58424 | Tomb:1   | Reached skill level 21 in Invocations
 58424 | Tomb:1   | 58424 ||| INVOKING Cleansing Flame.
 58425 | Tomb:1   | 58425 ||| INVOKING Cleansing Flame.
 58425 | Tomb:1   | Killed a royal mummy
 58468 | Tomb:1   | Noticed a royal mummy
 58472 | Tomb:1   | Noticed a royal mummy
 58480 | Tomb:1   | Killed a royal mummy
 58482 | Tomb:1   | Killed a royal mummy
 58587 | Tomb:1   | Noticed a royal mummy
 58589 | Tomb:1   | 58589 ||| INVOKING Cleansing Flame.
 58590 | Tomb:1   | 58590 ||| INVOKING Cleansing Flame.
 58591 | Tomb:1   | 58591 ||| INVOKING Cleansing Flame.
 58591 | Tomb:1   | Killed a royal mummy
 58595 | Tomb:1   | Noticed a royal mummy
 58596 | Tomb:1   | 58596 ||| INVOKING Cleansing Flame.
 58597 | Tomb:1   | 58597 ||| INVOKING Cleansing Flame.
 58597 | Tomb:1   | Killed a royal mummy
 58598 | Tomb:1   | Noticed a royal mummy
 58600 | Tomb:1   | Killed a royal mummy
 58725 | Tomb:1   | Noticed a royal mummy
 58729 | Tomb:1   | 58729 ||| INVOKING Cleansing Flame.
 58730 | Tomb:1   | 58730 ||| INVOKING Cleansing Flame.
 58731 | Tomb:1   | 58731 ||| INVOKING Cleansing Flame.
 58732 | Tomb:1   | 58732 ||| INVOKING Cleansing Flame.
 58732 | Tomb:1   | Killed a royal mummy
 58788 | Tomb:1   | 58788 ||| DRINKING 21 potions of curing.
 58788 | Tomb:1   | 58788 ||| (to cure confusion)
 58855 | Tomb:1   | Noticed a royal mummy
 58856 | Tomb:1   | 58856 ||| INVOKING Summon Divine Warrior.
 58860 | Tomb:1   | Noticed a royal mummy
 58865 | Tomb:1   | Killed a royal mummy
 58867 | Tomb:1   | 58867 ||| INVOKING Cleansing Flame.
 58867 | Tomb:1   | Noticed a royal mummy
 58870 | Tomb:1   | Killed a royal mummy
 58878 | Tomb:1   | Killed a royal mummy
 58947 | Tomb:1   | Noticed a royal mummy
 58955 | Tomb:1   | Killed a royal mummy
 58987 | Tomb:1   | Noticed a royal mummy
 58988 | Tomb:1   | 58988 ||| INVOKING Cleansing Flame.
 58994 | Tomb:1   | Killed a royal mummy
 59014 | Tomb:1   | Noticed a royal mummy
 59021 | Tomb:1   | 59021 ||| INVOKING Summon Divine Warrior.
 59024 | Tomb:1   | Killed a royal mummy
 59026 | Tomb:1   | Noticed a royal mummy
 59047 | Tomb:1   | 59047 ||| INVOKING Summon Divine Warrior.
 59048 | Tomb:1   | 59048 ||| INVOKING Cleansing Flame.
 59048 | Tomb:1   | Killed a royal mummy
 59131 | Tomb:1   | Noticed a royal mummy
 59138 | Tomb:1   | Killed a royal mummy
 59160 | Tomb:1   | 59160 ||| INVOKING Cleansing Flame.
 59170 | Tomb:1   | Noticed a royal mummy
 59173 | Tomb:1   | 59173 ||| INVOKING Cleansing Flame.
 59174 | Tomb:1   | 59174 ||| INVOKING Cleansing Flame.
 59177 | Tomb:1   | Killed a royal mummy
 59257 | Tomb:1   | Noticed a royal mummy
 59266 | Tomb:1   | Noticed a royal mummy
 59269 | Tomb:1   | Killed a royal mummy
 59276 | Tomb:1   | Killed a royal mummy
 59322 | Tomb:1   | Noticed a royal mummy
 59323 | Tomb:1   | 59323 ||| INVOKING Summon Divine Warrior.
 59325 | Tomb:1   | 59325 ||| INVOKING Cleansing Flame.
 59326 | Tomb:1   | 59326 ||| INVOKING Cleansing Flame.
 59329 | Tomb:1   | 59329 ||| INVOKING Summon Divine Warrior.
 59331 | Tomb:1   | Killed a royal mummy
 59351 | Tomb:1   | Noticed a royal mummy
 59352 | Tomb:1   | 59352 ||| INVOKING Cleansing Flame.
 59357 | Tomb:1   | Killed a royal mummy
 59853 | Tomb:2   | 59853 ||| INVOKING Summon Divine Warrior.
 59857 | Tomb:2   | 59857 ||| INVOKING Cleansing Flame.
 59859 | Tomb:2   | 59859 ||| INVOKING Cleansing Flame.
 59872 | Tomb:2   | Was forgiven by Okawaru
 60107 | Tomb:3   | Entered Level 3 of the Tomb of the Ancients
 60108 | Tomb:3   | 60108 ||| DRINKING 4 potions of haste.
 60109 | Tomb:3   | 60109 ||| DRINKING 7 potions of attraction.
 60133 | Tomb:3   | Noticed a royal mummy
 60134 | Tomb:3   | 60134 ||| INVOKING Summon Divine Warrior.
 60142 | Tomb:3   | 60142 ||| INVOKING Cleansing Flame.
 60143 | Tomb:3   | 60143 ||| INVOKING Cleansing Flame.
 60144 | Tomb:3   | 60144 ||| INVOKING Cleansing Flame.
 60145 | Tomb:3   | Killed a royal mummy
 60155 | Tomb:3   | Reached skill level 24 in Invocations
 60155 | Tomb:3   | Noticed a royal mummy
 60158 | Tomb:3   | 60158 ||| INVOKING Cleansing Flame.
 60165 | Tomb:3   | Noticed a royal mummy
 60168 | Tomb:3   | Noticed a royal mummy
 60172 | Tomb:3   | 60172 ||| INVOKING Cleansing Flame.
 60172 | Tomb:3   | Killed a royal mummy
 60173 | Tomb:3   | 60173 ||| INVOKING Summon Divine Warrior.
 60174 | Tomb:3   | 60174 ||| INVOKING Cleansing Flame.
 60174 | Tomb:3   | Noticed a royal mummy
 60175 | Tomb:3   | 60175 ||| INVOKING Cleansing Flame.
 60175 | Tomb:3   | Noticed a royal mummy
 60176 | Tomb:3   | 60176 ||| INVOKING Cleansing Flame.
 60177 | Tomb:3   | 60177 ||| INVOKING Cleansing Flame.
 60177 | Tomb:3   | Killed a royal mummy
 60178 | Tomb:3   | 60178 ||| INVOKING Cleansing Flame.
 60179 | Tomb:3   | 60179 ||| INVOKING Cleansing Flame.
 60179 | Tomb:3   | Killed a royal mummy
 60180 | Tomb:3   | 60180 ||| INVOKING Cleansing Flame.
 60181 | Tomb:3   | 60181 ||| INVOKING Cleansing Flame.
 60182 | Tomb:3   | HP: 42/199 [royal mummy/divine providence (13)]
 60183 | Tomb:3   | 60183 ||| READING 25 scrolls of teleportation.
 60183 | Tomb:3   | HP: 18/199 [royal mummy/divine providence (10)]
 60184 | Tomb:3   | 60184 ||| DRINKING 5 potions of heal wounds.
 60185 | Tomb:3   | 60185 ||| DRINKING 4 potions of heal wounds.
 60193 | Tomb:3   | 60193 ||| INVOKING Cleansing Flame.
 60193 | Tomb:3   | Noticed a royal mummy
 60197 | Tomb:3   | 60197 ||| INVOKING Cleansing Flame.
 60197 | Tomb:3   | HP: 47/199 [royal mummy/divine providence (12)]
 60198 | Tomb:3   | 60198 ||| READING 24 scrolls of teleportation.
 60199 | Tomb:3   | 60199 ||| DRINKING 3 potions of heal wounds.
 60204 | Tomb:3   | 60204 ||| Stepping ~*~*~tactically~*~*~ (hiding).
 60206 | Tomb:3   | 60206 ||| INVOKING Summon Divine Warrior.
 60209 | Tomb:3   | Noticed a royal mummy
 60213 | Tomb:3   | 60213 ||| INVOKING Cleansing Flame.
 60215 | Tomb:3   | Killed a royal mummy
 60218 | Tomb:3   | 60218 ||| INVOKING Cleansing Flame.
 60223 | Tomb:3   | Killed a royal mummy
 60224 | Tomb:3   | 60224 ||| INVOKING Cleansing Flame.
 60224 | Tomb:3   | Noticed a royal mummy
 60225 | Tomb:3   | Killed a royal mummy
 60232 | Tomb:3   | Killed a royal mummy
 60236 | Tomb:3   | 60236 ||| INVOKING Cleansing Flame.
 60238 | Tomb:3   | 60238 ||| INVOKING Cleansing Flame.
 60239 | Tomb:3   | 60239 ||| INVOKING Cleansing Flame.
 60239 | Tomb:3   | Killed a royal mummy
 60423 | Tomb:3   | Identified the +5 chain mail "Elie" {rPois Will+ Str+3
                  | Int-3}
 60529 | Tomb:3   | Found the +8 lance "Wyrmbane" {slay drac, rPois rF+ rC+
                  | AC+3}
 60547 | Tomb:3   | Identified the +6 scale mail "Hoah Wequ" {+Blink Regen+
                  | Int-2 Slay+5}
 60554 | Tomb:3   | Identified the ring "Amah" {rN+ Int+6}
 60596 | Tomb:3   | Identified the +11 dagger "Qixiregg" {heavy, Dex+2 Stlth+}
 60699 | Tomb:3   | Got a golden rune of Zot
 60757 | Tomb:3   | 60757 ||| DRINKING potion of mutation.
 60757 | Tomb:3   | Lost mutation: You have sharp toenails. [potion of
                  | mutation]
 60757 | Tomb:3   | Lost mutation: You frequently scream uncontrollably at your
                  | foes. [potion of mutation]
 60757 | Tomb:3   | Gained mutation: You passively dampen the noise of your
                  | surroundings. [potion of mutation]
 60757 | Tomb:3   | Gained mutation: You passively map a small area around you.
                  | [potion of mutation]
 60781 | Tomb:3   | 60781 ||| PLANNING ABYSS
 60781 | Tomb:3   | 60781 ||| DROPPING ring "Amah" {rN+ Int+6}.
 60782 | Tomb:3   | 60782 ||| DROPPING 8 potions of lignification.
 60783 | Tomb:3   | 60783 ||| DROPPING 7 potions of attraction.
 62357 | Tomb:2   | 62357 ||| PLANNING DEPTHS
 62582 | Tomb:2   | 62582 ||| PLANNING DEPTHS
 63426 | Depths:2 | 63426 ||| PLANNING ABYSS
 63480 | Depths:2 | Voluntarily entered the Abyss.
 63480 | Abyss:1  | Found a transporter.
 63480 | Abyss:1  | Found a transporter.
 63595 | Abyss:1  | Found a transporter.
 63614 | Abyss:1  | Identified the ring "Maumod" {rPois AC+4 Str+3 Int+2}
 63621 | Abyss:1  | Found a transporter.
 63739 | Abyss:1  | 63739 ||| Stepping ~*~*~tactically~*~*~ (stealth).
 63743 | Abyss:1  | 63743 ||| Stepping ~*~*~tactically~*~*~ (stealth).
 63744 | Abyss:1  | 63744 ||| Stepping ~*~*~tactically~*~*~ (stealth).
 63827 | Abyss:1  | Found a transporter.
 64061 | Abyss:1  | Found a transporter.
 64101 | Abyss:1  | Found a transporter.
 64148 | Abyss:1  | Found a transporter.
 64244 | Abyss:1  | Found a transporter.
 64293 | Abyss:1  | Found a transporter.
 64314 | Abyss:1  | Found a transporter.
 64342 | Abyss:1  | Found a transporter.
 64394 | Abyss:1  | Found a transporter.
 64423 | Abyss:1  | Found a transporter.
 64492 | Abyss:1  | Found a transporter.
 64543 | Abyss:1  | 64543 ||| PLANNING DEPTHS
 64543 | Abyss:1  | 64543 ||| INVOKING Summon Divine Warrior.
 64544 | Abyss:1  | 64544 ||| INVOKING Summon Divine Warrior.
 64545 | Abyss:1  | 64545 ||| INVOKING Cleansing Flame.
 64546 | Abyss:1  | 64546 ||| INVOKING Cleansing Flame.
 64604 | Abyss:1  | 64604 ||| Stepping ~*~*~tactically~*~*~ (hiding).
 64606 | Abyss:1  | 64606 ||| Stepping ~*~*~tactically~*~*~ (hiding).
 64607 | Abyss:1  | 64607 ||| Stepping ~*~*~tactically~*~*~ (hiding).
 64608 | Abyss:1  | 64608 ||| Stepping ~*~*~tactically~*~*~ (hiding).
 64609 | Abyss:1  | 64609 ||| Stepping ~*~*~tactically~*~*~ (hiding).
 64630 | Abyss:1  | Found a corrupted altar of Lugonu.
 64648 | Abyss:1  | 64648 ||| Stepping ~*~*~tactically~*~*~ (stealth).
 64649 | Abyss:1  | 64649 ||| Stepping ~*~*~tactically~*~*~ (stealth).
 64650 | Abyss:1  | 64650 ||| Stepping ~*~*~tactically~*~*~ (stealth).
 64668 | Abyss:1  | 64668 ||| Stepping ~*~*~tactically~*~*~ (hiding).
 64670 | Abyss:1  | Found a corrupted altar of Lugonu.
 64672 | Abyss:1  | Found a corrupted altar of Lugonu.
 64672 | Abyss:1  | Found a corrupted altar of Lugonu.
 64674 | Abyss:1  | 64674 ||| Stepping ~*~*~tactically~*~*~ (hiding).
 64683 | Abyss:1  | 64683 ||| Stepping ~*~*~tactically~*~*~ (hiding).
 64689 | Abyss:1  | 64689 ||| Stepping ~*~*~tactically~*~*~ (hiding).
 64691 | Abyss:1  | 64691 ||| Stepping ~*~*~tactically~*~*~ (hiding).
 64697 | Abyss:1  | 64697 ||| Stepping ~*~*~tactically~*~*~ (stealth).
 64698 | Abyss:1  | 64698 ||| Stepping ~*~*~tactically~*~*~ (hiding).
 64709 | Abyss:1  | 64709 ||| Stepping ~*~*~tactically~*~*~ (stealth).
 64724 | Abyss:2  | Found a corrupted altar of Lugonu.
 64758 | Abyss:2  | 64758 ||| Stepping ~*~*~tactically~*~*~ (stealth).
 64787 | Abyss:2  | 64787 ||| Stepping ~*~*~tactically~*~*~ (stealth).
 64824 | Abyss:2  | 64824 ||| Stepping ~*~*~tactically~*~*~ (stealth).
 64831 | Abyss:2  | 64831 ||| INVOKING Summon Divine Warrior.
 64842 | Depths:2 | Escaped the Abyss
 64857 | Depths:2 | 64857 ||| DROPPING amulet of guardian spirit.
 64858 | Depths:2 | 64858 ||| UPGRADING to ring "Maumod" {rPois AC+4 Str+3
                  | Int+2}.
 64860 | Depths:2 | 64860 ||| DROPPING +5 ring of evasion.
 64897 | Depths:2 | 64897 ||| PLANNING ABYSS
 64930 | Depths:2 | Voluntarily entered the Abyss.
 64940 | Abyss:2  | Found a corrupted altar of Lugonu.
 64966 | Abyss:2  | Found a corrupted altar of Lugonu.
 64966 | Abyss:2  | Found a corrupted altar of Lugonu.
 64976 | Abyss:2  | 64976 ||| Stepping ~*~*~tactically~*~*~ (hiding).
 64981 | Abyss:2  | 64981 ||| Stepping ~*~*~tactically~*~*~ (hiding).
 65002 | Abyss:2  | 65002 ||| Stepping ~*~*~tactically~*~*~ (stealth).
 65015 | Abyss:2  | Paralysed by accursed screaming for 1 turns
 65039 | Abyss:2  | 65039 ||| Stepping ~*~*~tactically~*~*~ (stealth).
 65040 | Abyss:2  | 65040 ||| Stepping ~*~*~tactically~*~*~ (stealth).
 65040 | Abyss:2  | Gained mutation: You sometimes lose your temper in combat.
                  | [a shining eye]
 65050 | Abyss:2  | 65050 ||| Stepping ~*~*~tactically~*~*~ (stealth).
 65069 | Abyss:2  | 65069 ||| PLANNING DEPTHS
 65069 | Abyss:2  | Upgraded the game from 0.31-a0-222-gefeffbb62a to
                  | 0.31-a0-229-g1fc7ce93e2
 65069 | Abyss:2  | 65069 ||| PLANNING DEPTHS
 65069 | Abyss:2  | 65069 ||| PLANNING DEPTHS
 65088 | Abyss:2  | 65088 ||| Stepping ~*~*~tactically~*~*~ (stealth).
 65090 | Abyss:2  | 65090 ||| Stepping ~*~*~tactically~*~*~ (stealth).
 65123 | Abyss:2  | 65123 ||| Stepping ~*~*~tactically~*~*~ (stealth).
 65157 | Abyss:2  | 65157 ||| Stepping ~*~*~tactically~*~*~ (hiding).
 65185 | Abyss:2  | 65185 ||| Stepping ~*~*~tactically~*~*~ (stealth).
 65225 | Abyss:2  | 65225 ||| Stepping ~*~*~tactically~*~*~ (hiding).
 65229 | Abyss:2  | 65229 ||| Stepping ~*~*~tactically~*~*~ (hiding).
 65230 | Abyss:2  | 65230 ||| Stepping ~*~*~tactically~*~*~ (hiding).
 65249 | Abyss:2  | 65249 ||| Stepping ~*~*~tactically~*~*~ (stealth).
 65268 | Abyss:2  | 65268 ||| Stepping ~*~*~tactically~*~*~ (stealth).
 65277 | Abyss:2  | 65277 ||| Stepping ~*~*~tactically~*~*~ (stealth).
 65279 | Abyss:2  | 65279 ||| Stepping ~*~*~tactically~*~*~ (stealth).
 65344 | Abyss:2  | 65344 ||| Stepping ~*~*~tactically~*~*~ (stealth).
 65348 | Abyss:2  | 65348 ||| Stepping ~*~*~tactically~*~*~ (stealth).
 65362 | Abyss:2  | 65362 ||| Stepping ~*~*~tactically~*~*~ (stealth).
 65365 | Abyss:2  | 65365 ||| Stepping ~*~*~tactically~*~*~ (stealth).
 65366 | Abyss:2  | 65366 ||| Stepping ~*~*~tactically~*~*~ (stealth).
 65379 | Abyss:2  | 65379 ||| Stepping ~*~*~tactically~*~*~ (hiding).
 65412 | Abyss:2  | 65412 ||| Stepping ~*~*~tactically~*~*~ (hiding).
 65426 | Abyss:2  | 65426 ||| Stepping ~*~*~tactically~*~*~ (stealth).
 65440 | Abyss:2  | 65440 ||| Stepping ~*~*~tactically~*~*~ (stealth).
 65442 | Abyss:2  | 65442 ||| Stepping ~*~*~tactically~*~*~ (hiding).
 65443 | Abyss:2  | 65443 ||| Stepping ~*~*~tactically~*~*~ (hiding).
 65454 | Abyss:2  | Found a corrupted altar of Lugonu.
 65478 | Abyss:2  | 65478 ||| Stepping ~*~*~tactically~*~*~ (stealth).
 65506 | Depths:2 | Escaped the Abyss
 65541 | Depths:1 | 65541 ||| PLANNING ABYSS
 65576 | Depths:2 | Voluntarily entered the Abyss.
 65697 | Abyss:4  | Found a corrupted altar of Lugonu.
 65751 | Abyss:4  | Found a shimmering blue altar of Sif Muna.
 65837 | Abyss:4  | Gained mutation: Your magical capacity is very low. (-20%
                  | MP) [a neqoxec]
 65840 | Abyss:4  | Gained mutation: You are vulnerable to heat. (rF-) [a
                  | neqoxec]
 65842 | Abyss:4  | Gained mutation: You are very vulnerable to heat. (rF--) [a
                  | neqoxec]
 65851 | Abyss:4  | Lost mutation: Your spells are a little easier to cast, but
                  | a little less powerful. [a neqoxec]
 65921 | Abyss:4  | Paralysed by accursed screaming for 1 turns
 65945 | Abyss:4  | Reached skill level 1 in Short Blades
 65949 | Abyss:4  | Found a corrupted altar of Lugonu.
 65981 | Abyss:4  | Found a corrupted altar of Lugonu.
 66071 | Abyss:4  | Reached skill level 3 in Short Blades
 66260 | Abyss:4  | Paralysed by accursed screaming for 1 turns
 66263 | Abyss:4  | Reached skill level 27 in Invocations
 66271 | Abyss:4  | 66271 ||| Stepping ~*~*~tactically~*~*~ (stealth).
 66480 | Abyss:4  | Got an abyssal rune of Zot
 66480 | Abyss:4  | Paralysed by accursed screaming for 1 turns
 66481 | Abyss:4  | 66481 ||| PLANNING PAN
 66485 | Abyss:4  | Paralysed by accursed screaming for 2 turns
 66492 | Abyss:4  | Paralysed by accursed screaming for 2 turns
 66508 | Depths:2 | Escaped the Abyss
 66666 | Pan      | Entered Pandemonium
 66678 | Pan      | Reached skill level 24 in Armour
 66679 | Pan      | 66679 ||| PLANNING DEPTHS
 66697 | Pan      | 66697 ||| Stepping ~*~*~tactically~*~*~ (stealth).
 66698 | Pan      | 66698 ||| Stepping ~*~*~tactically~*~*~ (stealth).
 66702 | Pan      | 66702 ||| Stepping ~*~*~tactically~*~*~ (hiding).
 66707 | Pan      | 66707 ||| INVOKING Summon Divine Warrior.
 66713 | Pan      | 66713 ||| INVOKING Cleansing Flame.
 66866 | Pan      | 66866 ||| INVOKING Cleansing Flame.
 66869 | Pan      | Found a huge runed translucent gate.
 66876 | Pan      | Found a huge runed translucent gate.
 66877 | Pan      | Found a huge runed translucent gate.
 66877 | Pan      | Found a huge runed translucent gate.
 66877 | Pan      | Found a huge runed translucent gate.
 66877 | Pan      | Found a huge runed translucent gate.
 66877 | Pan      | Found a huge runed translucent gate.
 66976 | Pan      | 66976 ||| INVOKING Cleansing Flame.
 66977 | Pan      | 66977 ||| INVOKING Cleansing Flame.
 67125 | Pan      | 67125 ||| INVOKING Cleansing Flame.
 67368 | Pan      | Noticed Ziuq the pandemonium lord
 67374 | Pan      | 67374 ||| INVOKING Cleansing Flame.
 67380 | Pan      | Killed Ziuq the pandemonium lord
 67781 | Pan      | 67781 ||| Stepping ~*~*~tactically~*~*~ (stealth).
 68223 | Pan      | 68223 ||| Stepping ~*~*~tactically~*~*~ (hiding).
 68231 | Pan      | 68231 ||| Stepping ~*~*~tactically~*~*~ (hiding).
 68353 | Pan      | 68353 ||| Stepping ~*~*~tactically~*~*~ (hiding).
 68371 | Pan      | 68371 ||| Stepping ~*~*~tactically~*~*~ (hiding).
 68478 | Pan      | 68478 ||| Stepping ~*~*~tactically~*~*~ (stealth).
 68479 | Pan      | 68479 ||| Stepping ~*~*~tactically~*~*~ (stealth).
 68748 | Pan      | 68748 ||| Stepping ~*~*~tactically~*~*~ (stealth).
 68955 | Pan      | Found a white marble altar of Elyvilon.
 69278 | Pan      | 69278 ||| Stepping ~*~*~tactically~*~*~ (hiding).
 69279 | Pan      | 69279 ||| Stepping ~*~*~tactically~*~*~ (hiding).
 69379 | Pan      | 69379 ||| Stepping ~*~*~tactically~*~*~ (stealth).
 69445 | Pan      | 69445 ||| Stepping ~*~*~tactically~*~*~ (hiding).
 69756 | Pan      | Identified the +0 tower shield of the Well-Known Suns {rC-
                  | Regen+ rCorr SInv}
 69757 | Pan      | 69757 ||| Stepping ~*~*~tactically~*~*~ (hiding).
 69758 | Pan      | 69758 ||| Stepping ~*~*~tactically~*~*~ (hiding).
 69777 | Pan      | 69777 ||| INVOKING Summon Divine Warrior.
 69798 | Pan      | HP: 40/199 [daeva/divine providence (12)]
 69799 | Pan      | 69799 ||| READING 24 scrolls of teleportation.
 69800 | Pan      | 69800 ||| DRINKING 3 potions of heal wounds.
 69808 | Pan      | 69808 ||| Stepping ~*~*~tactically~*~*~ (stealth).
 69814 | Pan      | 69814 ||| INVOKING Summon Divine Warrior.
 69926 | Pan      | 69926 ||| Stepping ~*~*~tactically~*~*~ (stealth).
 69929 | Pan      | 69929 ||| Stepping ~*~*~tactically~*~*~ (hiding).
 70324 | Depths:2 | Escaped Pandemonium
 70325 | Depths:2 | 70325 ||| PLANNING PAN
 70326 | Pan      | Entered Pandemonium
 70368 | Pan      | 70368 ||| Stepping ~*~*~tactically~*~*~ (hiding).
 70369 | Pan      | 70369 ||| Stepping ~*~*~tactically~*~*~ (hiding).
 70384 | Pan      | 70384 ||| DRINKING 8 potions of resistance.
 70385 | Pan      | 70385 ||| INVOKING Cleansing Flame.
 70386 | Pan      | 70386 ||| INVOKING Cleansing Flame.
 70387 | Pan      | 70387 ||| INVOKING Cleansing Flame.
 70409 | Pan      | Reached skill level 6 in Short Blades
 70427 | Pan      | Found an exit through the horrors of the Abyss.
 70544 | Pan      | 70544 ||| Stepping ~*~*~tactically~*~*~ (stealth).
 70550 | Pan      | Noticed Poaffeuf the pandemonium lord
 70551 | Pan      | 70551 ||| Stepping ~*~*~tactically~*~*~ (hiding).
 70556 | Pan      | 70556 ||| INVOKING Summon Divine Warrior.
 70562 | Pan      | Killed Poaffeuf the pandemonium lord
 70643 | Pan      | 70643 ||| Stepping ~*~*~tactically~*~*~ (stealth).
 70654 | Pan      | 70654 ||| Stepping ~*~*~tactically~*~*~ (stealth).
 70721 | Pan      | 70721 ||| Stepping ~*~*~tactically~*~*~ (stealth).
 70966 | Pan      | 70966 ||| Stepping ~*~*~tactically~*~*~ (stealth).
 71008 | Pan      | Entered the realm of Mnoleg.
 71008 | Pan      | Found an exit through the horrors of the Abyss.
 71037 | Pan      | 71037 ||| Stepping ~*~*~tactically~*~*~ (hiding).
 71040 | Pan      | 71040 ||| Stepping ~*~*~tactically~*~*~ (stealth).
 71109 | Pan      | 71109 ||| Stepping ~*~*~tactically~*~*~ (stealth).
 71208 | Pan      | Gained mutation: You have hidden genetic defects. [a
                  | cacodemon]
 71217 | Pan      | 71217 ||| Stepping ~*~*~tactically~*~*~ (stealth).
 71303 | Pan      | 71303 ||| Stepping ~*~*~tactically~*~*~ (hiding).
 71305 | Pan      | 71305 ||| Stepping ~*~*~tactically~*~*~ (hiding).
 71307 | Pan      | 71307 ||| Stepping ~*~*~tactically~*~*~ (hiding).
 71313 | Pan      | Gained mutation: You are partially covered in iridescent
                  | scales. (AC +2) [a neqoxec]
 71319 | Pan      | 71319 ||| Stepping ~*~*~tactically~*~*~ (stealth).
 71320 | Pan      | 71320 ||| Stepping ~*~*~tactically~*~*~ (stealth).
 71328 | Pan      | 71328 ||| Stepping ~*~*~tactically~*~*~ (hiding).
 71330 | Pan      | 71330 ||| Stepping ~*~*~tactically~*~*~ (hiding).
 71343 | Pan      | 71343 ||| Stepping ~*~*~tactically~*~*~ (stealth).
 71356 | Pan      | Gained mutation: Armour fits poorly on your strangely
                  | shaped body. [a neqoxec]
 71357 | Pan      | 71357 ||| Stepping ~*~*~tactically~*~*~ (hiding).
 71364 | Pan      | Gained mutation: Potions are less effective at restoring
                  | your health. [a neqoxec]
 71373 | Pan      | 71373 ||| Stepping ~*~*~tactically~*~*~ (stealth).
 71375 | Pan      | 71375 ||| Stepping ~*~*~tactically~*~*~ (hiding).
 71582 | Pan      | 71582 ||| Stepping ~*~*~tactically~*~*~ (hiding).
 71586 | Pan      | Gained mutation: Your body sometimes deteriorates upon
                  | taking damage. [a neqoxec]
 71619 | Pan      | 71619 ||| Stepping ~*~*~tactically~*~*~ (stealth).
 71678 | Pan      | 71678 ||| Stepping ~*~*~tactically~*~*~ (stealth).
 71686 | Pan      | Reached skill level 27 in Armour
 71740 | Pan      | 71740 ||| Stepping ~*~*~tactically~*~*~ (stealth).
 71744 | Pan      | Gained mutation: Your body often deteriorates upon taking
                  | damage. [a cacodemon]
 71864 | Pan      | 71864 ||| Stepping ~*~*~tactically~*~*~ (stealth).
 71891 | Pan      | 71891 ||| Stepping ~*~*~tactically~*~*~ (stealth).
 72124 | Pan      | 72124 ||| Stepping ~*~*~tactically~*~*~ (hiding).
 72127 | Pan      | 72127 ||| Stepping ~*~*~tactically~*~*~ (hiding).
 72128 | Pan      | 72128 ||| Stepping ~*~*~tactically~*~*~ (hiding).
 72203 | Pan      | 72203 ||| Stepping ~*~*~tactically~*~*~ (stealth).
 72265 | Pan      | 72265 ||| Stepping ~*~*~tactically~*~*~ (stealth).
 72266 | Pan      | 72266 ||| Stepping ~*~*~tactically~*~*~ (stealth).
 72267 | Pan      | 72267 ||| Stepping ~*~*~tactically~*~*~ (stealth).
 72290 | Pan      | Lost mutation: Your body often deteriorates upon taking
                  | damage. [a neqoxec]
 72461 | Pan      | 72461 ||| Stepping ~*~*~tactically~*~*~ (hiding).
 72480 | Pan      | Noticed Mnoleg
 72481 | Pan      | 72481 ||| Stepping ~*~*~tactically~*~*~ (hiding).
 72485 | Pan      | 72485 ||| INVOKING Summon Divine Warrior.
 72486 | Pan      | 72486 ||| INVOKING Cleansing Flame.
 72487 | Pan      | 72487 ||| INVOKING Cleansing Flame.
 72492 | Pan      | 72492 ||| INVOKING Cleansing Flame.
 72500 | Pan      | Gained mutation: You do not regenerate when monsters are
                  | visible. [a cacodemon]
 72501 | Pan      | 72501 ||| INVOKING Summon Divine Warrior.
 72504 | Pan      | Gained mutation: Your magical capacity is extremely low.
                  | (-30% MP) [a cacodemon]
 72505 | Pan      | Gained mutation: You occasionally lose the ability to read
                  | scrolls when taking damage. [a cacodemon]
 72509 | Pan      | Killed Mnoleg
 72574 | Pan      | Got a glowing rune of Zot
 72576 | Pan      | Gained mutation: Potions cannot restore your health.
                  | [hidden defects]
 72809 | Pan      | 72809 ||| DROPPING +6 ring of dexterity.
 72965 | Pan      | 72965 ||| DRINKING 8 potions of resistance.
 72966 | Pan      | 72966 ||| INVOKING Summon Divine Warrior.
 72967 | Pan      | 72967 ||| INVOKING Cleansing Flame.
 73132 | Pan      | 73132 ||| Stepping ~*~*~tactically~*~*~ (stealth).
 73137 | Pan      | 73137 ||| Stepping ~*~*~tactically~*~*~ (hiding).
 73139 | Pan      | 73139 ||| Stepping ~*~*~tactically~*~*~ (hiding).
 73199 | Pan      | 73199 ||| Stepping ~*~*~tactically~*~*~ (stealth).
 73200 | Pan      | 73200 ||| Stepping ~*~*~tactically~*~*~ (stealth).
 73238 | Pan      | Noticed Fuhaudy the pandemonium lord
 73239 | Pan      | 73239 ||| Stepping ~*~*~tactically~*~*~ (hiding).
 73243 | Pan      | 73243 ||| INVOKING Summon Divine Warrior.
 73245 | Pan      | 73245 ||| INVOKING Cleansing Flame.
 73246 | Pan      | 73246 ||| INVOKING Cleansing Flame.
 73248 | Pan      | Killed Fuhaudy the pandemonium lord
 73876 | Depths:2 | Escaped Pandemonium
 73878 | Pan      | Entered Pandemonium
 73946 | Pan      | 73946 ||| Stepping ~*~*~tactically~*~*~ (stealth).
 73987 | Pan      | Gained mutation: You sometimes lose the ability to read
                  | scrolls when taking damage. [hidden defects]
 73987 | Pan      | Lost mutation: You have hidden genetic defects. [hidden
                  | defects expressed]
 73990 | Pan      | 73990 ||| Stepping ~*~*~tactically~*~*~ (stealth).
 74113 | Pan      | 74113 ||| Stepping ~*~*~tactically~*~*~ (hiding).
 74233 | Pan      | 74233 ||| Stepping ~*~*~tactically~*~*~ (hiding).
 74249 | Pan      | Noticed Amupp the pandemonium lord
 74250 | Pan      | 74250 ||| Stepping ~*~*~tactically~*~*~ (stealth).
 74253 | Pan      | 74253 ||| INVOKING Summon Divine Warrior.
 74254 | Pan      | 74254 ||| INVOKING Cleansing Flame.
 74260 | Pan      | Killed Amupp the pandemonium lord
 74382 | Pan      | 74382 ||| Stepping ~*~*~tactically~*~*~ (stealth).
 74383 | Pan      | 74383 ||| Stepping ~*~*~tactically~*~*~ (stealth).
 74386 | Pan      | 74386 ||| Stepping ~*~*~tactically~*~*~ (hiding).
 74387 | Pan      | 74387 ||| Stepping ~*~*~tactically~*~*~ (hiding).
 74388 | Pan      | 74388 ||| Stepping ~*~*~tactically~*~*~ (hiding).
 74410 | Pan      | 74410 ||| Stepping ~*~*~tactically~*~*~ (stealth).
 74415 | Pan      | 74415 ||| Stepping ~*~*~tactically~*~*~ (hiding).
 74417 | Pan      | 74417 ||| Stepping ~*~*~tactically~*~*~ (hiding).
 74424 | Pan      | Lost mutation: Your mind is acute. (Int +4, Str/Dex -1) [a
                  | cacodemon]
 74425 | Pan      | 74425 ||| Stepping ~*~*~tactically~*~*~ (hiding).
 74466 | Pan      | 74466 ||| Stepping ~*~*~tactically~*~*~ (hiding).
 74467 | Pan      | 74467 ||| Stepping ~*~*~tactically~*~*~ (stealth).
 74503 | Pan      | 74503 ||| Stepping ~*~*~tactically~*~*~ (stealth).
 74523 | Pan      | 74523 ||| Stepping ~*~*~tactically~*~*~ (stealth).
 74525 | Pan      | 74525 ||| Stepping ~*~*~tactically~*~*~ (hiding).
 74527 | Pan      | 74527 ||| Stepping ~*~*~tactically~*~*~ (hiding).
 74768 | Pan      | 74768 ||| Stepping ~*~*~tactically~*~*~ (stealth).
 75072 | Pan      | Entered the realm of Lom Lobon.
 75078 | Pan      | 75078 ||| Stepping ~*~*~tactically~*~*~ (stealth).
 75085 | Pan      | Reached skill level 9 in Dodging
 75085 | Pan      | Found an exit through the horrors of the Abyss.
 75087 | Pan      | 75087 ||| Stepping ~*~*~tactically~*~*~ (hiding).
 75259 | Pan      | 75259 ||| Stepping ~*~*~tactically~*~*~ (stealth).
 75260 | Pan      | 75260 ||| Stepping ~*~*~tactically~*~*~ (stealth).
 75291 | Pan      | 75291 ||| INVOKING Summon Divine Warrior.
 75292 | Pan      | Noticed Lom Lobon
 75293 | Pan      | 75293 ||| DRINKING 3 potions of haste.
 75294 | Pan      | 75294 ||| INVOKING Summon Divine Warrior.
 75295 | Pan      | 75295 ||| DRINKING 9 potions of might.
 75305 | Pan      | 75305 ||| INVOKING Summon Divine Warrior.
 75327 | Pan      | 75327 ||| INVOKING Cleansing Flame.
 75345 | Pan      | HP: 47/199 [spore (14)]
 75346 | Pan      | 75346 ||| INVOKING Cleansing Flame.
 75348 | Pan      | Killed Lom Lobon
 75366 | Pan      | 75366 ||| INVOKING Summon Divine Warrior.
 75376 | Pan      | HP: 48/199 [spriggan air mage/the air (33)]
 75386 | Pan      | 75386 ||| INVOKING Cleansing Flame.
 75392 | Pan      | HP: 45/199 [wizard/fireball (14)]
 75394 | Pan      | 75394 ||| READING 26 scrolls of teleportation.
 75400 | Pan      | 75400 ||| INVOKING Summon Divine Warrior.
 75405 | Pan      | HP: 46/199 [smoke demon/divine providence (14)]
 75546 | Pan      | Got a magical rune of Zot
 75582 | Pan      | 75582 ||| INVOKING Cleansing Flame.
 75583 | Pan      | 75583 ||| INVOKING Cleansing Flame.
 75940 | Pan      | Entered the realm of Gloorx Vloq.
 75942 | Pan      | 75942 ||| INVOKING Cleansing Flame.
 75978 | Pan      | Noticed Gloorx Vloq
 75979 | Pan      | 75979 ||| INVOKING Cleansing Flame.
 75981 | Pan      | 75981 ||| INVOKING Summon Divine Warrior.
 75990 | Pan      | Killed Gloorx Vloq
 75991 | Pan      | Reached skill level 24 in Shields
 76065 | Pan      | Got a dark rune of Zot
 76085 | Pan      | 76085 ||| INVOKING Cleansing Flame.
 76436 | Pan      | Identified the +8 trident of Eternity {drain, rN+ Int+5}
 76780 | Pan      | 76780 ||| Stepping ~*~*~tactically~*~*~ (hiding).
 76783 | Pan      | 76783 ||| Stepping ~*~*~tactically~*~*~ (hiding).
 76793 | Pan      | 76793 ||| Stepping ~*~*~tactically~*~*~ (stealth).
 76809 | Pan      | 76809 ||| Stepping ~*~*~tactically~*~*~ (hiding).
 76828 | Pan      | Noticed Foskatow the pandemonium lord
 76842 | Pan      | Killed Foskatow the pandemonium lord
 76862 | Pan      | 76862 ||| Stepping ~*~*~tactically~*~*~ (stealth).
 76863 | Pan      | 76863 ||| Stepping ~*~*~tactically~*~*~ (stealth).
 76868 | Pan      | 76868 ||| Stepping ~*~*~tactically~*~*~ (stealth).
 76872 | Pan      | 76872 ||| INVOKING Summon Divine Warrior.
 76873 | Pan      | 76873 ||| INVOKING Cleansing Flame.
 76977 | Pan      | 76977 ||| Stepping ~*~*~tactically~*~*~ (stealth).
 76979 | Pan      | 76979 ||| Stepping ~*~*~tactically~*~*~ (stealth).
 77003 | Pan      | 77003 ||| Stepping ~*~*~tactically~*~*~ (stealth).
 77222 | Pan      | 77222 ||| Stepping ~*~*~tactically~*~*~ (stealth).
 77223 | Pan      | 77223 ||| Stepping ~*~*~tactically~*~*~ (stealth).
 77264 | Pan      | 77264 ||| Stepping ~*~*~tactically~*~*~ (hiding).
 77265 | Pan      | 77265 ||| Stepping ~*~*~tactically~*~*~ (hiding).
 77284 | Pan      | 77284 ||| Stepping ~*~*~tactically~*~*~ (stealth).
 77307 | Pan      | 77307 ||| Stepping ~*~*~tactically~*~*~ (hiding).
 77309 | Pan      | 77309 ||| Stepping ~*~*~tactically~*~*~ (hiding).
 77337 | Pan      | 77337 ||| Stepping ~*~*~tactically~*~*~ (stealth).
 77338 | Pan      | 77338 ||| Stepping ~*~*~tactically~*~*~ (stealth).
 77339 | Pan      | 77339 ||| Stepping ~*~*~tactically~*~*~ (stealth).
 77346 | Pan      | 77346 ||| Stepping ~*~*~tactically~*~*~ (stealth).
 77364 | Pan      | 77364 ||| Stepping ~*~*~tactically~*~*~ (stealth).
 77366 | Pan      | 77366 ||| Stepping ~*~*~tactically~*~*~ (stealth).
 77374 | Pan      | Found an exit through the horrors of the Abyss.
 77458 | Pan      | Entered the realm of Cerebov.
 77532 | Pan      | 77532 ||| INVOKING Summon Divine Warrior.
 77536 | Pan      | 77536 ||| INVOKING Cleansing Flame.
 77674 | Pan      | 77674 ||| Stepping ~*~*~tactically~*~*~ (hiding).
 77804 | Pan      | 77804 ||| Stepping ~*~*~tactically~*~*~ (stealth).
 77805 | Pan      | 77805 ||| Stepping ~*~*~tactically~*~*~ (stealth).
 77806 | Pan      | 77806 ||| Stepping ~*~*~tactically~*~*~ (stealth).
 77820 | Pan      | 77820 ||| Stepping ~*~*~tactically~*~*~ (hiding).
 77833 | Pan      | 77833 ||| Stepping ~*~*~tactically~*~*~ (hiding).
 77834 | Pan      | 77834 ||| Stepping ~*~*~tactically~*~*~ (hiding).
 77835 | Pan      | 77835 ||| Stepping ~*~*~tactically~*~*~ (hiding).
 77954 | Pan      | Found an exit through the horrors of the Abyss.
 78131 | Pan      | 78131 ||| Stepping ~*~*~tactically~*~*~ (stealth).
 78153 | Pan      | 78153 ||| Stepping ~*~*~tactically~*~*~ (hiding).
 78154 | Pan      | 78154 ||| Stepping ~*~*~tactically~*~*~ (hiding).
 78198 | Pan      | 78198 ||| Stepping ~*~*~tactically~*~*~ (stealth).
 78204 | Pan      | 78204 ||| Stepping ~*~*~tactically~*~*~ (stealth).
 78275 | Pan      | 78275 ||| Stepping ~*~*~tactically~*~*~ (stealth).
 78303 | Pan      | 78303 ||| Stepping ~*~*~tactically~*~*~ (stealth).
 78336 | Pan      | 78336 ||| Stepping ~*~*~tactically~*~*~ (stealth).
 78377 | Pan      | 78377 ||| Stepping ~*~*~tactically~*~*~ (stealth).
 78397 | Pan      | 78397 ||| Stepping ~*~*~tactically~*~*~ (hiding).
 78398 | Pan      | 78398 ||| INVOKING Summon Divine Warrior.
 78399 | Pan      | 78399 ||| INVOKING Cleansing Flame.
 78400 | Pan      | 78400 ||| INVOKING Cleansing Flame.
 78528 | Pan      | Identified the staff of Benevolence {rF+ rC- Will+ SInv
                  | Fire}
 78572 | Pan      | Identified the +7 dagger of Hourghiyw {freeze, rPois rN+}
 78577 | Pan      | 78577 ||| DROPPING +3 heavy broad axe.
 78626 | Pan      | Found the +6 sword of Cerebov {flame}
 78626 | Pan      | Noticed Cerebov
 78646 | Pan      | 78646 ||| DRINKING 3 potions of haste.
 78647 | Pan      | 78647 ||| DRINKING 8 potions of resistance.
 78648 | Pan      | 78648 ||| INVOKING Summon Divine Warrior.
 78649 | Pan      | 78649 ||| DRINKING 8 potions of might.
 78658 | Pan      | 78658 ||| INVOKING Summon Divine Warrior.
 78659 | Pan      | Killed Cerebov
 78805 | Pan      | 78805 ||| INVOKING Cleansing Flame.
 78812 | Pan      | Got a fiery rune of Zot
 78897 | Pan      | Identified the +0 robe of Evolution {Will+}
 78897 | Pan      | Identified the ring "Bemnin" {EV+5 Str+5}
 78975 | Pan      | Identified the +7 rapier "Ximom" {drain, Will+ Str+4}
 78979 | Pan      | Identified the staff "Vaseg" {Fragile Hexes Necro Earth}
 79009 | Pan      | Identified the +7 glaive "Tezuesch" {flame, rN+}
 79066 | Pan      | 79066 ||| Stepping ~*~*~tactically~*~*~ (stealth).
 79168 | Pan      | 79168 ||| Stepping ~*~*~tactically~*~*~ (stealth).
 79265 | Pan      | 79265 ||| Stepping ~*~*~tactically~*~*~ (hiding).
 79276 | Pan      | 79276 ||| Stepping ~*~*~tactically~*~*~ (hiding).
 79279 | Pan      | 79279 ||| Stepping ~*~*~tactically~*~*~ (hiding).
 79552 | Pan      | 79552 ||| Stepping ~*~*~tactically~*~*~ (hiding).
 79575 | Pan      | Identified the +8 war axe "Xoubir" {speed, rC+}
 79576 | Pan      | 79576 ||| Stepping ~*~*~tactically~*~*~ (stealth).
 79577 | Pan      | 79577 ||| Stepping ~*~*~tactically~*~*~ (stealth).
 79579 | Pan      | 79579 ||| Stepping ~*~*~tactically~*~*~ (hiding).
 79588 | Pan      | 79588 ||| Stepping ~*~*~tactically~*~*~ (hiding).
 79621 | Pan      | 79621 ||| Stepping ~*~*~tactically~*~*~ (stealth).
 79622 | Pan      | 79622 ||| Stepping ~*~*~tactically~*~*~ (stealth).
 79680 | Pan      | 79680 ||| DROPPING amulet of magic regeneration.
 79681 | Pan      | 79681 ||| UPGRADING to ring "Bemnin" {EV+5 Str+5}.
 79683 | Pan      | 79683 ||| DROPPING ring of protection from cold.
 79684 | Pan      | 79684 ||| DROPPING ring of protection from fire.
 79685 | Pan      | 79685 ||| DROPPING +5 ring of evasion.
 79818 | Pan      | 79818 ||| Stepping ~*~*~tactically~*~*~ (stealth).
 79824 | Pan      | 79824 ||| Stepping ~*~*~tactically~*~*~ (stealth).
 79875 | Pan      | 79875 ||| Stepping ~*~*~tactically~*~*~ (stealth).
 79877 | Pan      | 79877 ||| Stepping ~*~*~tactically~*~*~ (hiding).
 79886 | Pan      | 79886 ||| Stepping ~*~*~tactically~*~*~ (cloud).
 79891 | Pan      | 79891 ||| Stepping ~*~*~tactically~*~*~ (stealth).
 79893 | Pan      | Found an exit through the horrors of the Abyss.
 79939 | Pan      | 79939 ||| INVOKING Summon Divine Warrior.
 79942 | Pan      | 79942 ||| INVOKING Cleansing Flame.
 79979 | Pan      | 79979 ||| INVOKING Cleansing Flame.
 80015 | Pan      | 80015 ||| Stepping ~*~*~tactically~*~*~ (stealth).
 80260 | Pan      | 80260 ||| Stepping ~*~*~tactically~*~*~ (hiding).
 80261 | Pan      | 80261 ||| Stepping ~*~*~tactically~*~*~ (hiding).
 80265 | Pan      | 80265 ||| INVOKING Summon Divine Warrior.
 80267 | Pan      | Noticed Byucw the pandemonium lord
 80269 | Pan      | 80269 ||| INVOKING Cleansing Flame.
 80273 | Pan      | 80273 ||| INVOKING Cleansing Flame.
 80281 | Pan      | Killed Byucw the pandemonium lord
 80618 | Pan      | Gained mutation: Your spells are a little easier to cast,
                  | but a little less powerful. [a cacodemon]
 80619 | Pan      | Gained mutation: You frequently scream uncontrollably at
                  | your foes. [a cacodemon]
 80635 | Pan      | 80635 ||| Stepping ~*~*~tactically~*~*~ (hiding).
 80647 | Pan      | Reached skill level 18 in Throwing
 80653 | Pan      | Noticed Ficsadon the pandemonium lord
 80665 | Pan      | Killed Ficsadon the pandemonium lord
 80826 | Pan      | 80826 ||| Stepping ~*~*~tactically~*~*~ (stealth).
 80828 | Pan      | 80828 ||| Stepping ~*~*~tactically~*~*~ (hiding).
 80840 | Pan      | 80840 ||| Stepping ~*~*~tactically~*~*~ (stealth).
 80961 | Pan      | 80961 ||| Stepping ~*~*~tactically~*~*~ (stealth).
 80963 | Pan      | 80963 ||| Stepping ~*~*~tactically~*~*~ (stealth).
 80964 | Pan      | 80964 ||| Stepping ~*~*~tactically~*~*~ (hiding).
 80973 | Pan      | 80973 ||| INVOKING Cleansing Flame.
 80984 | Pan      | 80984 ||| Stepping ~*~*~tactically~*~*~ (stealth).
 80987 | Pan      | 80987 ||| Stepping ~*~*~tactically~*~*~ (stealth).
 81017 | Pan      | 81017 ||| INVOKING Cleansing Flame.
 81107 | Pan      | Found an exit through the horrors of the Abyss.
 81108 | Pan      | 81108 ||| Stepping ~*~*~tactically~*~*~ (stealth).
 81110 | Pan      | 81110 ||| Stepping ~*~*~tactically~*~*~ (hiding).
 81111 | Pan      | 81111 ||| Stepping ~*~*~tactically~*~*~ (hiding).
 81115 | Pan      | 81115 ||| Stepping ~*~*~tactically~*~*~ (hiding).
 81117 | Pan      | 81117 ||| Stepping ~*~*~tactically~*~*~ (hiding).
 81139 | Pan      | 81139 ||| Stepping ~*~*~tactically~*~*~ (stealth).
 81226 | Pan      | 81226 ||| Stepping ~*~*~tactically~*~*~ (hiding).
 81232 | Pan      | Reached skill level 21 in Axes
 81479 | Pan      | 81479 ||| Stepping ~*~*~tactically~*~*~ (hiding).
 81835 | Pan      | 81835 ||| Stepping ~*~*~tactically~*~*~ (hiding).
 81836 | Pan      | 81836 ||| Stepping ~*~*~tactically~*~*~ (hiding).
 81856 | Pan      | Noticed Benwe Olo the pandemonium lord
 81857 | Pan      | 81857 ||| INVOKING Summon Divine Warrior.
 81859 | Pan      | 81859 ||| INVOKING Cleansing Flame.
 81863 | Pan      | Killed Benwe Olo the pandemonium lord
 82131 | Pan      | Reached skill level 12 in Dodging
 82189 | Pan      | Found an exit through the horrors of the Abyss.
 82323 | Pan      | 82323 ||| DRINKING 7 potions of resistance.
 82573 | Pan      | 82573 ||| Stepping ~*~*~tactically~*~*~ (hiding).
 82574 | Pan      | 82574 ||| Stepping ~*~*~tactically~*~*~ (hiding).
 82587 | Pan      | 82587 ||| Stepping ~*~*~tactically~*~*~ (stealth).
 82659 | Pan      | 82659 ||| DRINKING 6 potions of resistance.
 82660 | Pan      | 82660 ||| INVOKING Summon Divine Warrior.
 82666 | Pan      | 82666 ||| INVOKING Cleansing Flame.
 82674 | Pan      | 82674 ||| INVOKING Cleansing Flame.
 82675 | Pan      | Noticed Loviuckoviu the pandemonium lord
 82675 | Pan      | 82675 ||| INVOKING Cleansing Flame.
 82683 | Pan      | 82683 ||| INVOKING Cleansing Flame.
 82690 | Pan      | Killed Loviuckoviu the pandemonium lord
 82733 | Abyss:4  | Cast into level 4 of the Abyss (+0 demon blade of
                  | distortion)
 82746 | Abyss:4  | Found a corrupted altar of Lugonu.
 82746 | Abyss:4  | Found a corrupted altar of Lugonu.
 82773 | Pan      | Escaped the Abyss
 82783 | Pan      | 82783 ||| Stepping ~*~*~tactically~*~*~ (hiding).
 82793 | Pan      | 82793 ||| DRINKING 5 potions of resistance.
 82794 | Pan      | 82794 ||| INVOKING Summon Divine Warrior.
 82799 | Pan      | 82799 ||| INVOKING Cleansing Flame.
 82904 | Pan      | Got a demonic rune of Zot
 82905 | Pan      | 82905 ||| PLANNING TAR RUNE
 83135 | Pan      | 83135 ||| Stepping ~*~*~tactically~*~*~ (hiding).
 83163 | Pan      | 83163 ||| Stepping ~*~*~tactically~*~*~ (stealth).
 83190 | Pan      | 83190 ||| Stepping ~*~*~tactically~*~*~ (hiding).
 83191 | Pan      | 83191 ||| Stepping ~*~*~tactically~*~*~ (hiding).
 83342 | Pan      | 83342 ||| Stepping ~*~*~tactically~*~*~ (hiding).
 83523 | Pan      | 83523 ||| Stepping ~*~*~tactically~*~*~ (stealth).
 83527 | Pan      | 83527 ||| INVOKING Summon Divine Warrior.
 83535 | Pan      | 83535 ||| INVOKING Cleansing Flame.
 83537 | Pan      | Gained mutation: You are dopey. (Int -2) [a cacodemon]
 84238 | Pan      | Gained mutation: You have an uncontrollable temper. [a
                  | neqoxec]
 84409 | Pan      | 84409 ||| DROPPING +1 cloak.
 84501 | Pan      | 84501 ||| Stepping ~*~*~tactically~*~*~ (hiding).
 84503 | Pan      | 84503 ||| Stepping ~*~*~tactically~*~*~ (hiding).
 84504 | Pan      | 84504 ||| Stepping ~*~*~tactically~*~*~ (hiding).
 84621 | Pan      | 84621 ||| Stepping ~*~*~tactically~*~*~ (stealth).
 84622 | Pan      | 84622 ||| Stepping ~*~*~tactically~*~*~ (stealth).
 84694 | Pan      | 84694 ||| ZAPPING wand of digging (26).
 84773 | Pan      | 84773 ||| Stepping ~*~*~tactically~*~*~ (stealth).
 84784 | Pan      | 84784 ||| Stepping ~*~*~tactically~*~*~ (stealth).
 84821 | Pan      | 84821 ||| Stepping ~*~*~tactically~*~*~ (stealth).
 84824 | Pan      | 84824 ||| ZAPPING wand of digging (25).
 84827 | Pan      | 84827 ||| Stepping ~*~*~tactically~*~*~ (hiding).
 84831 | Pan      | 84831 ||| INVOKING Summon Divine Warrior.
 84835 | Pan      | 84835 ||| INVOKING Cleansing Flame.
 84849 | Pan      | 84849 ||| INVOKING Summon Divine Warrior.
 84937 | Pan      | Noticed Veja the pandemonium lord
 84938 | Pan      | 84938 ||| INVOKING Summon Divine Warrior.
 84940 | Pan      | 84940 ||| INVOKING Cleansing Flame.
 84944 | Pan      | Killed Veja the pandemonium lord
 85067 | Pan      | 85067 ||| ZAPPING wand of digging (24).
 85174 | Pan      | 85174 ||| ZAPPING wand of digging (23).
 85180 | Pan      | Gained mutation: You are vulnerable to cold. (rC-) [a
                  | neqoxec]
 85325 | Pan      | Found an exit through the horrors of the Abyss.
 85326 | Pan      | 85326 ||| ZAPPING wand of digging (22).
 85457 | Pan      | 85457 ||| ZAPPING wand of digging (21).
 85538 | Pan      | 85538 ||| Stepping ~*~*~tactically~*~*~ (hiding).
 85620 | Pan      | 85620 ||| Stepping ~*~*~tactically~*~*~ (stealth).
 85834 | Pan      | 85834 ||| Stepping ~*~*~tactically~*~*~ (hiding).
 85835 | Pan      | 85835 ||| Stepping ~*~*~tactically~*~*~ (hiding).
 85852 | Pan      | 85852 ||| Stepping ~*~*~tactically~*~*~ (stealth).
 85853 | Pan      | 85853 ||| Stepping ~*~*~tactically~*~*~ (stealth).
 85854 | Pan      | 85854 ||| Stepping ~*~*~tactically~*~*~ (stealth).
 85856 | Pan      | 85856 ||| Stepping ~*~*~tactically~*~*~ (stealth).
 85861 | Pan      | 85861 ||| Stepping ~*~*~tactically~*~*~ (stealth).
 85864 | Pan      | 85864 ||| Stepping ~*~*~tactically~*~*~ (stealth).
 85926 | Pan      | 85926 ||| Stepping ~*~*~tactically~*~*~ (stealth).
 85946 | Pan      | 85946 ||| Stepping ~*~*~tactically~*~*~ (stealth).
 85947 | Pan      | 85947 ||| Stepping ~*~*~tactically~*~*~ (stealth).
 85948 | Pan      | 85948 ||| Stepping ~*~*~tactically~*~*~ (stealth).
 85954 | Pan      | 85954 ||| Stepping ~*~*~tactically~*~*~ (hiding).
 85955 | Pan      | 85955 ||| Stepping ~*~*~tactically~*~*~ (hiding).
 85970 | Pan      | 85970 ||| Stepping ~*~*~tactically~*~*~ (stealth).
 86013 | Pan      | 86013 ||| Stepping ~*~*~tactically~*~*~ (hiding).
 86015 | Pan      | 86015 ||| Stepping ~*~*~tactically~*~*~ (hiding).
 86070 | Pan      | 86070 ||| Stepping ~*~*~tactically~*~*~ (stealth).
 86072 | Pan      | 86072 ||| Stepping ~*~*~tactically~*~*~ (stealth).
 86073 | Pan      | 86073 ||| Stepping ~*~*~tactically~*~*~ (stealth).
 86085 | Pan      | 86085 ||| Stepping ~*~*~tactically~*~*~ (stealth).
 86086 | Pan      | 86086 ||| Stepping ~*~*~tactically~*~*~ (stealth).
 86087 | Pan      | 86087 ||| Stepping ~*~*~tactically~*~*~ (stealth).
 86088 | Pan      | 86088 ||| Stepping ~*~*~tactically~*~*~ (stealth).
 86288 | Pan      | 86288 ||| ZAPPING wand of digging (20).
 86361 | Pan      | 86361 ||| INVOKING Summon Divine Warrior.
 86577 | Pan      | 86577 ||| INVOKING Summon Divine Warrior.
 86634 | Pan      | Found a transporter.
 86735 | Pan      | Found a transporter.
 86818 | Pan      | Found an exit through the horrors of the Abyss.
 86820 | Pan      | 86820 ||| Stepping ~*~*~tactically~*~*~ (stealth).
 86822 | Pan      | 86822 ||| Stepping ~*~*~tactically~*~*~ (hiding).
 87165 | Pan      | 87165 ||| Stepping ~*~*~tactically~*~*~ (stealth).
 87166 | Pan      | 87166 ||| Stepping ~*~*~tactically~*~*~ (stealth).
 87172 | Pan      | 87172 ||| Stepping ~*~*~tactically~*~*~ (hiding).
 87173 | Pan      | 87173 ||| Stepping ~*~*~tactically~*~*~ (hiding).
 87205 | Pan      | 87205 ||| Stepping ~*~*~tactically~*~*~ (hiding).
 87325 | Pan      | 87325 ||| Stepping ~*~*~tactically~*~*~ (hiding).
 87326 | Pan      | 87326 ||| Stepping ~*~*~tactically~*~*~ (hiding).
 87351 | Pan      | 87351 ||| Stepping ~*~*~tactically~*~*~ (stealth).
 87366 | Pan      | 87366 ||| Stepping ~*~*~tactically~*~*~ (stealth).
 87373 | Pan      | 87373 ||| Stepping ~*~*~tactically~*~*~ (stealth).
 87389 | Pan      | 87389 ||| Stepping ~*~*~tactically~*~*~ (stealth).
 87418 | Pan      | 87418 ||| Stepping ~*~*~tactically~*~*~ (stealth).
 87452 | Pan      | 87452 ||| Stepping ~*~*~tactically~*~*~ (stealth).
 87465 | Pan      | 87465 ||| Stepping ~*~*~tactically~*~*~ (stealth).
 87469 | Pan      | 87469 ||| INVOKING Summon Divine Warrior.
 87472 | Pan      | 87472 ||| INVOKING Cleansing Flame.
 87635 | Pan      | 87635 ||| Stepping ~*~*~tactically~*~*~ (stealth).
 87697 | Pan      | 87697 ||| Stepping ~*~*~tactically~*~*~ (hiding).
 87784 | Pan      | 87784 ||| Stepping ~*~*~tactically~*~*~ (stealth).
 87869 | Pan      | 87869 ||| Stepping ~*~*~tactically~*~*~ (hiding).
 87870 | Pan      | 87870 ||| Stepping ~*~*~tactically~*~*~ (hiding).
 87990 | Pan      | 87990 ||| Stepping ~*~*~tactically~*~*~ (stealth).
 87991 | Pan      | 87991 ||| Stepping ~*~*~tactically~*~*~ (stealth).
 87993 | Pan      | 87993 ||| Stepping ~*~*~tactically~*~*~ (stealth).
 87994 | Pan      | 87994 ||| Stepping ~*~*~tactically~*~*~ (stealth).
 87997 | Pan      | 87997 ||| Stepping ~*~*~tactically~*~*~ (stealth).
 88324 | Pan      | 88324 ||| INVOKING Cleansing Flame.
 88421 | Pan      | 88421 ||| Stepping ~*~*~tactically~*~*~ (hiding).
 88686 | Pan      | 88686 ||| Stepping ~*~*~tactically~*~*~ (stealth).
 88690 | Pan      | 88690 ||| Stepping ~*~*~tactically~*~*~ (stealth).
 88691 | Pan      | 88691 ||| Stepping ~*~*~tactically~*~*~ (stealth).
 88969 | Pan      | 88969 ||| Stepping ~*~*~tactically~*~*~ (stealth).
 89135 | Pan      | 89135 ||| Stepping ~*~*~tactically~*~*~ (stealth).
 89136 | Pan      | 89136 ||| Stepping ~*~*~tactically~*~*~ (stealth).
 89138 | Pan      | 89138 ||| Stepping ~*~*~tactically~*~*~ (stealth).
 89194 | Pan      | Identified the +1 trident of No Interval {flame, *Noise
                  | rElec rPois rF+ rCorr}
 89319 | Pan      | Noticed Moocem the pandemonium lord
 89320 | Pan      | 89320 ||| INVOKING Summon Divine Warrior.
 89326 | Pan      | Killed Moocem the pandemonium lord
 89425 | Pan      | 89425 ||| INVOKING Cleansing Flame.
 89479 | Depths:2 | Escaped Pandemonium
 89515 | Hell     | Entered the Vestibule of Hell
 89515 | Hell     | Noticed Geryon
 89554 | Hell     | Killed Geryon
 89585 | Hell     | 89585 ||| FLEEEEING.
 89586 | Hell     | 89586 ||| STAIRDANCE
 89725 | Hell     | Reached skill level 24 in Axes
 89893 | Hell     | Found a gateway to the decaying netherworld of Tartarus.
 89903 | Tar:1    | Entered Level 1 of Tartarus
 89906 | Tar:1    | 89906 ||| Stepping ~*~*~tactically~*~*~ (hiding).
 89913 | Tar:1    | 89913 ||| INVOKING Cleansing Flame.
 89917 | Tar:1    | 89917 ||| FLEEEEING.
 89922 | Tar:1    | 89922 ||| FLEEEEING.
 89924 | Tar:1    | 89924 ||| FLEEEEING.
 89938 | Tar:1    | 89938 ||| Stepping ~*~*~tactically~*~*~ (stealth).
 89942 | Tar:1    | 89942 ||| FLEEEEING.
 89943 | Tar:1    | 89943 ||| INVOKING Cleansing Flame.
 89944 | Tar:1    | 89944 ||| INVOKING Summon Divine Warrior.
 89953 | Tar:1    | 89953 ||| INVOKING Cleansing Flame.
 89956 | Tar:1    | 89956 ||| INVOKING Cleansing Flame.
 90122 | Tar:2    | 90122 ||| Stepping ~*~*~tactically~*~*~ (hiding).
 90124 | Tar:2    | 90124 ||| Stepping ~*~*~tactically~*~*~ (hiding).
 90125 | Tar:2    | 90125 ||| INVOKING Summon Divine Warrior.
 90126 | Tar:2    | 90126 ||| INVOKING Cleansing Flame.
 90127 | Tar:2    | 90127 ||| INVOKING Cleansing Flame.
 90130 | Tar:2    | 90130 ||| FLEEEEING.
 90131 | Tar:2    | 90131 ||| FLEEEEING.
 90246 | Tar:3    | 90246 ||| INVOKING Summon Divine Warrior.
 90250 | Tar:3    | 90250 ||| INVOKING Cleansing Flame.
 90265 | Tar:4    | 90265 ||| Stepping ~*~*~tactically~*~*~ (hiding).
 90289 | Tar:4    | 90289 ||| INVOKING Cleansing Flame.
 90401 | Tar:4    | 90401 ||| Stepping ~*~*~tactically~*~*~ (stealth).
 90407 | Tar:5    | 90407 ||| INVOKING Summon Divine Warrior.
 90432 | Tar:5    | Noticed a dread lich
 90442 | Tar:5    | Killed a dread lich
 90567 | Tar:7    | Entered Level 7 of Tartarus
 90576 | Tar:7    | 90576 ||| Stepping ~*~*~tactically~*~*~ (stealth).
 90619 | Tar:7    | 90619 ||| Stepping ~*~*~tactically~*~*~ (stealth).
 90680 | Tar:7    | 90680 ||| INVOKING Summon Divine Warrior.
 90681 | Tar:7    | 90681 ||| INVOKING Cleansing Flame.
 91301 | Tar:7    | 91301 ||| Stepping ~*~*~tactically~*~*~ (stealth).
 91314 | Tar:7    | 91314 ||| Stepping ~*~*~tactically~*~*~ (hiding).
 91427 | Tar:7    | 91427 ||| Stepping ~*~*~tactically~*~*~ (hiding).
 91560 | Tar:7    | 91560 ||| INVOKING Summon Divine Warrior.
 91576 | Tar:7    | 91576 ||| INVOKING Cleansing Flame.
 91612 | Tar:7    | Identified the orb "Memeirir" {guile, rPois rC+ Int+3
                  | Slay-2}
 91630 | Tar:7    | 91630 ||| INVOKING Summon Divine Warrior.
 91903 | Tar:7    | 91903 ||| Stepping ~*~*~tactically~*~*~ (hiding).
 91904 | Tar:7    | 91904 ||| INVOKING Summon Divine Warrior.
 91905 | Tar:7    | 91905 ||| INVOKING Cleansing Flame.
 91947 | Tar:7    | 91947 ||| FLEEEEING.
 91948 | Tar:7    | 91948 ||| FLEEEEING.
 91949 | Tar:7    | 91949 ||| FLEEEEING.
 91950 | Tar:7    | 91950 ||| FLEEEEING.
 91951 | Tar:7    | 91951 ||| FLEEEEING.
 91952 | Tar:7    | 91952 ||| FLEEEEING.
 91953 | Tar:7    | 91953 ||| FLEEEEING.
 91954 | Tar:7    | 91954 ||| FLEEEEING.
 91955 | Tar:7    | 91955 ||| FLEEEEING.
 91956 | Tar:7    | 91956 ||| FLEEEEING.
 91957 | Tar:7    | 91957 ||| FLEEEEING.
 91958 | Tar:7    | 91958 ||| FLEEEEING.
 91959 | Tar:7    | 91959 ||| FLEEEEING.
 91960 | Tar:7    | 91960 ||| FLEEEEING.
 91961 | Tar:7    | 91961 ||| FLEEEEING.
 91962 | Tar:7    | 91962 ||| FLEEEEING.
 91963 | Tar:7    | 91963 ||| FLEEEEING.
 91964 | Tar:7    | 91964 ||| FLEEEEING.
 91965 | Tar:7    | 91965 ||| FLEEEEING.
 91966 | Tar:7    | 91966 ||| FLEEEEING.
 91967 | Tar:7    | 91967 ||| FLEEEEING.
 91968 | Tar:7    | 91968 ||| FLEEEEING.
 91969 | Tar:7    | 91969 ||| FLEEEEING.
 91970 | Tar:7    | 91970 ||| FLEEEEING.
 91971 | Tar:7    | 91971 ||| FLEEEEING.
 91972 | Tar:7    | 91972 ||| FLEEEEING.
 91973 | Tar:7    | 91973 ||| FLEEEEING.
 91974 | Tar:7    | 91974 ||| FLEEEEING.
 91975 | Tar:7    | 91975 ||| FLEEEEING.
 91976 | Tar:7    | 91976 ||| FLEEEEING.
 91977 | Tar:7    | 91977 ||| FLEEEEING.
 91978 | Tar:7    | 91978 ||| FLEEEEING.
 91980 | Tar:7    | 91980 ||| FLEEEEING.
 91981 | Tar:7    | 91981 ||| FLEEEEING.
 91982 | Tar:7    | 91982 ||| FLEEEEING.
 91983 | Tar:7    | 91983 ||| FLEEEEING.
 91984 | Tar:7    | 91984 ||| FLEEEEING.
 91985 | Tar:7    | 91985 ||| FLEEEEING.
 91986 | Tar:7    | 91986 ||| FLEEEEING.
 91987 | Tar:7    | 91987 ||| FLEEEEING.
 91988 | Tar:7    | 91988 ||| FLEEEEING.
 91989 | Tar:7    | 91989 ||| FLEEEEING.
 91990 | Tar:7    | 91990 ||| FLEEEEING.
 91991 | Tar:7    | 91991 ||| FLEEEEING.
 91992 | Tar:7    | 91992 ||| FLEEEEING.
 91993 | Tar:7    | 91993 ||| FLEEEEING.
 91994 | Tar:7    | 91994 ||| FLEEEEING.
 91995 | Tar:7    | 91995 ||| FLEEEEING.
 91996 | Tar:7    | 91996 ||| FLEEEEING.
 91997 | Tar:7    | 91997 ||| FLEEEEING.
 91998 | Tar:7    | 91998 ||| FLEEEEING.
 91999 | Tar:7    | 91999 ||| FLEEEEING.
 92000 | Tar:7    | 92000 ||| FLEEEEING.
 92001 | Tar:7    | 92001 ||| FLEEEEING.
 92002 | Tar:7    | 92002 ||| FLEEEEING.
 92003 | Tar:7    | 92003 ||| FLEEEEING.
 92004 | Tar:7    | 92004 ||| FLEEEEING.
 92005 | Tar:7    | 92005 ||| FLEEEEING.
 92072 | Tar:7    | 92072 ||| Stepping ~*~*~tactically~*~*~ (hiding).
 92073 | Tar:7    | 92073 ||| Stepping ~*~*~tactically~*~*~ (hiding).
 92074 | Tar:7    | 92074 ||| Stepping ~*~*~tactically~*~*~ (hiding).
 92193 | Tar:7    | 92193 ||| INVOKING Summon Divine Warrior.
 92195 | Tar:7    | 92195 ||| INVOKING Cleansing Flame.
 92334 | Tar:7    | 92334 ||| INVOKING Cleansing Flame.
 92341 | Tar:7    | 92341 ||| INVOKING Cleansing Flame.
 92342 | Tar:7    | 92342 ||| INVOKING Cleansing Flame.
 92343 | Tar:7    | 92343 ||| INVOKING Cleansing Flame.
 92520 | Tar:7    | 92520 ||| INVOKING Cleansing Flame.
 92534 | Tar:7    | 92534 ||| INVOKING Cleansing Flame.
 92539 | Tar:7    | 92539 ||| INVOKING Cleansing Flame.
 92579 | Tar:7    | Noticed Ereshkigal
 92582 | Tar:7    | 92582 ||| INVOKING Cleansing Flame.
 92596 | Tar:7    | Killed Ereshkigal
 92704 | Tar:7    | 92704 ||| FLEEEEING.
 92705 | Tar:7    | 92705 ||| FLEEEEING.
 92706 | Tar:7    | 92706 ||| FLEEEEING.
 92707 | Tar:7    | 92707 ||| FLEEEEING.
 92708 | Tar:7    | 92708 ||| FLEEEEING.
 92709 | Tar:7    | 92709 ||| FLEEEEING.
 92710 | Tar:7    | 92710 ||| FLEEEEING.
 92711 | Tar:7    | 92711 ||| FLEEEEING.
 92712 | Tar:7    | 92712 ||| FLEEEEING.
 92713 | Tar:7    | 92713 ||| FLEEEEING.
 92714 | Tar:7    | 92714 ||| FLEEEEING.
 92716 | Tar:7    | 92716 ||| INVOKING Summon Divine Warrior.
 92879 | Tar:7    | 92879 ||| INVOKING Cleansing Flame.
 92880 | Tar:7    | 92880 ||| INVOKING Cleansing Flame.
 92927 | Tar:7    | 92927 ||| FLEEEEING.
 92928 | Tar:7    | 92928 ||| FLEEEEING.
 93024 | Tar:7    | 93024 ||| INVOKING Cleansing Flame.
 93135 | Tar:7    | 93135 ||| INVOKING Summon Divine Warrior.
 93289 | Tar:7    | Noticed a dread lich
 93290 | Tar:7    | Noticed an ancient lich
 93299 | Tar:7    | Killed a dread lich
 93302 | Tar:7    | Killed an ancient lich
 93330 | Tar:7    | Identified the +9 orcbow "Pusuasi" {speed, rN+}
 93331 | Tar:7    | Identified the +6 long sword of the Vulture {heavy, rElec
                  | rN+}
 93333 | Tar:7    | Identified the +0 scale mail of Dyqutuad {rF++ Will+ Str+4}
 93394 | Tar:7    | 93394 ||| INVOKING Summon Divine Warrior.
 93396 | Tar:7    | 93396 ||| INVOKING Cleansing Flame.
 93397 | Tar:7    | Reached skill level 15 in Dodging
 93467 | Tar:7    | 93467 ||| FLEEEEING.
 93502 | Tar:7    | Noticed a dread lich
 93503 | Tar:7    | 93503 ||| INVOKING Summon Divine Warrior.
 93503 | Tar:7    | Noticed an ancient lich
 93506 | Tar:7    | 93506 ||| INVOKING Cleansing Flame.
 93507 | Tar:7    | 93507 ||| INVOKING Cleansing Flame.
 93507 | Tar:7    | Killed a dread lich
 93509 | Tar:7    | Killed an ancient lich
 93582 | Tar:7    | Identified the +1 pair of boots of Vodo {Str+4 Int+4}
 93808 | Tar:7    | Got a bone rune of Zot
 93809 | Tar:7    | 93809 ||| PLANNING COC RUNE
 93809 | Tar:7    | 93809 ||| DROPPING +1 pair of gloves of stealth.
 93810 | Tar:7    | 93810 ||| DROPPING +2 pair of boots.
 93922 | Hell     | 93922 ||| Stepping ~*~*~tactically~*~*~ (stealth).
 93937 | Hell     | 93937 ||| Stepping ~*~*~tactically~*~*~ (stealth).
 93964 | Hell     | 93964 ||| Stepping ~*~*~tactically~*~*~ (stealth).
 93965 | Hell     | 93965 ||| Stepping ~*~*~tactically~*~*~ (stealth).
 93966 | Hell     | 93966 ||| Stepping ~*~*~tactically~*~*~ (stealth).
 93967 | Hell     | 93967 ||| Stepping ~*~*~tactically~*~*~ (stealth).
 93968 | Hell     | 93968 ||| Stepping ~*~*~tactically~*~*~ (stealth).
 93982 | Hell     | 93982 ||| Stepping ~*~*~tactically~*~*~ (stealth).
 94034 | Hell     | 94034 ||| Stepping ~*~*~tactically~*~*~ (cloud).
 94050 | Hell     | 94050 ||| FLEEEEING.
 94059 | Hell     | 94059 ||| STAIRDANCE
 94090 | Hell     | Found a gateway to the ashen valley of Gehenna.
 94179 | Hell     | 94179 ||| Stepping ~*~*~tactically~*~*~ (stealth).
 94183 | Hell     | Found a gateway to the Iron City of Dis.
 94196 | Hell     | 94196 ||| FLEEEEING.
 94197 | Hell     | 94197 ||| FLEEEEING.
 94198 | Hell     | 94198 ||| FLEEEEING.
 94199 | Hell     | 94199 ||| FLEEEEING.
 94200 | Hell     | 94200 ||| FLEEEEING.
 94201 | Hell     | 94201 ||| FLEEEEING.
 94464 | Hell     | Found a gateway to the freezing wastes of Cocytus.
 94478 | Coc:1    | Entered Level 1 of Cocytus
 94490 | Coc:1    | 94490 ||| INVOKING Cleansing Flame.
 94492 | Coc:1    | 94492 ||| Stepping ~*~*~tactically~*~*~ (cloud).
 94501 | Coc:1    | 94501 ||| Stepping ~*~*~tactically~*~*~ (cloud).
 94708 | Coc:1    | 94708 ||| FLEEEEING.
 94709 | Coc:1    | 94709 ||| FLEEEEING.
 94710 | Coc:1    | 94710 ||| FLEEEEING.
 94884 | Coc:2    | 94884 ||| INVOKING Cleansing Flame.
 94919 | Coc:2    | Reached skill level 9 in Short Blades
 95057 | Coc:3    | 95057 ||| FLEEEEING.
 95058 | Coc:3    | 95058 ||| FLEEEEING.
 95107 | Coc:3    | 95107 ||| INVOKING Summon Divine Warrior.
 95126 | Coc:3    | 95126 ||| FLEEEEING.
 95127 | Coc:3    | 95127 ||| FLEEEEING.
 95128 | Coc:3    | 95128 ||| INVOKING Summon Divine Warrior.
 95333 | Coc:4    | 95333 ||| INVOKING Cleansing Flame.
 95334 | Coc:4    | 95334 ||| INVOKING Summon Divine Warrior.
 95357 | Coc:4    | 95357 ||| INVOKING Summon Divine Warrior.
 95360 | Coc:4    | 95360 ||| INVOKING Summon Divine Warrior.
 95366 | Coc:4    | Reached skill level 27 in Axes
 95374 | Coc:4    | 95374 ||| Stepping ~*~*~tactically~*~*~ (cloud).
 95378 | Coc:4    | 95378 ||| Stepping ~*~*~tactically~*~*~ (cloud).
 95381 | Coc:4    | 95381 ||| Stepping ~*~*~tactically~*~*~ (cloud).
 95382 | Coc:4    | HP: 33/199 [Ice Fiend/bolt of cold (50)]
 95383 | Coc:4    | 95383 ||| Stepping ~*~*~tactically~*~*~ (cloud).
 95384 | Coc:4    | 95384 ||| Stepping ~*~*~tactically~*~*~ (cloud).
 95387 | Coc:4    | 95387 ||| INVOKING Cleansing Flame.
 95494 | Coc:4    | 95494 ||| Stepping ~*~*~tactically~*~*~ (stealth).
 95511 | Coc:4    | 95511 ||| INVOKING Cleansing Flame.
 95565 | Coc:5    | 95565 ||| INVOKING Cleansing Flame.
 95567 | Coc:5    | 95567 ||| FLEEEEING.
 95568 | Coc:5    | 95568 ||| FLEEEEING.
 95569 | Coc:5    | 95569 ||| FLEEEEING.
 95570 | Coc:5    | 95570 ||| FLEEEEING.
 95572 | Coc:5    | 95572 ||| FLEEEEING.
 95573 | Coc:5    | 95573 ||| FLEEEEING.
 95574 | Coc:5    | 95574 ||| FLEEEEING.
 95575 | Coc:5    | 95575 ||| FLEEEEING.
 95576 | Coc:5    | 95576 ||| FLEEEEING.
 95577 | Coc:5    | 95577 ||| FLEEEEING.
 95578 | Coc:5    | 95578 ||| FLEEEEING.
 95579 | Coc:5    | 95579 ||| FLEEEEING.
 95640 | Coc:5    | 95640 ||| Stepping ~*~*~tactically~*~*~ (stealth).
 95642 | Coc:5    | 95642 ||| Stepping ~*~*~tactically~*~*~ (stealth).
 95647 | Coc:5    | 95647 ||| INVOKING Cleansing Flame.
 95655 | Coc:5    | 95655 ||| FLEEEEING.
 95656 | Coc:5    | 95656 ||| FLEEEEING.
 95657 | Coc:5    | 95657 ||| FLEEEEING.
 95658 | Coc:5    | 95658 ||| INVOKING Summon Divine Warrior.
 95665 | Coc:5    | HP: 11/199 [shard shrike/shard of ice (61)]
 95670 | Coc:5    | 95670 ||| INVOKING Summon Divine Warrior.
 95670 | Coc:5    | HP: 8/199 [??? (1)]
 95671 | Coc:5    | Paralysed by a wendigo for 1 turns
 95672 | Coc:5    | 95672 ||| INVOKING Cleansing Flame.
 95675 | Coc:5    | 95675 ||| INVOKING Cleansing Flame.
 95675 | Coc:5    | Paralysed by a wendigo for 1 turns
 95675 | Coc:5    | HP: 27/199 [Ice Fiend/bolt of cold (4)]
 95676 | Coc:5    | 95676 ||| INVOKING Cleansing Flame.
 95679 | Coc:5    | 95679 ||| INVOKING Cleansing Flame.
 95680 | Coc:5    | 95680 ||| INVOKING Cleansing Flame.
 95680 | Coc:5    | HP: 42/199 [Ice Fiend/bolt of cold (14)]
 95681 | Coc:5    | 95681 ||| INVOKING Cleansing Flame.
 95682 | Coc:5    | 95682 ||| INVOKING Summon Divine Warrior.
 95700 | Coc:5    | 95700 ||| UPGRADING to ring of Wieteif {rF+ rC+ rN+ Str+3}.
 95704 | Coc:5    | 95704 ||| INVOKING Summon Divine Warrior.
 95734 | Coc:5    | 95734 ||| INVOKING Summon Divine Warrior.
 95740 | Coc:5    | HP: 47/199 [ice statue] (7)]
 95741 | Coc:5    | 95741 ||| READING 31 scrolls of teleportation.
 95762 | Coc:5    | 95762 ||| READING 30 scrolls of teleportation.
 95763 | Coc:5    | HP: 41/199 [ice statue/bolt of cold (2)]
 95764 | Coc:5    | 95764 ||| READING 29 scrolls of teleportation.
 95886 | Coc:5    | 95886 ||| INVOKING Summon Divine Warrior.
 95903 | Coc:5    | 95903 ||| INVOKING Summon Divine Warrior.
 95913 | Coc:5    | 95913 ||| Stepping ~*~*~tactically~*~*~ (cloud).
 96004 | Coc:6    | 96004 ||| INVOKING Summon Divine Warrior.
 96040 | Coc:6    | 96040 ||| INVOKING Summon Divine Warrior.
 96047 | Coc:6    | HP: 10/199 [shard shrike/shard of ice (42)]
 96197 | Coc:7    | Entered Level 7 of Cocytus
 96198 | Coc:7    | 96198 ||| INVOKING Summon Divine Warrior.
 96399 | Coc:7    | 96399 ||| Stepping ~*~*~tactically~*~*~ (hiding).
 96401 | Coc:7    | 96401 ||| INVOKING Summon Divine Warrior.
 96749 | Coc:7    | 96749 ||| Stepping ~*~*~tactically~*~*~ (hiding).
 96904 | Coc:7    | 96904 ||| Stepping ~*~*~tactically~*~*~ (hiding).
 96907 | Coc:7    | 96907 ||| INVOKING Summon Divine Warrior.
 96909 | Coc:7    | 96909 ||| INVOKING Cleansing Flame.
 96916 | Coc:7    | 96916 ||| FLEEEEING.
 97496 | Coc:7    | 97496 ||| INVOKING Cleansing Flame.
 97497 | Coc:7    | 97497 ||| INVOKING Cleansing Flame.
 97498 | Coc:7    | 97498 ||| INVOKING Summon Divine Warrior.
 97500 | Coc:7    | 97500 ||| Stepping ~*~*~tactically~*~*~ (cloud).
 97663 | Coc:7    | 97663 ||| INVOKING Summon Divine Warrior.
 97664 | Coc:7    | 97664 ||| INVOKING Cleansing Flame.
 97665 | Coc:7    | 97665 ||| INVOKING Cleansing Flame.
 97917 | Coc:7    | 97917 ||| Stepping ~*~*~tactically~*~*~ (stealth).
 98037 | Coc:7    | 98037 ||| INVOKING Cleansing Flame.
 98038 | Coc:7    | 98038 ||| INVOKING Summon Divine Warrior.
 98117 | Coc:7    | Identified the +3 ring mail of Devotion {-Tele rPois Str+8
                  | Int-2}
 98201 | Coc:7    | Noticed Antaeus
 98202 | Coc:7    | 98202 ||| INVOKING Cleansing Flame.
 98205 | Coc:7    | 98205 ||| INVOKING Summon Divine Warrior.
 98210 | Coc:7    | 98210 ||| INVOKING Summon Divine Warrior.
 98222 | Coc:7    | HP: 37/199 [Antaeus/icy flash freeze (25)]
 98225 | Coc:7    | Killed Antaeus
 98226 | Coc:7    | Reached skill level 18 in Dodging
 98302 | Coc:7    | 98302 ||| Stepping ~*~*~tactically~*~*~ (stealth).
 98303 | Coc:7    | 98303 ||| INVOKING Summon Divine Warrior.
 98350 | Coc:7    | Got an icy rune of Zot
 98351 | Coc:7    | 98351 ||| PLANNING DIS RUNE
 98351 | Coc:7    | 98351 ||| DROPPING scarf of resistance.
 98352 | Coc:7    | 98352 ||| DROPPING +2 hat.
 98353 | Coc:7    | 98353 ||| UPGRADING to ring "Maumod" {rPois AC+4 Str+3
                  | Int+2}.
 98603 | Hell     | 98603 ||| DRINKING potion of mutation.
 98603 | Hell     | Lost mutation: You have an uncontrollable temper. [potion
                  | of mutation]
 98603 | Hell     | Lost mutation: You are weak. (Str -2) [potion of mutation]
 98603 | Hell     | Lost mutation: You frequently scream uncontrollably at your
                  | foes. [potion of mutation]
 98641 | Dis:1    | Entered Level 1 of the Iron City of Dis
 98817 | Dis:2    | 98817 ||| Stepping ~*~*~tactically~*~*~ (hiding).
 98820 | Dis:2    | 98820 ||| INVOKING Summon Divine Warrior.
 98986 | Dis:2    | Noticed a royal mummy
 98991 | Dis:2    | Killed a royal mummy
 99141 | Dis:2    | Noticed a royal mummy
 99142 | Dis:2    | 99142 ||| INVOKING Summon Divine Warrior.
 99149 | Dis:2    | Killed a royal mummy
 99178 | Dis:2    | Noticed an ancient lich
 99178 | Dis:2    | Noticed an ancient lich
 99182 | Dis:2    | 99182 ||| INVOKING Cleansing Flame.
 99183 | Dis:2    | Noticed a royal mummy
 99187 | Dis:2    | Killed an ancient lich
 99188 | Dis:2    | 99188 ||| INVOKING Cleansing Flame.
 99196 | Dis:2    | Killed a royal mummy
 99198 | Dis:2    | Killed an ancient lich
 99330 | Dis:2    | Reached skill level 27 in Shields
 99348 | Dis:3    | 99348 ||| INVOKING Summon Divine Warrior.
 99353 | Dis:3    | 99353 ||| DRINKING 2 potions of haste.
 99354 | Dis:3    | 99354 ||| DRINKING 7 potions of might.
 99357 | Dis:3    | 99357 ||| DRINKING potion of haste.
 99358 | Dis:3    | 99358 ||| DRINKING 6 potions of might.
 99375 | Dis:3    | 99375 ||| INVOKING Summon Divine Warrior.
 99472 | Dis:4    | 99472 ||| INVOKING Summon Divine Warrior.
 99630 | Dis:4    | You are sucked into a shaft and drop 1 floor!
 99697 | Dis:5    | 99697 ||| INVOKING Cleansing Flame.
 99738 | Dis:5    | 99738 ||| Stepping ~*~*~tactically~*~*~ (stealth).
 99739 | Dis:5    | 99739 ||| INVOKING Summon Divine Warrior.
 99987 | Dis:6    | 99987 ||| INVOKING Summon Divine Warrior.
 99987 | Dis:6    | Identified the +0 tower shield of Ewewnemau {rElec rPois
                  | rF- Int+9}
100060 | Dis:7    | Entered Level 7 of the Iron City of Dis
100086 | Dis:7    | 100086 ||| Stepping ~*~*~tactically~*~*~ (hiding).
100088 | Dis:7    | 100088 ||| Stepping ~*~*~tactically~*~*~ (hiding).
100089 | Dis:7    | 100089 ||| Stepping ~*~*~tactically~*~*~ (hiding).
100090 | Dis:7    | 100090 ||| Stepping ~*~*~tactically~*~*~ (hiding).
100270 | Dis:7    | 100270 ||| INVOKING Summon Divine Warrior.
100464 | Dis:7    | 100464 ||| Stepping ~*~*~tactically~*~*~ (hiding).
100578 | Dis:7    | 100578 ||| Stepping ~*~*~tactically~*~*~ (hiding).
100579 | Dis:7    | 100579 ||| Stepping ~*~*~tactically~*~*~ (hiding).
100740 | Dis:7    | Noticed a juggernaut
100741 | Dis:7    | 100741 ||| INVOKING Summon Divine Warrior.
100748 | Dis:7    | Killed a juggernaut
101012 | Dis:7    | 101012 ||| INVOKING Summon Divine Warrior.
101193 | Dis:7    | 101193 ||| INVOKING Summon Divine Warrior.
101201 | Dis:7    | 101201 ||| INVOKING Cleansing Flame.
101210 | Dis:7    | Noticed the Serpent of Hell
101238 | Dis:7    | HP: 44/199 [the Serpent of Hell (9)]
101239 | Dis:7    | HP: 15/199 [the Serpent of Hell/crystal spear (29)]
101250 | Dis:7    | Killed from afar by the Serpent of Hell

Levels and vault maps discovered:
D:1:      dpeg_arrival_water_fire, layout_basic, serial_shops, shop
D:2:      layout_basic, basic_altar, uniq_robin
D:3:      layout_rooms, doesnt_xom_only_xom, mainiacjoe_overflow_catwalk,
          minmay_strange_pillars
D:4:      layout_loops_corners, minmay_temple_entry_glassed_door, serial_shops,
          shop, minmay_joined_circles, uniq_eustachio
D:5:      black_bear_nest_1, layout_basic, uniq_prince_ribbit1
D:6:      layout_basic, ebering_ghost_disaster_area,
          chequers_serial_rivers_large_b, minivault_27
D:7:      layout_loops_ring, nicolae_ru_awakened_eye
D:8:      layout_rooms, kennysheep_generic_room_14, uniq_amaemon
D:9:      layout_basic, mainiacjoe_overflow_swirl,
          mainiacjoe_overflow_cross_hatched, lemuel_coloured_pillars_altar,
          kennysheep_orc_monster_closet_entryway
D:10:     nzn_winding_woodlands_three_and_one [nzn_winding_woodlands_5x15_pool,
          nzn_winding_woodlands_5x15_concentric,
          nzn_winding_woodlands_5x15_sawtooth,
          nzn_winding_woodlands_center_diamonds], layout_long_grid,
          dpeg_oklobed_lair
D:11:     nicolae_cairo_tiling_large_dashed, layout_cave_pods, serial_park,
          serial_park_square2, serial_park_tiny_2, serial_park_square2,
          serial_shops, nicolae_shop_temple_entry_statues_fountains,
          palyth_stone_intersect, uniq_sonja
D:12:     layout_loops_ring, serial_shops, nicolae_shop_advertising_works
          [nicolae_subvault_shop_adworks], nicolae_shop_hallway_stairs, shop,
          shop, shop, roderic_roman_lattice, nicolae_fountain_basement
D:13:     minmay_the_grid_octo_2x2 [minmay_the_grid_octo_odd_swirl,
          minmay_the_grid_octo_checkered, minmay_the_grid_octo_clover_2,
          minmay_the_grid_octo_prize_square_snowflake], layout_stronghold,
          erik_vaults_2, uniq_rupert, uniq_frances
D:14:     layout_loops_ring, minmay_stone_trees_medium, minivault_13
D:15:     grunt_enter_depths_snipers, layout_long_grid,
          nicolae_tso_swordbearing_angel, serial_shops,
          nicolae_inconvenience_store
Temple:   regret_index_temple_waves
Lair:1:   layout_misc_corridors, gammafunk_ghost_icy
Lair:2:   layout_long_grid, minmay_snake_entry_six_corridors, basic_altar,
          lemuel_old_faithful
Lair:3:   layout_regular_city, minmay_swamp_entry_eels, grunt_megastairs_1,
          uniq_josephine
Lair:4:   layout_loops_ring, dpeg_slime_entry_enclosed, grunt_megastairs_3
Lair:5:   hellmonk_lair_end_abyssal_woods, layout_cave_pods
Swamp:1:  layout_basic_swamp, evilmike_swamp_ruin_house_4
Swamp:2:  layout_falls_marsh, evilmike_swamp_ruin_house_3
Swamp:3:  layout_falls_marsh, evilmike_swamp_ruin_house_2, swamp_pool1
Swamp:4:  swamp, layout_basic_swamp, uniq_louise
Snake:1:  layout_grid_maze, guppyfry_library_mini, nicolae_triple_integral
Snake:2:  layout_rooms
Snake:3:  layout_cave_town, serial_shops, shop_fountains, drop_trap,
          grunt_megastairs_4
Snake:4:  snake_pit_salamanders_mu, layout_misc_corridors
Slime:1:  layout_caves
Slime:2:  layout_caves
Slime:3:  layout_caves
Slime:4:  layout_caves
Slime:5:  slime_pit_nicolae_trefoil
Orc:1:    layout_caves, elf_legates
Orc:2:    st_orc_rangers, layout_diamond_mine, nicolae_volcano_entry_lava_flow
Vaults:1: ontoclasm_vaults_ligature, nicolae_vaults_little_squares_5,
          nicolae_vaults_meiosis, nicolae_vaults_closet_pinwheel_5,
          hangedman_vaults_cutoff, nicolae_vaults_little_guard_posts, v_misc_3,
          nicolae_vaults_little_squares_2, nicolae_vaults_storage_closets_1,
          nicolae_vaults_steering_wheel, nicolae_vaults_octothorpe, v_misc_15,
          nicolae_vaults_hexular_roomagon, nicolae_vaults_trapezoid_4,
          vaults_room_stairs_pillars, layout_vaults_big_cross
Vaults:2: dpeg_vaults_hating_casters, hangedman_vaults_maws,
          vaults_dpeg_emergency_exit, vaults_room_ringed_pool,
          nicolae_vaults_little_ls, v_misc_27, nicolae_vaults_closet_pinwheel_1,
          ontoclasm_vaults_pinch, layout_vaults_quadrants, serial_shops, shop,
          uniq_margery
Vaults:3: v_rooms_3, v_misc_29, minmay_crypt_entry_simple_sparse, v_rooms_6,
          v_rooms_1, vaults_standard_mumra_lines, vaults_mumra_lcd,
          nicolae_vaults_stepped_doors, nicolae_vaults_tetromino_L_2,
          nicolae_vaults_trapezoid_1, nicolae_vaults_tetromino_L_1,
          layout_vaults_ring, serial_shops, nicolae_shop_just_a_little_nook,
          shop, nicolae_shop_statue_plus, shop, shop_statue
Vaults:4: nicolae_vaults_wine_cellar, nicolae_vaults_big_angled_halls,
          nicolae_vaults_trapezoid_1, nicolae_vaults_ninety_degrees,
          nicolae_vaults_asterisk, vaults_room_boxed, v_misc_16,
          nicolae_vaults_network_periphery, dpeg_vaults_monster_row, v_misc_29,
          nicolae_vaults_halls_meeting, layout_vaults_maze, serial_shops,
          nicolae_shop_tiny_glass, nicolae_trove_entry_columns
Vaults:5: serial_shops, uniq_bai_suzhen, uniq_mennas
Crypt:1:  layout_gridlike
Crypt:2:  layout_regular_city, nrook_guardian_serpent_ordinary, uniq_khufu,
          uniq_grunn, uniq_donald
Crypt:3:  due_elkab, layout_chaotic_city, basic_altar
Tomb:1
Tomb:2:   uniq_boris
Tomb:3
Depths:1: layout_honeycomb, kennysheep_cross_landing, hell_entry,
          okawaru_trees_1
Depths:2: kennysheep_ambush_hall, layout_honeycomb, enter_ziggurat_a,
          hell_entry, rand_demon_pan_entry_7, kennysheep_path_1, abyss_entry,
          infiniplex_staircase_pool_1
Depths:3: minmay_roctagon, layout_basic, serial_shops, shop, hellmouth_3,
          wad_floor_pattern_2, nicolae_abyss_entry_one_way_or_another,
          reono_crystal_passage
Depths:4: grunt_crosshair, layout_cave_pools, pf_coc_iceberg,
          lemuel_statue_altar, tgw_trog
Hell
Dis:1:    layout_regular_city
Dis:2:    layout_subdivisions, lemuel_mystery_crypt
Dis:3:    layout_regular_city
Dis:4:    layout_overlapping_boxes, nicolae_dis_fourth_circle
Dis:5:    layout_gridville, nicolae_dis_step_into_the_octagon
Dis:6:    layout_gridville
Dis:7:    dis_grunt_layers
Coc:1:    layout_cocytus_water_paths
Coc:2:    layout_ice_bergs, nicolae_coc_icebean_singular
          [nicolae_sub_coc_subbean]
Coc:3:    layout_ice_bergs
Coc:4:    layout_cocytus_delve
Coc:5:    nicolae_coc_city_of_iceburg
Coc:6:    layout_cocytus_water_paths
Coc:7:    coc_old
Tar:1:    nicolae_hells_demon_pit, layout_cathedral_of_symmetry
Tar:2:    layout_catacombs
Tar:3:    layout_grid_maze
Tar:4:    layout_grid_maze
Tar:5:    nicolae_tar_intersect_combbox, layout_cathedral_of_symmetry
Tar:6:    layout_honeycomb, nicolae_tar_cuneiform_sun,
          nicolae_tar_spectre_spectrum
Tar:7:    tar_grunt_cathedral
Zot:1:    grunt_twist_and_shout, layout_onion_interference
Zot:2:    nicolae_moth_party, layout_onion_interference, zot_minivault_8
Zot:3:    layout_basic
Zot:4:    layout_misc_corridors, basic_altar, uniq_josephina

Skill      XL: |  1  2  3  4  5  6  7  8  9 10 11 12 13 14 15 16 17 18 19 20 21 22 23 24 25 26 27 |
---------------+----------------------------------------------------------------------------------+-----
Axes           | 2 3 4 5 6 8 9 11 12 14 15 17 18 27 | 27.0
Fighting       | 5 7 8 9 10 11 12 13 14 15 16 17 18 20 22 24 26 27 | 27.0
Dodging        | 1 2 3 4 5 6 7 8 20 | 20.3
Invocations    | 2 4 7 10 15 27 | 27.0
Armour         | 4 5 6 8 9 10 11 12 13 14 16 19 20 22 27 | 27.0
Throwing       | 1 3 5 6 7 8 9 11 12 13 15 18 | 18.6
Shields        | 4 5 6 7 8 10 14 15 19 20 21 22 27 | 27.0
Short Blades   | 10 | 10.7

Action                     |  1- 3 |  4- 6 |  7- 9 | 10-12 | 13-15 | 16-18 | 19-21 | 22-24 | 25-27 || total
---------------------------+-------+-------+-------+-------+-------+-------+-------+-------+-------++-------
  Melee: War axe           |    74 |   189 |   234 |   448 |   549 |   296 |       |       |       ||  1790
         Hand axe          |       |       |       |     2 |    63 |       |       |       |       ||    65
         Broad axe         |       |       |       |       |   241 |  1520 |  1922 |  1534 |  6021 || 11238
  Throw: Boomerang         |       |       |    10 |   111 |    42 |    10 |    11 |    12 |  1107 ||  1303
         Javelin           |       |       |       |    25 |   164 |   104 |   116 |    49 |   213 ||   671
 Invoke: Heroism           |       |       |    10 |    25 |    25 |    39 |    19 |    28 |    13 ||   159
         Finesse           |       |       |       |     1 |     6 |     4 |    13 |    11 |     4 ||    39
         Cleansing Flame   |       |       |       |       |       |       |       |       |   182 ||   182
         Summon Divine War |       |       |       |       |       |       |       |       |    99 ||    99
         Brand Weapon With |       |       |       |       |       |       |       |       |     1 ||     1
  Evoke: Wand              |       |       |       |       |       |       |       |       |     7 ||     7
    Use: Scroll            |     1 |     9 |     5 |     4 |    10 |    12 |     9 |     6 |    14 ||    70
         Potion            |       |     1 |       |       |     2 |     1 |     5 |     3 |    42 ||    54
   Stab: Confused          |       |       |       |       |       |     1 |     1 |       |       ||     2
 Armour: Scale mail        |    43 |    74 |    26 |       |       |       |       |       |       ||   143
         Plate armour      |       |       |   113 |   301 |   505 |   778 |    86 |       |       ||  1783
         Crystal plate arm |       |       |       |       |       |       |  1667 |   923 |  2579 ||  5169
  Dodge: Dodged            |    32 |    48 |    68 |   129 |   345 |  1151 |  1590 |   866 |  1877 ||  6106
  Block: Buckler           |    15 |    67 |   104 |   231 |   357 |   163 |       |       |       ||   937
         Reflection        |       |     1 |     4 |     4 |     6 |    29 |       |       |       ||    44
         Kite shield       |       |       |       |       |       |   936 |   273 |       |       ||  1209
         Tower shield      |       |       |       |       |       |       |  1399 |  1542 |  5914 ||  8855

Table legend:
 A = Non-vault XP
 B = Vault XP
 C = Vault XP percentage of total XP
 D = Non-vault monster count
 E = Vault monster count
 F = Vault count percentage of total count
                 A         B        C        D         E       F
            +---------+---------+-------+---------+---------+-------
      Total | 1749450 | 1390095 |  44.3 |    2813 |    1544 |  35.4
            +---------+---------+-------+---------+---------+-------
        D:1 |      42 |       0 |   0.0 |      21 |       0 |   0.0
        D:2 |      29 |      34 |  54.0 |      16 |      11 |  40.7
        D:3 |      98 |       0 |   0.0 |      21 |       0 |   0.0
        D:4 |     171 |     258 |  60.1 |      17 |      12 |  41.4
        D:5 |      54 |     396 |  88.0 |       6 |       2 |  25.0
        D:6 |     638 |       0 |   0.0 |      12 |       0 |   0.0
        D:7 |     803 |       0 |   0.0 |      21 |       0 |   0.0
        D:8 |    3051 |    1319 |  30.2 |      42 |       3 |   6.7
        D:9 |    4629 |    1418 |  23.4 |      37 |      20 |  35.1
       D:10 |    3106 |    2075 |  40.1 |      20 |      13 |  39.4
       D:11 |    5199 |     785 |  13.1 |      25 |       1 |   3.8
       D:12 |    2361 |     585 |  19.9 |       6 |       1 |  14.3
       D:13 |    4757 |   23220 |  83.0 |      19 |      33 |  63.5
       D:14 |   13507 |    4828 |  26.3 |      30 |       7 |  18.9
       D:15 |    9466 |    2681 |  22.1 |      21 |       3 |  12.5
     Lair:1 |    9279 |       0 |   0.0 |      44 |       0 |   0.0
     Lair:2 |    7112 |    2733 |  27.8 |      30 |      10 |  25.0
     Lair:3 |    5540 |    2549 |  31.5 |      27 |      13 |  32.5
     Lair:4 |    6533 |    4152 |  38.9 |      16 |      16 |  50.0
     Lair:5 |    7749 |   10365 |  57.2 |      30 |      39 |  56.5
    Swamp:1 |   16447 |       0 |   0.0 |      27 |       0 |   0.0
    Swamp:2 |   13112 |       0 |   0.0 |      22 |       0 |   0.0
    Swamp:3 |    8151 |       0 |   0.0 |      14 |       0 |   0.0
    Swamp:4 |    9411 |   16305 |  63.4 |      20 |      24 |  54.5
    Snake:1 |    8822 |    5014 |  36.2 |      17 |       9 |  34.6
    Snake:2 |   16538 |       0 |   0.0 |      37 |       0 |   0.0
    Snake:3 |   28166 |    2282 |   7.5 |      52 |       4 |   7.1
    Snake:4 |   23319 |   31330 |  57.3 |      52 |      46 |  46.9
    Slime:1 |    4072 |       0 |   0.0 |       6 |       0 |   0.0
    Slime:2 |    3571 |       0 |   0.0 |       3 |       0 |   0.0
    Slime:3 |    2583 |       0 |   0.0 |       5 |       0 |   0.0
    Slime:4 |    5429 |       0 |   0.0 |       8 |       0 |   0.0
    Slime:5 |   14825 |   22304 |  60.1 |      23 |      17 |  42.5
      Orc:1 |    1426 |    6083 |  81.0 |      14 |      15 |  51.7
      Orc:2 |    1589 |    5123 |  76.3 |      33 |      37 |  52.9
   Vaults:1 |   19228 |   21091 |  52.3 |      30 |      28 |  48.3
   Vaults:2 |   18032 |   26812 |  59.8 |      24 |      30 |  55.6
   Vaults:3 |   27211 |   32776 |  54.6 |      42 |      38 |  47.5
   Vaults:4 |   28491 |   34659 |  54.9 |      48 |      39 |  44.8
   Vaults:5 |   25457 |  117314 |  82.2 |      38 |     104 |  73.2
    Crypt:1 |   20299 |       0 |   0.0 |      35 |       0 |   0.0
    Crypt:2 |   28498 |   14770 |  34.1 |      45 |      12 |  21.1
    Crypt:3 |   36246 |   26752 |  42.5 |      47 |      57 |  54.8
     Tomb:1 |   13562 |  107349 |  88.8 |      44 |      57 |  56.4
     Tomb:2 |   15442 |   44119 |  74.1 |      28 |      61 |  68.5
     Tomb:3 |   11988 |   78472 |  86.7 |      31 |      85 |  73.3
   Depths:1 |   21329 |    5131 |  19.4 |      26 |       4 |  13.3
   Depths:2 |   36020 |   10464 |  22.5 |      41 |      13 |  24.1
   Depths:3 |   39731 |   23594 |  37.3 |      52 |      23 |  30.7
   Depths:4 |   52625 |   21479 |  29.0 |      70 |      20 |  22.2
       Hell |   30481 |   20549 |  40.3 |      50 |      31 |  38.3
      Dis:1 |    4542 |       0 |   0.0 |       4 |       0 |   0.0
      Dis:2 |    9367 |   21275 |  69.4 |       7 |       8 |  53.3
      Dis:3 |   15408 |       0 |   0.0 |      12 |       0 |   0.0
      Dis:4 |    9380 |   12841 |  57.8 |       7 |      10 |  58.8
      Dis:5 |   16935 |       0 |   0.0 |      10 |       0 |   0.0
      Dis:6 |    6740 |       0 |   0.0 |       5 |       0 |   0.0
      Dis:7 |    3200 |   43263 |  93.1 |       5 |      29 |  85.3
      Coc:1 |   12143 |       0 |   0.0 |      23 |       0 |   0.0
      Coc:2 |    8815 |       0 |   0.0 |      11 |       0 |   0.0
      Coc:3 |   10194 |       0 |   0.0 |      11 |       0 |   0.0
      Coc:4 |   15269 |       0 |   0.0 |      11 |       0 |   0.0
      Coc:5 |   12394 |   16491 |  57.1 |      18 |      17 |  48.6
      Coc:6 |   22549 |       0 |   0.0 |      20 |       0 |   0.0
      Coc:7 |   34387 |   61047 |  64.0 |      29 |      50 |  63.3
      Tar:1 |   14044 |    8891 |  38.8 |      13 |      10 |  43.5
      Tar:2 |    4485 |       0 |   0.0 |       5 |       0 |   0.0
      Tar:3 |    6397 |       0 |   0.0 |       4 |       0 |   0.0
      Tar:4 |    9343 |       0 |   0.0 |       7 |       0 |   0.0
      Tar:5 |   15227 |    4997 |  24.7 |       9 |       3 |  25.0
      Tar:7 |   53857 |  121885 |  69.4 |      36 |      69 |  65.7
      Zot:1 |   49693 |   18219 |  26.8 |      47 |      20 |  29.9
      Zot:2 |   55126 |   32849 |  37.3 |      49 |      32 |  39.5
      Zot:3 |   26342 |       0 |   0.0 |      18 |       0 |   0.0
      Zot:4 |   58643 |       0 |   0.0 |      43 |       0 |   0.0
    Abyss:1 |   21457 |   10983 |  33.9 |      41 |      16 |  28.1
    Abyss:2 |   33632 |       8 |   0.0 |      74 |       1 |   1.3
    Abyss:4 |   80467 |   10273 |  11.3 |     157 |      23 |  12.8
        Pan |  473189 |  295903 |  38.5 |     692 |     318 |  31.5
            +---------+---------+-------+---------+---------+-------
